Workbook
Name _____________________________________________________________________kk29: #REF!
Name _____________________________________________________________________kk29: #REF!
Name _____________________________________________________________________kk29: #REF!
Name _____________________________________________________________________kk29: #REF!
Name _____________________________________________________________________kk29: #REF!
Name ____________________________________________________________________kk29: #REF!
Name ____________________________________________________________________kk29: #REF!
Name ____________________________________________________________________kk29: #REF!
Name ____________________________________________________________________kk29: #REF!
Name ____________________________________________________________________kk29: #REF!
Name ___________________________________________________________________kk29: #REF!
Name ___________________________________________________________________kk29: #REF!
Name ___________________________________________________________________kk29: #REF!
Name ___________________________________________________________________kk29: #REF!
Name ___________________________________________________________________kk29: #REF!
Name __________________________________________________________________kk06: #REF!
Name __________________________________________________________________kk06: #REF!
Name __________________________________________________________________kk06: #REF!
Name __________________________________________________________________kk06: #REF!
Name __________________________________________________________________kk06: #REF!
Name __________________________________________________________________kk29: #REF!
Name __________________________________________________________________kk29: #REF!
Name __________________________________________________________________kk29: #REF!
Name __________________________________________________________________kk29: #REF!
Name __________________________________________________________________kk29: #REF!
Name _________________________________________________________________kk06: #REF!
Name _________________________________________________________________kk06: #REF!
Name _________________________________________________________________kk06: #REF!
Name _________________________________________________________________kk06: #REF!
Name _________________________________________________________________kk06: #REF!
Name _________________________________________________________________kk29: #REF!
Name _________________________________________________________________kk29: #REF!
Name _________________________________________________________________kk29: #REF!
Name _________________________________________________________________kk29: #REF!
Name _________________________________________________________________kk29: #REF!
Name ________________________________________________________________kk06: #REF!
Name ________________________________________________________________kk06: #REF!
Name ________________________________________________________________kk06: #REF!
Name ________________________________________________________________kk06: #REF!
Name ________________________________________________________________kk06: #REF!
Name ________________________________________________________________kk29: #REF!
Name ________________________________________________________________kk29: #REF!
Name ________________________________________________________________kk29: #REF!
Name ________________________________________________________________kk29: #REF!
Name ________________________________________________________________kk29: #REF!
Name _______________________________________________________________kk06: #REF!
Name _______________________________________________________________kk06: #REF!
Name _______________________________________________________________kk06: #REF!
Name _______________________________________________________________kk06: #REF!
Name _______________________________________________________________kk06: #REF!
Name _______________________________________________________________kk29: #REF!
Name _______________________________________________________________kk29: #REF!
Name _______________________________________________________________kk29: #REF!
Name _______________________________________________________________kk29: #REF!
Name _______________________________________________________________kk29: #REF!
Name ______________________________________________________________kk06: #REF!
Name ______________________________________________________________kk06: #REF!
Name ______________________________________________________________kk06: #REF!
Name ______________________________________________________________kk06: #REF!
Name ______________________________________________________________kk06: #REF!

Sheet 【変更届】添付書類一覧 
A1: 変更届の提出書類一覧（生活介護、施設入所支援、自立訓練、療養介護、就労選択支援、就労移行支援、就労継続支援、就労定着支援事業者用）
A2: ※変更後、１０日以内に届出てください。 ただし、「１７ （定員の変更）」又は「２４ 介護給付費の請求に関する事項」 の場合には、変更月の前月の１５日前までに提出してください（４月の取扱いは通知参照）。 | G2: ●必要書類／この他参考になる書類がありましたら添付してください。各届出様式等は報酬改定等により変更となる場合があるため、提出の際は最新の様式をお使いください。 ※収受印を押印した変更届の写しの返送を希望する場合は、切手を貼付した返信用封筒を同封してください。
A4: ※「２ 事業所（施設）の所在地」、 「１０ 事業所（施設）の平面図・設備の概要」「１４ 管理者の氏名、生年月日、住所及び経歴」「１５ サービス管理責任者の氏名、生年月日、住所及び経歴」又は「１７ （定員の変更）」 「１７ （従たる事業所・出張所の追加） 」、の場合には、事前に財団の担当部署にご相談ください。（生活介護、施設入所支援、自立訓練、療養介護については「１４」「１５」の事前相談は不要です）
A6: 変更事由／変更後内容を記載の必要書類 | D6: 変更届出書 | E6: 付表 | F6: 介護給付費等の算定に係る体制等状況一覧表 | G6: 定 款 | H6: 履歴事項 全部証明 書（写） | I6: 土地・建物 登記簿 （もしくは賃貸借 契約書）（写） | J6: 条例 (公営事業所 のみ） | K6: 平面図 （用途と面積を反映させたもの） | L6: 設備の概要 | M6: 経 歴 書 | N6: 資格免状の写し | O6: ｻｰﾋﾞｽ 管理責任 者研修 修了証書(写) ※4 | P6: 実務経験証明書 | Q6: 勤務体制 一覧表 | R6: 運営 規程 | S6: 理事会 議事録 （＊5） | T6: 法36条3項非該当誓約書 | U6: 協力医療機関との契約内容が分かる書類 | V6: 指定障害福祉サービス等の主たる対象者を特定する理由等 | W6: 耐震化 調査票 | X6: 関係機関との相談状況確認シート
C8: 様式の有無（共通シートは名称） | D8: 別紙様式第二号 | E8: 有 | F8: 別紙1-1体制一覧 | G8: 無 | H8: 無 | I8: 無 | J8: 無 | K8: 無 | L8: 参考様式２ | M8: 参考様式３ | N8: 無 | O8: 無 | P8: 参考様式４ | Q8: 標準様式４ | R8: 記載例有 | S8: 無 | T8: 標準様式3 | U8: 無 | V8: 標準様式１ | W8: 耐震化調査票 | X8: 有
A9: 1 | B9: 事業所（施設）の名称 | D9: ● | E9: ● | J9: ● | R9: ● | S9: ●
A10: =A9+1 -> 2 | B10: 事業所（施設）の所在地 （＊１） （＊２） | D10: ● | E10: ● | I10: ● | J10: ● （変更がある 場合のみ） | K10: ● | L10: ● | R10: ● | S10: ● | W10: ● | X10: ●
A11: 3 | B11: 事業所（施設）の連絡先（電話番号） ※FAX番号が変わった場合はFAX番号も記載 | D11: ● | E11: ●
A12: 4 | B12: 申請者（設置者）の名称 【法人名変更】 | D12: ● | E12: ● | H12: ● | R12: ● | S12: ●
A13: =A12+1 -> 5 | B13: 主たる事務所の所在地 （＊２） 【法人本部・区市町村役所の移転】 ＊電話・ＦＡＸ番号が変わった場合は電話・ＦＡＸ番号も記載 | D13: ● | H13: ● | J13: ● （変更がある 場合のみ） | S13: ●
A14: =A13+1 -> 6 | B14: 申請者の代表者の氏名、生年月日、住所及び職名 | D14: ● | H14: ● | M14: ● | S14: ● | T14: ●
A15: 7 | B15: 法人等の種類 （＊２）
A16: 8 | B16: 定款(A型のみ)及び登記事項証明書又は条例等（当該事業に関するものに限る。）又は条例等（当該事業に関するものに限る。） | D16: ● | G16: ● | H16: ● | J16: ● | S16: ●
A17: 9 | B17: 共生型サービスの該当有無
A18: 10 | B18: 事業所（施設）の構造概要・平面図・設備の概要 （＊１） （＊２） | D18: ● | K18: ● | L18: ●
A19: 11 | B19: 障害児対象事業の該当有無
A20: 12 | B20: 利用する障害児の推定数
A21: 13 | B21: 利用者又は入所者の定員
A22: 14 | B22: 管理者の氏名、生年月日、住所及び経歴 | D22: ● | E22: ● | M22: ● | N22: ● | P22: ● | Q22: ● | S22: ● | T22: ●
A23: 15 | B23: サービス管理責任者の氏名、生年月日、住所及び経歴 | D23: ● | E23: ● | M23: ● | N23: ● | O23: ● | P23: ● | Q23: ●
A24: 16 | B24: 指定地域相談支援の提供に当たる者又は相談支援専門員の氏名、生年月日、住所及び経歴
A25: 17 | B25: 運営規程 | D25: ● | E25: ● | R25: ●
B26: （定員の変更） （※３） | D26: ● | E26: ● | F26: ● | K26: ● | L26: ● | Q26: ● | R26: ● | S26: ● | X26: ●
B27: （従たる事業所・出張所の追加） （＊１） | D27: ● | E27: ● | F27: ● | I27: ● | J27: ● | K27: ● | L27: ● | Q27: ● | R27: ● | S27: ● | U27: ● | W27: ● | X27: ●
B28: （主たる対象者） | D28: ● | E28: ● | R28: ● | V28: ●
A29: 18 | B29: 協力医療機関・協力歯科医療機関の名称・診療科名・契約内容 | D29: ● | E29: ● | U29: ●
A30: 19 | B30: 提携就労支援機関の名称 | D30: ● | E30: ●
A31: 20 | B31: 提供する障害福祉サービス等の種類 （障害者支援施設（入所）の日中提供サービスの種類変更） | D31: 新規指定申請書類と同様の書類が必要となります。事前に財団の担当者へご相談ください。
A32: 21 | B32: 第三者委託により提供する障害福祉サービス等の種類等
A33: 22 | B33: 事業実施形態（事業所の種別等）
A34: 23 | B34: 従業者の勤務の体制及び勤務形態
A35: 24 | B35: その他 | D35: 変更届の項目以外で必要なものを以下その他として扱っております。下記に従って届出をお願い致します。
B36: 「就労選択支援員の氏名」 | D36: ● | E36: ● | M36: ● | N36: ● | Q36: ●
B37: 【介護給付費等(訓練等給付費）の請求に関する事項】 | D37: 別紙「基本報酬・加算等にかかる添付書類一覧」を参照ください。
B39: ＊１ | C39: 用途変更が生じる場合等もありますので、変更届の提出前にご相談ください。
B40: ＊２ | C40: 施設整備費補助金を受けた事業所にあっては、２、５、１０について変更等がある場合は施設整備費補助金上の手続きが必要な場合がありますので、変更前にご相談ください
B41: ＊３ | C41: 定員規模の変更を伴う場合は、項目２４の介護給付費等に係る手続きも必要になります。
B42: ＊４ | C42: サービス管理責任者実践研修又は更新研修の修了日付が新しいどちらか一方の修了証書を提出してください。
B43: ＊５ | C43: 変更事項が理事会審議事項でない場合（又は理事会自体が存在しない場合）は、法人としての意思決定がなされていることが確認できる書類（取締役会議事録や管理者の任命書等）をご提出ください。

Sheet 基本報酬・加算等にかかる添付書類一覧(R8) 
B1: 基本報酬・加算等にかかる添付書類一覧
B2: ※ 添付書類は下記一覧表のとおり。なお、変更届にて申請する際は、担当部署へ到達した日をもって届出日になりますので、郵送の場合は余裕を持って提出願います。 １５日以前⇒翌月から １６日以降⇒翌々月から（１５日が閉庁日の場合は、直前の開庁日までに到達していること。４月の取扱いは通知参照）
B4: ※ 基本報酬は、就労系サービス（就労移行支援、就労継続支援Ａ型、就労継続支援Ｂ型、就労定着支援）について、区分に変更がある場合は、毎年（４月）変更届出が必要となります。 変更がない場合でも報告書の提出をお願いします。
B5: ※ 加算の算定要件に欠ける場合には、速やかに変更届を提出願います。変更届提出日に関わらず、変更年月日は、算定要件に欠けた時点となります。
B6: ※ 各届出様式等は報酬改定等により変更となる場合があるため、提出の際は最新の様式をお使いください。
B8: 基本報酬
B9: No. | C9: 基本報酬 | D9: 生活介護 | E9: 施設入所支援 | F9: 自立訓練(生活訓練) | G9: 自立訓練(機能訓練) | H9: 宿泊型自立訓練 | I9: 就労選択支援 | J9: 就労移行支援 | K9: 就労継続支援A型 | L9: 就労継続支援B型 | M9: 就労定着支援 | N9: 療養介護 | O9: 変更届出書（別紙様式第二号） 様式 | P9: 介護給付費等の算定に係る体制等状況一覧表 | Q9: 付表 | R9: 勤務形態一覧表 標準様式４ | S9: 各 届出 様式 | T9: 社会福祉士等資格証 (写) | U9: 看護職員資格証 (写) | V9: 栄養士資格証 (写) | W9: 管理栄養士資格証 (写) | X9: 運営規程 | Y9: その他
B10: 1 | C10: 就労移行支援 | J10: ● | O10: ○ | P10: ○ | Q10: ― | R10: ― | S10: ― | T10: ― | U10: ― | V10: ― | W10: ― | X10: ―
B11: 2 | C11: 就労継続支援Ａ型（※１） | K11: ● | O11: ○ | P11: ○ | Q11: ― | R11: ― | S11: ― | T11: ― | U11: ― | V11: ― | W11: ― | X11: ―
B12: 3 | C12: 就労継続支援Ｂ型（※１） | L12: ● | O12: ○ | P12: ○ | Q12: ― | R12: ― | S12: ― | T12: ― | U12: ― | V12: ― | W12: ― | X12: ―
B13: 4 | C13: 就労定着支援 | M13: ● | O13: ○ | P13: ○ | Q13: ― | R13: ― | S13: ― | T13: ― | U13: ― | V13: ― | W13: ― | X13: ―
B14: ※1 | C14: 人員区分の変更 | K14: ● | L14: ● | O14: 〇 | P14: 〇 | R14: 〇
B16: 加算
B17: No. | C17: 基本報酬 | D17: 生活介護 | E17: 施設入所支援 | F17: 自立訓練(生活訓練) | G17: 自立訓練(機能訓練) | H17: 宿泊型自立訓練 | I17: 就労選択支援 | J17: 就労移行支援 | K17: 就労継続支援A型 | L17: 就労継続支援B型 | M17: 就労定着支援 | N17: 療養介護 | O17: 変更届出書（別紙様式第二号） 様式 | P17: 介護給付費等の算定に係る体制等状況一覧表 | Q17: 付表 | R17: 勤務形態一覧表 標準様式４ | S17: 各 届出 様式 | T17: 社会福祉士等資格証 (写) | U17: 看護職員資格証 (写) | V17: 栄養士資格証 (写) | W17: 管理栄養士資格証 (写) | X17: 運営規程 | Y17: その他
B18: 1 | C18: 人員配置体制加算 | D18: ● | N18: ● | O18: ○ | P18: ○ | Q18: ○ | R18: ○ | S18: 別紙 4 | T18: ― | U18: ― | V18: ― | W18: ― | X18: ○
B19: 2 | C19: 福祉専門職配置加算 | D19: ● | F19: ● | G19: ● | H19: ● | I19: ● | J19: ● | K19: ● | L19: ● | N19: ● | O19: ○ | P19: ○ | Q19: ○ | R19: ○ | S19: 別紙3-1 | T19: ○ | U19: ― | V19: ― | W19: ― | X19: ○ （※） | Y19: 社会福祉士等の資格証（写）については、登録証を添付すること。（登録手続中で登録証が未発行の場合は、代わりに合格証を添付し、かつ登録証取得後提出すること） 勤続年数３年以上のⅢ型を算定する場合は、３年以上の勤続が分かる証明書の添付をすること。
B20: 3 | C20: 食事提供体制加算 | D20: ● | F20: ● | G20: ● | H20: ● | I20: ● | J20: ● | K20: ● | L20: ● | O20: ○ | P20: ○ | Q20: ○ | R20: ○ | S20: 別紙 10 | T20: ― | U20: ― | V20: ○ | W20: ○ | X20: ○ | Y20: 別紙10に記載のあるものを添付すること
B21: 4 | C21: 栄養マネジメント加算 | E21: ● | O21: ○ | P21: ○ | Q21: ○ | R21: ― | S21: 別紙 16 | T21: ― | U21: ― | V21: ― | W21: ○ | X21: ○
B22: 5 | C22: 視覚･聴覚言語障害者支援体制加算（Ⅰ） | D22: ● | E22: ● | F22: ● | G22: ● | H22: ● | I22: ● | J22: ● | K22: ● | L22: ● | O22: ○ | P22: ○ | Q22: ― | R22: ○ | S22: 別紙 6-1 | T22: ― | U22: ― | V22: ― | W22: ― | X22: ―
C23: 視覚･聴覚言語障害者支援体制加算（Ⅱ） | D23: ● | E23: ● | F23: ● | G23: ● | H23: ● | I23: ● | J23: ● | K23: ● | L23: ● | O23: ○ | P23: ○ | Q23: ― | R23: ○ | S23: 別紙 6-2 | T23: ― | U23: ― | V23: ― | W23: ― | X23: ―
B24: 6 | C24: 重度障害者支援加算Ⅰ、Ⅱ、Ⅲ 中核的人材配置体制加算 | D24: ● | E24: ● | O24: ○ | P24: ○ | Q24: ○ | R24: ○ | S24: 別紙8-1 | T24: ― | U24: ― | V24: ― | W24: ― | X24: ― | Y24: 別紙8-1に記載のあるものを添付すること
B25: 7 | C25: 夜勤職員配置体制加算 | E25: ● | O25: ○ | P25: ○ | Q25: ○ | R25: ○ 施設で作成している任意の夜勤勤務一覧 | S25: 別紙 17 | T25: ― | U25: ― | V25: ― | W25: ― | X25: ○
B26: 8 | C26: 夜間看護体制加算 | E26: ● | O26: ○ | P26: ○ | Q26: ○ | R26: ○ 施設で作成している任意の夜勤勤務一覧 | S26: 別紙 19 | T26: ― | U26: ○ | V26: ― | W26: ― | X26: ○
B27: 9 | C27: 夜間支援等体制加算（Ⅰ） | H27: ● | O27: ○ | P27: ○ | Q27: ― | R27: ○ | S27: 別紙 29-1 | T27: ― | U27: ― | V27: ― | W27: ― | X27: ― | Y27: ・契約形態（夜勤）のわかる書類（契約書等）を添付すること。 ・夜間支援等体制対象利用者数の区分変更がある際にも変更届をご提出ください。
C28: 夜間支援等体制加算（Ⅱ） | H28: ● | O28: ○ | P28: ○ | Q28: ― | R28: ○ | T28: ― | U28: ― | V28: ― | W28: ― | X28: ―
C29: 夜間支援等体制加算（Ⅲ） | H29: ● | O29: ○ | P29: ○ | Q29: ― | R29: ― | T29: ― | U29: ― | V29: ― | W29: ― | X29: ―
B30: 10 | C30: 地域移行支援体制強化加算 | H30: ● | O30: ○ | P30: ○ | Q30: ○ | R30: ○ | S30: 別紙 27 | T30: ― | U30: ― | V30: ― | W30: ― | X30: ○
B31: 11 | C31: 通勤者生活支援加算 | H31: ● | O31: ○ | P31: ○ | Q31: ― | R31: ― | T31: ― | U31: ― | V31: ― | W31: ― | X31: ―
B32: No. | C32: 基本報酬 | D32: 生活介護 | E32: 施設入所支援 | F32: 自立訓練(生活訓練) | G32: 自立訓練(機能訓練) | H32: 宿泊型自立訓練 | I32: 就労選択支援 | J32: 就労移行支援 | K32: 就労継続支援A型 | L32: 就労継続支援B型 | M32: 就労定着支援 | N32: 療養介護 | O32: 変更届出書（別紙様式第二号） 様式 | P32: 介護給付費等の算定に係る体制等状況一覧表 | Q32: 付表 | R32: 勤務形態一覧表 標準様式４ | S32: 各 届出 様式 | T32: 社会福祉士等資格証 (写) | U32: 看護職員資格証 (写) | V32: 栄養士資格証 (写) | W32: 管理栄養士資格証 (写) | X32: 運営規程 | Y32: その他
B33: 12 | C33: 短期滞在加算 | F33: ● | O33: ○ | P33: ○ | Q33: ― | R33: ― | S33: 別紙 28 | T33: ― | U33: ― | V33: ― | W33: ― | X33: ―
B34: 13 | C34: 就労支援関係研修修了加算 | O34: ○ | P34: ○ | Q34: ○ | R34: ○ | S34: 別紙 30 | T34: ― | U34: ― | V34: ― | W34: ― | X34: ○ （※） | Y34: 別紙３０に記載のあるとおり、研修修了証その他の研修を修了したことを証明できる書類を添付すること
B35: 14 | C35: 就労移行支援体制加算 | D35: ● | F35: ● | G35: ● | K35: ● | L35: ● | O35: ○ | P35: ○ | Q35: ― | R35: ― | S35: 別紙 51-3 | T35: ― | U35: ― | V35: ― | W35: ― | X35: ― | Y35: 前年度の実績を確認の上、引き続き当該加算を算定する場合は、毎年4月に届出をする必要があります。
B36: 15 | C36: 目標工賃達成指導員加算 | L36: ● | O36: ○ | P36: ○ | Q36: ○ | R36: ○ | S36: 別紙 32 | T36: ― | U36: ― | V36: ― | W36: ― | X36: ○ | Y36: 最新の工賃向上計画書を添付すること。
B37: 16 | C37: 目標工賃達成加算 | L37: ● | O37: ○ | P37: ○ | Q37: ○ | R37: ― | S37: 別紙 33 | T37: ― | U37: ― | V37: ― | W37: ― | X37: ―
B38: 17 | C38: 地域生活移行個別支援特別加算 | E38: ● | H38: ● | O38: ○ | P38: ○ | Q38: ― | R38: ― | S38: 別紙 12 | T38: ― | U38: ― | V38: ― | W38: ― | X38: ―
B39: 18 | C39: 重度者支援体制加算（Ⅰ） | K39: ● | L39: ● | O39: ○ | P39: ○ | Q39: ― | R39: ― | S39: 別紙 53 | T39: ― | U39: ― | V39: ― | W39: ― | X39: ― | Y39: 前年度の実績を確認の上、引き続き当該加算を算定する場合は、毎年4月に届出をする必要があります。
C40: 重度者支援体制加算（Ⅱ） | K40: ● | L40: ● | O40: ○ | P40: ○ | Q40: ― | R40: ― | T40: ― | U40: ― | V40: ― | W40: ― | X40: ―
B41: 19 | C41: 延長支援加算 | D41: ● | O41: ○ | P41: ○ | Q41: ○ | R41: ○ 延長時間帯に1名以上配置していることがわかるように（曜日に網掛けする、配置している職員を明示するなど）すること | S41: ― | T41: ― | U41: ― | V41: ― | W41: ― | X41: ○ | Y41: 算定する利用者の個別支援計画書を添付すること
B42: 20 | C42: 送迎加算（Ⅰ） | D42: ● | F42: ● | G42: ● | I42: ● | J42: ● | K42: ● | L42: ● | O42: ○ | P42: ○ | Q42: ― | R42: ― | S42: 別紙 48 | T42: ― | U42: ― | V42: ― | W42: ― | X42: ―
C43: 送迎加算（Ⅱ） | D43: ● | F43: ● | G43: ● | I43: ● | J43: ● | K43: ● | L43: ● | O43: ○ | P43: ○ | Q43: ― | R43: ― | T43: ― | U43: ― | V43: ― | W43: ― | X43: ―
B44: 21 | C44: 看護職員配置加算（Ⅰ） | F44: ● | O44: ○ | P44: ○ | Q44: ○ | R44: ○ | S44: 別紙 5 | T44: ― | U44: ○ | V44: ― | W44: ― | X44: ○
C45: 看護職員配置加算（Ⅱ） | H45: ● | O45: ○ | P45: ○ | Q45: ○ | R45: ○ | S45: 別紙 5 | T45: ― | U45: ○ | V45: ― | W45: ― | X45: ○
B46: 22 | C46: 移行準備支援体制加算 | J46: ● | O46: ○ | P46: ○ | Q46: ― | R46: ― | S46: 別紙 52 | T46: ― | U46: ― | V46: ― | W46: ― | X46: ○ | Y46: 前年度の実績を確認の上、引き続き当該加算を算定する場合は、毎年4月に届出をする必要があります。
B47: 23 | C47: 常勤看護職員等配置加算 | D47: ● | O47: ○ | P47: ○ | Q47: ○ | R47: ○ | S47: 別紙 5 | T47: ― | U47: ○ | V47: ― | W47: ― | X47: ○
B48: 24 | C48: リハビリテーション加算 | D48: ● | G48: ● | O48: ○ | P48: ○ | Q48: ○ | R48: ○ | S48: 別紙 9-1 | T48: ― | U48: ― | V48: ― | W48: ― | X48: ○ | Y48: リハビリテーション実施計画書を添付すること。 別紙49に記載のあるものを添付すること
B49: 26 | C49: 新体系定着支援事業（保障単位数） | O49: ○ | P49: ○ | Q49: ― | R49: ― | S49: ― | T49: ― | U49: ― | V49: ― | W49: ― | X49: ―
B50: 27 | C50: 社会生活支援特別加算 | F50: ● | G50: ● | J50: ● | K50: ● | L50: ● | O50: ○ | P50: ○ | Q50: ○ | R50: ○ | S50: 別紙 26 | T50: ○ | U50: ― | V50: ― | W50: ― | X50: ○ | Y50: 別紙２６に記載されている注意事項をよく読んで対象の書面を添付すること
B51: 28 | C51: 個別計画訓練支援加算 | F51: ● | O51: ○ | P51: ○ | Q51: ○ | R51: ○ | S51: 別紙 34 | T51: ○ | U51: ― | V51: ― | W51: ― | X51: ○ | Y51: 組織体制図を添付すること。
B52: 29 | C52: 精神障害者地域移行特別加算 | H52: ● | O52: ○ | P52: ○ | Q52: ○ | R52: ○ | S52: 別紙 13 | T52: ○ | U52: ― | V52: ― | W52: ― | X52: ○
B53: 30 | C53: 強度行動障害者地域移行特別加算 | H53: ● | O53: ○ | P53: ○ | Q53: ○ | R53: ○ | S53: 別紙 14 | T53: ― | U53: ― | V53: ― | W53: ― | X53: ○ | Y53: 研修受講証等研修を修了したことが証明できるものを添付すること。
B54: 31 | C54: 賃金向上達成指導員配置加算 | K54: ● | O54: ○ | P54: ○ | Q54: ○ | R54: ○ | S54: 別紙 31 | T54: ― | U54: ― | V54: ― | W54: ― | X54: ○ | Y54: 賃金向上計画書（経営改善計画書）及び就業規則（利用者に係るもの）を添付すること。
B55: 32 | C55: 就労定着実績体制加算 | M55: ● | O55: ○ | P55: ○ | Q55: ― | R55: ― | S55: 別紙 54 | T55: ― | U55: ― | V55: ― | W55: ― | X55: ― | Y55: 前年度の実績を確認の上、引き続き当該加算を算定する場合は、毎年4月に届出をする必要があります。
B56: 33 | C56: 職場適応援助者養成研修修了者配置体制加算 | M56: ● | O56: ○ | P56: ○ | Q56: ○ | R56: ○ | S56: 別紙35 | T56: ― | U56: ― | V56: ― | W56: ― | X56: ○ (※) | Y56: 別紙３５に記載のある、対象の研修修了証（もしくは研修を修了したことを証明するもの）を添付すること
B57: 34 | C57: 口腔衛生管理体制加算 | E57: ● | O57: ○ | P57: ○ | Q57: ○ | R57: ― | S57: 別紙 50 | T57: ― | U57: ― | V57: ― | W57: ― | X57: ― | Y57: 口腔ケア・マネジメントに係る計画を添付すること。
B58: 36 | C58: 地域移行支援体制加算 | E58: ● | O58: ○ | P58: ○ | Q58: ― | R58: ― | S58: 別紙20 | T58: ― | U58: ― | V58: ― | W58: ― | X58: ―
B59: 37 | C59: 高次脳機能障害者支援体制加算 | D59: ● | E59: ● | F59: ● | G59: ● | I59: ● | J59: ● | K59: ● | L59: ● | O59: ○ | P59: ○ | Q59: ― | R59: ― | S59: 別紙 7 | T59: ― | U59: ― | V59: ― | W59: ― | X59: ―
B60: 38 | C60: 障害者支援施設等感染対策向上加算 | E60: ● | O60: ○ | P60: ○ | Q60: ― | R60: ― | S60: 別紙 22 | T60: ― | U60: ― | V60: ― | W60: ― | X60: ―
B61: 39 | C61: 入浴支援加算 | D61: ● | O61: ○ | P61: ○ | Q61: ― | R61: ― | S61: 別紙 18 | T61: ― | U61: ― | V61: ― | W61: ― | X61: ―
B62: 40 | C62: 栄養改善加算 | D62: ● | O62: ○ | P62: ○ | Q62: ○ | R62: ○ | S62: ― | T62: ― | U62: ― | V62: ― | W62: ○ | X62: ― | Y62: 管理栄養士の資格証（写）を添付すること。
B63: 41 | C63: ピアサポート実施加算 | F63: ● | G63: ● | L63: ● | O63: ○ | P63: ○ | Q63: ○ | R63: ○ | S63: 様式 23-2 | T63: ― | U63: ― | V63: ― | W63: ― | X63: ― | Y63: ※別紙23-2に記載のある、受講した研修の実施要綱、カリキュラム及び研修を修了したことを証明する書類等を添付してください。
B64: 42 | C64: 通院支援加算 | E64: ● | O64: ○ | P64: ○ | Q64: ― | R64: ― | S64: 別紙 21 | T64: ― | U64: ― | V64: ― | W64: ― | X64: ―
B65: 43 | C65: 精神障害者退院支援施設加算 | F65: ● | J65: ● | O65: ○ | P65: ○ | Q65: ― | R65: ― | S65: 別紙28 | T65: ― | U65: ― | V65: ― | W65: ― | X65: ―
B67: 減算にかかる添付書類一覧
B68: ※ 減算規定が適用される場合には、速やかに変更届を提出願います。変更届提出日に関わらず、変更年月日は、減算規定に該当した時点となります。減算が解消された際にも変更届の提出が必要となりますので、速やかにご提出ください。
B69: No. | C69: 基本報酬 | D69: 生活介護 | E69: 施設入所支援 | F69: 自立訓練(生活訓練) | G69: 自立訓練(機能訓練) | H69: 宿泊型自立訓練 | I69: 就労選択支援 | J69: 就労移行支援 | K69: 就労継続支援A型 | L69: 就労継続支援B型 | M69: 就労定着支援 | N69: 療養介護 | O69: 変更届出書（別紙様式第二号） 様式 | P69: 介護給付費等の算定に係る体制等状況一覧表 | Q69: 付表 | R69: 勤務形態一覧表 標準様式４ | S69: 各 届出 様式 | T69: 社会福祉士等資格証 (写) | U69: 看護職員資格証 (写) | V69: 栄養士資格証 (写) | W69: 管理栄養士資格証 (写) | X69: 運営規程 | Y69: その他
B70: 1 | C70: 医師配置が無い場合の減算 | D70: ● | O70: ○ | P70: ○ | Q70: ― | R70: ○ | S70: ― | T70: ― | U70: ― | V70: ― | W70: ― | X70: ― | Y70: 理事会議事録の写し（医師を配置しないことを決めた内容が記載されているもの。）
B71: 2 | C71: 開所時間減算 | D71: ● | O71: ○ | P71: ○ | Q71: ○ | R71: ― | S71: ― | T71: ― | U71: ― | V71: ― | W71: ― | X71: ○
B72: 3 | C72: 栄養士配置減算対象 | E72: ● | O72: ○ | P72: ○ | Q72: ― | R72: ― | S72: ― | T72: ― | U72: ― | V72: ― | W72: ― | X72: ―
B73: 4 | C73: 人員欠如減算 （サビ管減算含む） | D73: ● | E73: ● | F73: ● | G73: ● | H73: ● | I73: ● | J73: ● | K73: ● | L73: ● | M73: ● | N73: ● | O73: ○ | P73: ○ | Q73: ○ | R73: ○ | S73: ― | T73: ― | U73: ― | V73: ― | W73: ― | X73: ― | Y73: 減算の届出の他、不在となる旨の届け出も必要になります。
B74: 5 | C74: 定員超過減算 | D74: ● | E74: ● | F74: ● | G74: ● | H74: ● | I74: ● | J74: ● | K74: ● | L74: ● | N74: ● | O74: ○ | P74: ○ | Q74: ○ | R74: ― | S74: ― | T74: ― | U74: ― | V74: ― | W74: ― | X74: ― | Y74: 超過状況がわかる資料を添付すること
B75: 6 | C75: 標準利用期間超過減算 | F75: ● | G75: ● | J75: ● | O75: ○ | P75: ○ | Q75: ○ | R75: ― | S75: ― | T75: ― | U75: ― | V75: ― | W75: ― | X75: ―
B76: 7 | C76: 自己評価未公表減算 | K76: ● | O76: ○ | P76: ○ | Q76: ― | R76: ― | S76: ― | T76: ― | U76: ― | V76: ― | W76: ― | X76: ―
B77: 8 | C77: 虐待防止措置未実施減算 | D77: ● | E77: ● | F77: ● | G77: ● | H77: ● | I77: ● | J77: ● | K77: ● | L77: ● | M77: ● | N77: ● | O77: ○ | P77: ○ | Q77: ○ | R77: ― | S77: ― | T77: ― | U77: ― | V77: ― | W77: ― | X77: ―
B78: 9 | C78: 業務継続計画未策定減算 | D78: ● | E78: ● | F78: ● | G78: ● | H78: ● | I78: ● ※ | J78: ● | K78: ● | L78: ● | M78: ● | N78: ● | O78: ○ | P78: ○ | Q78: ○ | R78: ― | S78: ― | T78: ― | U78: ― | V78: ― | W78: ― | X78: ― | Y78: 就労選択支援については、令和9年4月1日以降から
B79: 10 | C79: 情報公表未報告減算 | D79: ● | E79: ● | F79: ● | G79: ● | H79: ● | I79: ● | J79: ● | K79: ● | L79: ● | M79: ● | N79: ● | O79: ○ | P79: ○ | Q79: ○ | R79: ― | S79: ― | T79: ― | U79: ― | V79: ― | W79: ― | X79: ―
B80: 11 | C80: 身体拘束廃止未実施 | D80: ● | E80: ● | F80: ● | G80: ● | H80: ● | I80: ● | J80: ● | K80: ● | L80: ● | N80: ● | O80: ○ | P80: ○ | Q80: ○ | R80: ― | S80: ― | T80: ― | U80: ― | V80: ― | W80: ― | X80: ― | Y80: ・減算適用開始：改善計画書の写し ・減算適用終了：改善報告書の写し
B81: 12 | C81: 地域移行等意向確認体制未整備 | E81: ● | O81: ○ | P81: ○ | Q81: ○ | R81: ― | S81: ― | T81: ― | U81: ― | V81: ― | W81: ― | X81: ―
B82: 13 | C82: 支援体制構築未実施減算 | O82: ○ | P82: ○ | Q82: ○ | R82: ― | S82: ― | T82: ― | U82: ― | V82: ― | W82: ― | X82: ―
B83: 14 | C83: 特定事業所集中減算 | I83: ● | Y83: 現在対応時期等検討中です。決まり次第通知させていただきます。
B86: その他報酬等に係る添付書類一覧
B87: No. | C87: 基本報酬 | D87: 生活介護 | E87: 施設入所支援 | F87: 自立訓練(生活訓練) | G87: 自立訓練(機能訓練) | H87: 宿泊型自立訓練 | I87: 就労選択支援 | J87: 就労移行支援 | K87: 就労継続支援A型 | L87: 就労継続支援B型 | M87: 就労定着支援 | N87: 療養介護 | O87: 変更届出書（別紙様式第二号） 様式 | P87: 介護給付費等の算定に係る体制等状況一覧表 | Q87: 付表 | R87: 勤務形態一覧表 標準様式４ | S87: 各 届出 様式 | T87: 社会福祉士等資格証 (写) | U87: 看護職員資格証 (写) | V87: 栄養士資格証 (写) | W87: 管理栄養士資格証 (写) | X87: 運営規程 | Y87: その他
B88: 1 | C88: 利用日数に係る特例の適用 | D88: ● | F88: ● | G88: ● | J88: ● | K88: ● | L88: ● | O88: ○ | P88: ○ | Q88: ― | R88: ― | S88: 利用日数届出書 | T88: ― | U88: ― | V88: ― | W88: ― | X88: ― | Y88: ・年間スケジュール表など年間を通じた事業計画がわかる資料 及び ・利用日数管理表（様式あり）を。 ※ 届出は年1回とし、対象期間（３か月以上１年以内の期間）の前月末日までに提出願います。
B89: 2 | C89: 地域生活支援拠点の届出 | D89: ● | F89: ● | G89: ● | J89: ● | K89: ● | L89: ● | O89: ○ | P89: ○ | Q89: ― | R89: ― | S89: 別紙47 | T89: ― | U89: ― | V89: ― | W89: ― | X89: ○
B90: 3 | C90: 就労継続支援Ａ型事業所による利用者負担減免措置実施(変更）届出書 | K90: ● | O90: ○ | P90: ○ | Q90: ― | R90: ― | S90: Ａ型減免 | T90: ― | U90: ― | V90: ― | W90: ― | X90: ― | Y90: 就労継続支援Ａ型事業所による利用者負担減免措置実施(変更）届出書

Sheet 提出書類一覧 (入所） 
A1: R8.4-
A2: 障害者の日常生活及び社会生活を総合的に支援するための法律に基づく事業者指定の申請に係る書類一覧
A3: （施設入所支援）
A4: 事業所の名称 | C4: =IF(基本情報入力シート!L70="","",基本情報入力シート!L70) | E4: 所在地 （区市町村名）
A6: ※「申請者確認欄」の該当欄に「○」または「－」（加算等を提出しない場合）を付し、添付書類等に漏れがないよう確認してください。
A7: 申請書及び添付書類等 | E7: 申請者確認欄 | F7: 備考 | H7: インデックス
A8: 申請書 | B8: 指定申請書 | F8: 別紙様式第一号 | H8: 1
B9: 障害者支援施設の指定等に係る記載事項 | F9: 付表１３ | H9: 2
A10: 添付書類 | B10: 申請者の登記事項証明書（原本）又は条例等 | H10: 3
B11: 平面図（用途と面積を反映させたもの） | H11: 4
B12: 設備の概要 | F12: 参考様式２ | H12: 5
B13: 土地・建物登記簿又は賃貸借契約書（写） | H13: 6
B14: 従業者の勤務の体制及び勤務形態一覧表 ※多機能型事業実施時は各事業の勤務形態一覧表もあわせて提出すること | F14: 標準様式４ | H14: 7
B15: 嘱託医契約書（写） | H15: 8
B16: 管理者及びサービス管理責任者の経歴書 | F16: 参考様式３ | H16: 9
B17: 管理者及びサービス管理責任者の資格等の証明書（写） ※社会福祉士・介護福祉士・ヘルパー等の資格を持っている場合は添付 | H17: 10
B18: サービス管理責任者の実務経験証明書 | F18: 参考様式４ | H18: 11
B19: サービス管理責任者研修修了証書（写） ※サービス管理責任者実践研修又は更新研修の修了日付が新しいどちらか一方の修了証書を提出してください。 | H19: 12
B20: 運営規程 | F20: 別途記載例あり | H20: 13
B21: 利用者（入所者）又はその家族からの苦情を解決するために講ずる措置の概要 | F21: 標準様式２ | H21: 14
B22: 指定障害福祉サービス等の主たる対象者を特定する理由等 | F22: 標準様式１ | H22: 15
B23: 協力医療機関との契約内容が分かる書類（協定書等の写し） | H23: 16
B24: ３６条第３項各号非該当誓約書 | F24: 標準様式３、別紙① | H24: 17
B25: 事業計画書 | F25: 別途様式あり | H25: 18
B26: 資金収支予算書 | F26: 別途様式あり | H26: 19
B27: 事業開始届 | F27: 様式あり | H27: 20
A28: 加算届出 | B28: 介護給付費等算定に係る体制等状況一覧表 | F28: 別紙１－１ | H28: 21
B29: 栄養マネジメント加算に関する届出書 | F29: 別紙１６ | H29: 22
B30: 夜勤職員配置体制加算に関する届出書 | F30: 別紙１７ | H30: 23
B31: 夜間看護体制加算に関する届出書 | F31: 別紙１９ | H31: 24
B32: 地域生活移行個別支援特別加算に関する届出書 | F32: 別紙１２ | H32: 25
B33: 重度障害者支援加算に関する届出書 | F33: 別紙８－１ | H33: 26
B34: 視覚・聴覚言語障害者支援体制加算（Ⅰ）に関する届出書 | F34: 別紙6-1 | H34: 27
B35: 視覚・聴覚言語障害者支援体制加算（Ⅱ）に関する届出書 | F35: 別紙6-2 | H35: 28
B36: 障害者支援施設等感染対策向上加算に関する届出書 | F36: 別紙２２ | H36: 29
B37: 口腔衛生管理体制加算に関する届出書 | F37: 別紙５０ | H37: 30
B38: 通院支援加算に関する届出書 | F38: 別紙２１ | H38: 31
A39: 届出 | B39: 利用日数に係る特例の適用を受ける通所施設に係る（変更）届出書 （利用日数の特例を届け出た場合に利用日数を管理する時に管理票を使用して適切な管理を行う） | F39: 利用日数特例届出書 利用日数管理票（事業所で使用） | H39: 32
A41: 耐震化調査票 | F41: 様式あり | H41: 33
A42: 社会保険及び労働保険への加入状況にかかる確認票 | F42: 別途様式あり | H42: 34
B43: 〔担当者連絡先〕
B44: 提出いただいた申請書類に記載されている内容について、問い合わせする際の連絡先を記入してください。
B45: 事業所名
B46: 担当者名
B47: 電話
B48: F A X
B49: メールアドレス

Sheet 基本情報入力シート
C1: 基本情報入力シート | Z1: --選択下さい--
Z2: 指定（更新）を受けようとする（受けている）事業所・施設が、主たる事業所の所在地と同じである。
Z3: 指定（更新）を受けようとする（受けている）事業所・施設が、主たる事業所の所在地と異なる。
B4: ●はじめに | Z4: 単独
B5: 本シートに入力を実施することで、関係様式に必要な情報が自動で入力されます。 一部、個別のセルに入力を行う必要もございます。各シートを確認の上、個別に入力が必要な箇所につきましても、忘れずにご入力ください。
B10: ●基本情報
B11: Ｎｏ | D11: 入力項目 | L11: 入力箇所
B12: 申請者・設置者情報
B13: 1 | D13: 指定申請年月日又は変更届出年月日
D14: （例）令和５年４月１日 ※和暦で入力してください。
B15: 2 | D15: 主たる事務所の所在地郵便番号 | Q15: -
D16: （例）163-0081
B17: 3 | D17: 主たる事務所の所在地（建物名等除く）
D18: （例）東京都新宿区西新宿２ー８－１
B19: 4 | D19: 主たる事務所の所在地（建物名等）
D20: （例）都庁第一本庁舎 ３１階 ※建物名等なければ入力不要です。
B21: 5 | D21: 申請者（設置者）名称
D22: （例）東京都 福祉局 障害者施策推進部 施設サービス支援課 障害者支援施設担当
B23: 6 | D23: 申請者（設置者）名称フリガナ
D24: （例）トウキョウト フクシキョク ショウガイシャシサクスイシンブ シセツサービスシエンカ ショウガイシャシエンシセツタントウ
B25: 7 | D25: 法人種別
D26: （例）地方公共団体
B27: 8 | D27: 法人所轄庁
B28: （例）東京都 ※株式会社等の営利法人については入力不要です。
B29: 9 | D29: 法人電話番号
B30: （例）03-5320-4158
B31: 10 | D31: 法人電話番号内線
B32: （例）３３－２９３
B33: 11 | D33: 法人ＦＡＸ番号
B34: （例）03-5388-1408
B35: 12 | D35: 法人mailアドレス
B36: （例）○○@section.metro.tokyo.jp
B37: 13 | D37: 代表者の職名 | S37: （例） | T37: 代表取締役
B38: 14 | D38: 代表者の氏名（フリガナ） | S38: （例） | T38: トウキョウ タロウ
B39: 15 | D39: 代表者の氏名 | S39: （例） | T39: 東京 太郎
B40: 16 | D40: 代表者の生年月日 | S40: （例） | T40: 46023
B41: 17 | D41: 代表者の住所 郵便番号 | Q41: -
B42: 18 | D42: 代表者の住所（建物を除く）
B43: 19 | D43: 代表者の住所（建物名等）
B44: 指定（更新）を受けようとする（受けている）事業所・施設の情報
B45: 20 | D45: 施設入所支援（夜間）の提供有無
B46: 21 | D46: 施設入所支援（夜間）の定員 | AA46: 名
B47: 21 | D47: 施設入所支援（夜間）の前年度平均利用者数 | AA47: 名
B48: 22 | D48: 生活介護（昼間）の提供有無
B49: 22 | D49: 生活介護（昼間）の定員 | AA49: 名
B50: 23 | D50: 生活介護の前年度平均利用者数 | AA50: 名
B51: 23 | D51: 自立訓練（機能訓練）（昼間）の提供有無
B52: 24 | D52: 自立訓練（機能訓練）（昼間）の定員 | AA52: 名
B53: 24 | D53: 自立訓練（機能訓練）（昼間）の前年度平均利用者数 | AA53: 名
B54: 25 | D54: 自立訓練（生活訓練）（昼間）の提供有無
B55: 25 | D55: 自立訓練（生活訓練）（昼間）の定員 | AA55: 名
B56: 26 | D56: 自立訓練（生活訓練）（昼間）の前年度平均利用者数 | AA56: 名
B57: 26 | D57: 就労移行支援（昼間）の提供有無
B58: 27 | D58: 就労移行支援（昼間）の定員 | AA58: 名
B59: 27 | D59: 就労移行支援（昼間）の前年度平均利用者数 | AA59: 名
B60: 28 | D60: 就労継続支援A型（昼間）の提供有無
B61: 28 | D61: 就労継続支援A型（昼間）の定員 | AA61: 名
B62: 29 | D62: 就労継続支援A型（昼間）の前年度平均利用者数 | AA62: 名
B63: 29 | D63: 就労継続支援B型（昼間）の提供有無
B64: 30 | D64: 就労継続支援B型（昼間）の定員 | AA64: 名
B65: 30 | D65: 就労継続支援B型（昼間）の前年度平均利用者数 | AA65: 名
B66: 31 | D66: 指定障害福祉サービス | L66: 施設入所支援
B67: 31 | D67: 事業所の種類 | L67: 障害者支援施設
B68: 32 | D68: 事業所番号
B69: 32 | D69: 事業所・施設の名称（フリガナ）
B70: 33 | D70: 事業所・施設の名称
B71: 33 | D71: 事業所（施設）の所在地（郵便番号） | Q71: -
B72: 34 | D72: 事業所（施設）の所在地（建物を除く）
B73: 34 | D73: 事業所（施設）の所在地（建物名等）
B74: 35 | D74: 事業所の電話番号
B75: 35 | D75: 事業所のＦＡＸ番号
B76: 36 | D76: 事業所のmailアドレス
B77: 36 | D77: 通常の事業の実施地域
B78: 37 | D78: 管理者氏名
B79: 37 | D79: 管理者氏名フリガナ
B80: 38 | D80: 管理者住所郵便番号 | Q80: -
B81: 38 | D81: 管理者住所(建物除く)
B82: 39 | D82: 管理者住所(建物名等)
B83: 39 | D83: 管理者電話番号
B84: 40 | D84: 管理者生年月日
B85: 40 | D85: サビ管氏名
B86: 41 | D86: サビ管氏名フリガナ
B87: 41 | D87: サビ管住所郵便番号 | Q87: -
B88: 42 | D88: サビ管住所（建物除く）
B89: 42 | D89: サビ管住所（建物名等）
B90: 43 | D90: サビ管電話番号
B91: 43 | D91: サビ管生年月日

Sheet 基本情報入力シート (記載例)
C1: 基本情報入力シート | Z1: --選択下さい--
Z2: 指定（更新）を受けようとする（受けている）事業所・施設が、主たる事業所の所在地と同じである。
Z3: 指定（更新）を受けようとする（受けている）事業所・施設が、主たる事業所の所在地と異なる。
B4: ●はじめに | Z4: 単独
B5: 本シートに入力を実施することで、関係様式に必要な情報が自動で入力されます。 一部、個別のセルに入力を行う必要もございます。各シートを確認の上、個別に入力が必要な箇所につきましても、忘れずにご入力ください。
B10: ●基本情報
B11: Ｎｏ | D11: 入力項目 | L11: 入力箇所
B12: 申請者・設置者情報
B13: 1 | D13: 指定申請年月日又は変更届出年月日 | L13: 46113
D14: （例）令和５年４月１日 ※和暦で入力してください。
B15: 2 | D15: 主たる事務所の所在地郵便番号 | L15: 163 | Q15: - | T15: 0001
D16: （例）163-0081
B17: 3 | D17: 主たる事務所の所在地（建物名等除く） | L17: 東京都新宿区西新宿２－〇－１
D18: （例）東京都新宿区西新宿２ー８－１
B19: 4 | D19: 主たる事務所の所在地（建物名等） | L19: 都庁ビル○○階
D20: （例）都庁第一本庁舎 ３１階 ※建物名等なければ入力不要です。
B21: 5 | D21: 申請者（設置者）名称 | L21: 社会福祉法人 東京福祉会
D22: （例）東京都 福祉局 障害者施策推進部 施設サービス支援課 障害者支援施設担当
B23: 6 | D23: 申請者（設置者）名称フリガナ | L23: シャカイフクシホウジン トウキョウフクシカイ
D24: （例）トウキョウト フクシキョク ショウガイシャシサクスイシンブ シセツサービスシエンカ ショウガイシャシエンシセツタントウ
B25: 7 | D25: 法人種別 | L25: 社会福祉法人(社協以外)
D26: （例）地方公共団体
B27: 8 | D27: 法人所轄庁 | L27: 東京都
B28: （例）東京都 ※株式会社等の営利法人については入力不要です。
B29: 9 | D29: 法人電話番号 | L29: 03-5321-1111
B30: （例）03-5320-4158
B31: 10 | D31: 法人電話番号内線 | L31: 30-000
B32: （例）３３－２９３
B33: 11 | D33: 法人ＦＡＸ番号 | L33: 03-5321-2222
B34: （例）03-5388-1408
B35: 12 | D35: 法人mailアドレス | L35: ○○@section.metro.tokyo.jp
B36: （例）○○@section.metro.tokyo.jp
B37: 13 | D37: 代表者の職名 | L37: 理事長 | S37: （例） | T37: 代表取締役
B38: 14 | D38: 代表者の氏名（フリガナ） | L38: トウキョウ タロウ | S38: （例） | T38: トウキョウ タロウ
B39: 15 | D39: 代表者の氏名 | L39: 東京 太郎 | S39: （例） | T39: 東京 太郎
B40: 16 | D40: 代表者の生年月日 | L40: 46023 | S40: （例） | T40: 46023
B41: 17 | D41: 代表者の住所 郵便番号 | L41: 100 | Q41: - | T41: 8111
B42: 18 | D42: 代表者の住所（建物を除く） | L42: 東京都千代田区千代田1番1号
B43: 19 | D43: 代表者の住所（建物名等） | L43: 皇居外苑
B44: 指定（更新）を受けようとする（受けている）事業所・施設の情報
B45: 20 | D45: 施設入所支援（夜間）の提供有無 | L45: ○
B46: 21 | D46: 施設入所支援（夜間）の定員 | L46: 100 | AA46: 名
B47: 21 | D47: 施設入所支援（夜間）の前年度平均利用者数 | L47: 99 | AA47: 名
B48: 22 | D48: 生活介護（昼間）の提供有無 | L48: ○
B49: 22 | D49: 生活介護（昼間）の定員 | L49: 100 | AA49: 名
B50: 23 | D50: 生活介護の前年度平均利用者数 | L50: 99 | AA50: 名
B51: 23 | D51: 自立訓練（機能訓練）（昼間）の提供有無 | L51: ○
B52: 24 | D52: 自立訓練（機能訓練）（昼間）の定員 | L52: 6 | AA52: 名
B53: 24 | D53: 自立訓練（機能訓練）（昼間）の前年度平均利用者数 | L53: 5 | AA53: 名
B54: 25 | D54: 自立訓練（生活訓練）（昼間）の提供有無 | L54: ○
B55: 25 | D55: 自立訓練（生活訓練）（昼間）の定員 | L55: 6 | AA55: 名
B56: 26 | D56: 自立訓練（生活訓練）（昼間）の前年度平均利用者数 | L56: 5 | AA56: 名
B57: 26 | D57: 就労移行支援（昼間）の提供有無 | L57: ○
B58: 27 | D58: 就労移行支援（昼間）の定員 | L58: 6 | AA58: 名
B59: 27 | D59: 就労移行支援（昼間）の前年度平均利用者数 | L59: 5 | AA59: 名
B60: 28 | D60: 就労継続支援A型（昼間）の提供有無 | L60: ✕
B61: 28 | D61: 就労継続支援A型（昼間）の定員 | AA61: 名
B62: 29 | D62: 就労継続支援A型（昼間）の前年度平均利用者数 | AA62: 名
B63: 29 | D63: 就労継続支援B型（昼間）の提供有無 | L63: ○
B64: 30 | D64: 就労継続支援B型（昼間）の定員 | L64: 10 | AA64: 名
B65: 30 | D65: 就労継続支援B型（昼間）の前年度平均利用者数 | L65: 9 | AA65: 名
B66: 31 | D66: 指定障害福祉サービス | L66: 施設入所支援
B67: 31 | D67: 事業所の種類 | L67: 障害者支援施設
B68: 32 | D68: 事業所番号 | L68: 1300000000
B69: 32 | D69: 事業所・施設の名称（フリガナ） | L69: トウキョウフクシエン
B70: 33 | D70: 事業所・施設の名称 | L70: 東京福祉園
B71: 33 | D71: 事業所（施設）の所在地（郵便番号） | L71: 100 | Q71: - | T71: 1003
B72: 34 | D72: 事業所（施設）の所在地（建物を除く） | L72: 東京都新宿区西新宿２－８－１
B73: 34 | D73: 事業所（施設）の所在地（建物名等） | L73: 都庁第一本庁舎 28階
B74: 35 | D74: 事業所の電話番号 | L74: 03-5320-4156
B75: 35 | D75: 事業所のＦＡＸ番号 | L75: 03-5388-1407
B76: 36 | D76: 事業所のmailアドレス | L76: △△@section.metro.tokyo.jp
B77: 36 | D77: 通常の事業の実施地域 | L77: 新宿区
B78: 37 | D78: 管理者氏名 | L78: 新宿 次郎
B79: 37 | D79: 管理者氏名フリガナ | L79: シンジュク ジロウ
B80: 38 | D80: 管理者住所郵便番号 | L80: 100 | Q80: - | T80: 1005
B81: 38 | D81: 管理者住所(建物除く) | L81: 東京都杉並区東高円寺○－○
B82: 39 | D82: 管理者住所(建物名等) | L82: ○○ビル１階
B83: 39 | D83: 管理者電話番号 | L83: 090-0000-0000
B84: 40 | D84: 管理者生年月日 | L84: 33636
B85: 40 | D85: サビ管氏名 | L85: 都庁 三郎①
B86: 41 | D86: サビ管氏名フリガナ | L86: トチョウ サブロウ①
B87: 41 | D87: サビ管住所郵便番号 | L87: 100 | Q87: - | T87: 1006
B88: 42 | D88: サビ管住所（建物除く） | L88: 東京都国分寺市戸倉〇－〇
B89: 42 | D89: サビ管住所（建物名等） | L89: ○○第２ビル２階
B90: 43 | D90: サビ管電話番号 | L90: 080-0000-0001
B91: 43 | D91: サビ管生年月日 | L91: 34396

Sheet 指定申請書
A1: 別紙様式第一号
A2: 指定障害福祉サービス事業所/指定障害者支援施設
A3: 指定障害児通所支援事業所/指定障害児入所施設
A4: 指定特定相談支援事業所/指定一般相談支援事業所/指定障害児相談支援事業所
E5: 指定 | G5: 申請書
O6: 年 | R6: 月 | U6: 日
B7: 東京都 | D7: 知事（市区村長） 殿
H8: 所在地 | K8: =IF(基本情報入力シート!L17&基本情報入力シート!L19="","",基本情報入力シート!L17&基本情報入力シート!L19)
G9: 申請者 | H9: 名 称 | K9: =IF(基本情報入力シート!L21="","",基本情報入力シート!L21)
H10: 代表者 | K10: =IF(基本情報入力シート!L37&" "&基本情報入力シート!L39="","",基本情報入力シート!L37&" "&基本情報入力シート!L39)
B12: 表題の事業所・施設に係る指定/指定の更新/指定の変更を受けたいので、下記のとおり、関係書類を添えて申請します。
F14: 法人番号(13桁)
A15: 申請者(設置者) | B15: フリガナ | D15: =IF(基本情報入力シート!L23="","",基本情報入力シート!L23)
B16: 名称 | D16: =IF(基本情報入力シート!L21="","",基本情報入力シート!L21)
B17: 主たる事務所の所在地 | D17: (郵便番号 | E17: =IF(基本情報入力シート!L15="","",基本情報入力シート!L15) | F17: - | G17: =IF(基本情報入力シート!T15="","",基本情報入力シート!T15) | I17: ）
D18: =IF(基本情報入力シート!L17="","",基本情報入力シート!L17)
D19: =IF(基本情報入力シート!L19="","",基本情報入力シート!L19)
B20: 連絡先 | D20: 電話番号 | E20: =IF(基本情報入力シート!L29="","",基本情報入力シート!L29) | H20: (内線) | K20: =IF(基本情報入力シート!L31="","",基本情報入力シート!L31)
D21: E-mailアドレス | F21: =IF(基本情報入力シート!L35="","",基本情報入力シート!L35)
B22: 法人等の種類 | D22: =IF(基本情報入力シート!L25="","",基本情報入力シート!L25)
B23: 代表者の職名・氏名・生年月日 | D23: 職名 | E23: =IF(基本情報入力シート!L37="","",基本情報入力シート!L37) | G23: フリガナ | H23: =IF(基本情報入力シート!L38="","",基本情報入力シート!L38) | M23: 生年月日 | O23: =IF(基本情報入力シート!L40="","",基本情報入力シート!L40)
G24: 氏名 | H24: =IF(基本情報入力シート!L39="","",基本情報入力シート!L39)
B25: 代表者の住所 | D25: (郵便番号 | E25: =IF(基本情報入力シート!L41="","",基本情報入力シート!L41) | F25: - | G25: =IF(基本情報入力シート!T41="","",基本情報入力シート!T41) | I25: ）
D26: =IF(基本情報入力シート!L42="","",基本情報入力シート!L42)
D27: =IF(基本情報入力シート!L43="","",基本情報入力シート!L43)
A28: 指定を受けようとする事業所・施設の種類 | B28: フリガナ | D28: =IF(基本情報入力シート!L69="","",基本情報入力シート!L69)
B29: 名称 | D29: =IF(基本情報入力シート!L70="","",基本情報入力シート!L70)
B30: 事業所(施設)の所在地 | D30: (郵便番号 | E30: =IF(基本情報入力シート!L71="","",基本情報入力シート!L71) | F30: - | G30: =IF(基本情報入力シート!T71="","",基本情報入力シート!T71) | I30: ）
D31: =IF(基本情報入力シート!L72="","",基本情報入力シート!L72)
D32: =IF(基本情報入力シート!L73="","",基本情報入力シート!L73)
B33: 多機能型事業所に係る指定の申請の場合は○ | F33: =IF(基本情報入力シート!L67="多機能型","○"," ")
B34: 同一所在地において 行う事業等の種類 | F34: 今回の指定(更新・変更)申請をする対象事業等に○ | H34: 既に指定を受けている事業に○ | L34: 事業の開始予定年月日 | R34: 本申請書に添付して提出する様式(付表)
E35: 共生型サービスの指定を申請するものに○
B36: 指定障害福祉サービス事業所 | C36: 居宅介護 | R36: 付表１
C37: 重度訪問介護 | R37: 付表１
C38: 同行援護 | R38: 付表１
C39: 行動援護 | R39: 付表１
C40: 療養介護 | R40: 付表２
C41: 生活介護 | R41: 付表３
C42: 短期入所 | R42: 付表４
C43: 重度障害者等包括支援 | R43: 付表５
C44: 自立訓練(機能訓練) | R44: 付表６
C45: 自立訓練(生活訓練) | R45: 付表６
C46: 就労選択支援 | R46: 付表７
C47: 就労移行支援 | R47: 付表８
C48: 就労継続支援Ａ型 | R48: 付表９
... C52: 共同生活援助 | R52: 付表１２
B53: 指定障害者支援施設(施設入所支援) | R53: 付表１３
B54: 指定一般相談支援事業所 | C54: 地域移行支援 | R54: 付表１４
C55: 地域定着支援 | R55: 付表１４
B56: 指定特定相談支援事業所 | R56: 付表１５
B57: 指定障害児通所支援事業所 | C57: 児童発達支援 | R57: 付表１６
C58: 放課後等デイサービス | R58: 付表１６
C59: 居宅訪問型児童発達支援 | R59: 付表１７
C60: 保育所等訪問支援 | R60: 付表１８
B61: 指定障害児入所施設 | R61: 付表１９/２０
B62: 指定障害児相談支援事業所 | R62: 付表１５
A63: 【既に指定を受けている場合】事業所番号
A64: (備考)
A65: 1 | B65: 本申請書の表題は、指定の更新の申請の際には「指定更新申請書」に、指定の変更の申請の際には「指定変更申請書」に変更して使用してください。
A66: 2 | B66: 「法人等の種類」欄には、「社会福祉法人(社協以外)」、「社会福祉法人(社協)」、「医療法人」、「社団・財団」、「営利法人」、「非営利法人(ＮＰＯ)」、「農協」、「生協」、「その他法人」、「地方公共団体(都道府県)」、「地方公共団体(市町村)」、「地方公共団体(広域連合・一部事務組合等)」、「非法人」、「その他」のいずれかを記入してください。
A67: 3 | B67: 「同一所在地において行う事業等の種類」欄には、今回申請をする事業及び既に指定を受けている事業のそれぞれに「○」を記載してください。
A68: 4 | B68: 「【既に指定を受けている場合】事業所番号」欄には、申請を行う都道府県等において既に事業所としての指定を受け、番号が付番されている場合に、その事業所番号を記載してください。
A69: 5 | B69: 「事業の開始予定年月日」欄については、更新の場合にあっては、現に受けている指定の有効期間満了日を記載してください。

Sheet 変更届出書
A1: 別紙様式第二号
A2: 指定障害福祉サービス事業所/指定障害者支援施設
A3: 指定障害児通所支援事業所/指定障害児入所施設
A4: 指定特定相談支援事業所/指定一般相談支援事業所/指定障害児相談支援事業所
S5: 変更届出書
AD6: 年 | AG6: 月 | AJ6: 日
B7: 東京都 | I7: 知事（市区村長） 殿
S8: 所在地 | W8: =IF(基本情報入力シート!L17&基本情報入力シート!L19="","",基本情報入力シート!L17&基本情報入力シート!L19)
O9: 申請者 | S9: 名称 | W9: =IF(基本情報入力シート!L21="","",基本情報入力シート!L21)
S10: 代表者氏名 | Z10: =IF(基本情報入力シート!L37&" "&基本情報入力シート!L39="","",基本情報入力シート!L37&" "&基本情報入力シート!L39)
B12: 次のとおり指定を受けた内容を変更しましたので届け出ます。
B14: FALSE | C14: 指定障害福祉サービス事業所等の指定に係る事項の変更の届出先（以下「指定権者」という。）と指定障害福祉サービス
C15: 事業所等の業務管理体制の整備に関する事項の変更の届出先（以下「監督権者」という。）が同一の自治体であり、かつ、
C16: 変更事項が「事業所（施設）の所在地」又は「申請者の代表者の氏名、生年月日、住所及び職名」の場合であって、同事項
C17: に係る事実の確認に支障がないと認めるときは、監督権者への変更の届出又は届出書への記載については、指定権者
C18: への変更の届出があったことをもって省略させることができることとされているので、その場合には左のチェックボックス（□）
C19: に✓を付してください。なお、当該変更届出を受理した指定権者は、当該変更届出の写しを監督権者へ回付してください。
T21: 事業所番号 | AA21: =IF(基本情報入力シート!L68="","",基本情報入力シート!L68)
B22: 指定を受けた内容を変更した事業所又は施設 | T22: 名称 | W22: =IF(基本情報入力シート!L69="","",基本情報入力シート!L69)
W23: =IF(基本情報入力シート!L70="","",基本情報入力シート!L70)
T24: 所在地 | W24: =IF(基本情報入力シート!L71="","",基本情報入力シート!L71) | Z24: =IF(基本情報入力シート!Q71="","",基本情報入力シート!Q71) -> - | AB24: =IF(基本情報入力シート!T71="","",基本情報入力シート!T71)
W25: =IF(基本情報入力シート!L72="","",基本情報入力シート!L72)
W26: =IF(基本情報入力シート!L73="","",基本情報入力シート!L73)
B27: サービスの種類 | T27: =IF(基本情報入力シート!L66&"("&基本情報入力シート!L67&")"="","",基本情報入力シート!L66&"("&基本情報入力シート!L67&")") -> 施設入所支援(障害者支援施設)
B28: 変更年月日 | T28: =IF(基本情報入力シート!L13="","",基本情報入力シート!L13)
B29: 変更があった事項（該当に○） | T29: 変更の内容
D30: 事業所（施設）の名称 | T30: （変更前）
D31: 事業所（施設）の所在地
D32: 事業所（施設）の連絡先（電話番号）
D33: 申請者の名称
D34: 申請者の主たる事務所の所在地
D35: 申請者の代表者の氏名、生年月日、住所及び職名
D36: 法人等の種類
D37: 登記事項証明書又は条例等（当該事業に関するものに限る。）
D38: 共生型サービスの該当有無
D39: 事業所（施設）の構造概要・平面図・設備の概要
D40: 利用者又は入所者の定員 | T40: （変更後）
D41: 管理者の氏名、生年月日、住所及び経歴
D42: サービス管理（提供）責任者又は児童発達支援管理責任者の氏名、生年月日、住所及び経歴
D43: 指定地域相談支援の提供に当たる者又は相談支援専門員の氏名、生年月日、住所及び経歴
D44: 運営規程
D45: 協力医療機関・協力歯科医療機関の名称・診療科名・契約内容
D46: 提携就労支援機関の名称
D47: 提供する障害福祉サービス等の種類
D48: 第三者委託により提供する障害福祉サービス等の種類等
D49: 事業実施形態（事業所の種別等）
D50: 従業者の勤務の体制及び勤務形態
D51: その他
B53: (備考) | D53: 1 | E53: 変更届の提出に際しては、必要書類を添付してください。
D54: 2 | E54: 「変更があった事項」の「変更の内容」は、変更前と変更後の内容が具体的に分かるように記入してください。

Sheet 付表１３（入所）
A1: 付表１３ 障害者支援施設の指定等に係る記載事項
A3: 施設 | B3: フリガナ | C3: =IF(基本情報入力シート!L69="","",基本情報入力シート!L69)
B4: 名 称 | C4: =IF(基本情報入力シート!L70="","",基本情報入力シート!L70)
B5: 所在地 | C5: (郵便番号 | D5: =IF(基本情報入力シート!L71="","",基本情報入力シート!L71) | E5: - | F5: =IF(基本情報入力シート!T71="","",基本情報入力シート!T71) | G5: )
C6: =IF(基本情報入力シート!L72="","",基本情報入力シート!L72)
C7: =IF(基本情報入力シート!L73="","",基本情報入力シート!L73)
B8: 電話番号 | C8: =IF(基本情報入力シート!L74="","",基本情報入力シート!L74)
B9: E-Mail | C9: =IF(基本情報入力シート!L76="","",基本情報入力シート!L76)
A10: 管理者 | B10: フリガナ | C10: =IF(基本情報入力シート!L79="","",基本情報入力シート!L79) | F10: 生年月日 | G10: =IF(基本情報入力シート!L84="","",基本情報入力シート!L84)
B11: 氏 名 | C11: =IF(基本情報入力シート!L78="","",基本情報入力シート!L78)
B12: 住 所 | C12: (郵便番号 | D12: =IF(基本情報入力シート!L80="","",基本情報入力シート!L80) | E12: - | F12: =IF(基本情報入力シート!T71="","",基本情報入力シート!T71) | G12: )
C13: =IF(基本情報入力シート!L81="","",基本情報入力シート!L81)
C14: =IF(基本情報入力シート!L82="","",基本情報入力シート!L82)
B15: 当該施設で兼務する他の職種(兼務の場合記入)
B16: 他の事業所又は施設の従業者との兼務(兼務の場合記入) | D16: 事業所等の名称
D17: 兼務する職種及び勤務時間等
A19: サービス管理責任者 | B19: フリガナ | C19: =IF(基本情報入力シート!L86="","",基本情報入力シート!L86) | F19: 生年月日 | G19: =IF(基本情報入力シート!L91="","",基本情報入力シート!L91)
B20: 氏 名 | C20: =IF(基本情報入力シート!L85="","",基本情報入力シート!L85)
B21: 住 所 | C21: (郵便番号 | D21: =IF(基本情報入力シート!L87="","",基本情報入力シート!L87) | E21: - | F21: =IF(基本情報入力シート!T87="","",基本情報入力シート!T87) | G21: )
C22: =IF(基本情報入力シート!L88="","",基本情報入力シート!L88)
C23: =IF(基本情報入力シート!L89="","",基本情報入力シート!L89)
A24: 実施主体が地方公共団体である場合は、当該事業の実施について定めてある条例等 | H24: 第 条 第 項 第 号
A25: ○人員に関する基準の確認に必要な事項
A26: 従業者の職種・員数 | C26: 居宅介護等従業者 | E26: その他の従業者
C27: 専従 | D27: 兼務 | E27: 専従 | F27: 兼務
A28: 常勤(人)
A29: 非常勤(人)
A30: 常勤換算後の人数(人)
A31: 基準上の必要人数(人)
A32: ○運営・設備に関する基準の確認に必要な事項
A33: 居室 | B33: １室の最大定員(人)
B34: 入所者１人あたりの最小床面積(㎡)
A35: 廊下 | B35: 廊下の幅(ｍ)
B36: 中廊下の幅(ｍ)
A37: 既存施設からの移行の場合 | C37: 既存施設名
C38: 施設種別
C39: 経過措置 | E39: 有 | G39: 無
C40: 特定旧法受給者数(人)
A41: 協力医療機関 | C41: 名称 | G41: 診療科名
A42: 協力歯科医療機関 | C42: 名称
A43: (就労移行支援を行う場合のみ)提携就労支援機関 | F43: 名称
A44: ○昼間実施サービス及び施設入所支援に係る記載事項
A45: 昼間実施サービスの種類 | C45: 生活介護 | D45: 自立訓練 (機能訓練) | E45: 自立訓練 (生活訓練) | F45: 就労移行支援 (一般型) | G45: 就労移行支援 (資格取得型) | H45: 就労継続支援 (Ａ型) | J45: 就労移行支援 (Ｂ型)
B46: 実施有無 | C46: =IF(基本情報入力シート!L48="","",基本情報入力シート!L48) | D46: =IF(基本情報入力シート!L51="","",基本情報入力シート!L51) | E46: =IF(基本情報入力シート!L54="","",基本情報入力シート!L54) | F46: =IF(基本情報入力シート!L57="","",基本情報入力シート!L57) | G46: - | H46: =IF(基本情報入力シート!L60="","",基本情報入力シート!L60) | J46: =IF(基本情報入力シート!L63="","",基本情報入力シート!L63)
B47: 利用者の推定数 | C47: =IF(基本情報入力シート!L50="","",基本情報入力シート!L50) | D47: =IF(基本情報入力シート!L53="","",基本情報入力シート!L53) | E47: =IF(基本情報入力シート!L56="","",基本情報入力シート!L56) | F47: =IF(基本情報入力シート!L59="","",基本情報入力シート!L59) | H47: =IF(基本情報入力シート!L62="","",基本情報入力シート!L62) | J47: =IF(基本情報入力シート!L65="","",基本情報入力シート!L65)
B48: 昼間多機能の実施 | D48: 有 | F48: 無 | H48: 昼間の総定員数(人)
A49: (生活介護を行う場合のみ) 利用者の推定数(人) | C49: 施設が申告する障害支援区分の平均値
C50: サービス単位 | E50: ４未満 | G50: ４以上５未満 | J50: ５以上
C51: サービス単位１
C52: サービス単位２
C53: サービス単位３
A54: 昼間実施サービスの定員(人) | C54: 介護給付対象者 | E54: 訓練等給付対象者 | G54: 特定旧法受給者 | J54: 合計
C55: =IF(基本情報入力シート!L49="","",基本情報入力シート!L49) | E55: =IF(基本情報入力シート!L52+基本情報入力シート!L55+基本情報入力シート!L58+基本情報入力シート!L61+基本情報入力シート!L64="","",基本情報入力シート!L52+基本情報入力シート!L55+基本情報入力シート!L58+基本情報入力シート!L61+基本情報入力シート!L64) -> 0 | J55: =C55+E55+G55 -> #VALUE!
C56: 定員緩和措置の有無 | H56: 有 | K56: 無
A57: 施設入所支援の定員(人) | D57: =IF(基本情報入力シート!L46="","",基本情報入力シート!L46) | F57: 他の社会福祉施設との併設 | J57: 有 | L57: 無
B58: 併設施設の定員(人) | F58: 併設施設の種別
A59: 施設入所支援の利用者の推定数 | C59: サービス単位１
C60: サービス単位２
C61: サービス単位３
A62: 短期入所の実施 | C62: 併設型 | E62: 空床型 | G62: 無
C63: 短期入所の利用者の推定数(人)
A64: 営業日(該当する日に○) | C64: 日 | D64: 月 | E64: 火 | F64: 水 | G64: 木 | H64: 金 | J64: 土 | L64: 祝
C66: その他(年末年始等)
A67: 営業時間 | C67: 平日 | E67: ： | G67: ～ | J67: ：
C68: 土曜 | E68: ： | G68: ～ | J68: ：
C69: 日・祝 | E69: ： | G69: ～ | J69: ：
A70: 利用料
A71: その他の費用
A72: 通常の事業の実施地域
A73: (備考)
A74: １．記入欄が不足する場合は、次頁の「記入欄不足時の資料」に記載して添付してください。
A75: ２．更新の場合には、「利用者の推定数」欄は前年度の平均利用者数を記入してください。
A76: ３．「その他の費用」欄には、利用者に直接金銭の負担を求める場合のサービス内容についても記載してく ださい。
A77: 記入欄不足時の資料
A78: ■サービス管理責任者
A79: サービス管理責任者 | B79: フリガナ | F79: 生年月日
B80: 氏 名 | H80: 年 | J80: 月 | L80: 日
B81: 住 所 | C81: (郵便番号 | E81: - | G81: )
B84: フリガナ | F84: 生年月日
B85: 氏 名 | H85: 年 | J85: 月 | L85: 日
B86: 住 所 | C86: (郵便番号 | E86: - | G86: )
B89: フリガナ | F89: 生年月日
B90: 氏 名 | H90: 年 | J90: 月 | L90: 日
B91: 住 所 | C91: (郵便番号 | E91: - | G91: )
B94: フリガナ | F94: 生年月日
B95: 氏 名 | H95: 年 | J95: 月 | L95: 日
B96: 住 所 | C96: (郵便番号 | E96: - | G96: )
B99: フリガナ | F99: 生年月日
B100: 氏 名 | H100: 年 | J100: 月 | L100: 日
B101: 住 所 | C101: (郵便番号 | E101: - | G101: )
B104: フリガナ | F104: 生年月日
B105: 氏 名 | H105: 年 | J105: 月 | L105: 日
B106: 住 所 | C106: (郵便番号 | E106: - | G106: )
A110: ■協力医療機関等
A111: 協力医療機関 | C111: 名称 | G111: 診療科名
C112: 名称 | G112: 診療科名
C113: 名称 | G113: 診療科名
A114: 協力歯科医療機関 | C114: 名称
C115: 名称
C116: 名称

Sheet 別紙１－１体制一覧（入所）
A1: （別紙１ー１）
A3: 介護給付費等の算定に係る体制等状況一覧表
A5: 提供サービス | K5: 定員数 | O5: 定員規模 | U5: 多機能型等 定員区分（※1） | AA5: 人員配置区分 （※2） | AF5: その他該当する体制等 | BA5: 適用開始日
A7: 各サービス共通 | AF7: 地域区分 | AL7: 選択してください
A8: 介護給付費 | B8: 居宅介護 | AF8: 身体拘束廃止未実施 | AL8: １．なし ２．あり
AF9: 虐待防止措置未実施 | AL9: １．なし ２．あり
AF10: 業務継続計画未策定（※15） | AL10: １．なし ２．あり
AF11: 情報公表未報告 | AL11: １．なし ２．あり
AF12: 特定事業所 | AL12: １．なし ２．Ⅰ ３．Ⅱ ４．Ⅲ ５．Ⅳ
AF13: 特定事業所（経過措置対象）（※9） | AL13: １．非該当 ２．該当
AF14: 福祉・介護職員等処遇改善加算対象（※17） | AL14: １．なし ２．Ⅰ ３．Ⅱ ４．Ⅲ ５．Ⅳ ６．Ⅴ
AF15: 福祉・介護職員等処遇改善加算（Ⅴ）区分（※18） | AL15: １．Ｖ（１） ２．Ｖ（２） ３．Ｖ（３） ４．Ｖ（４） ５．Ｖ（５） ６．Ｖ（６） ７．Ｖ（７） ８．Ｖ（８） ９．Ｖ（９） １０．Ｖ（１０） １１．Ｖ（１１） １２．Ｖ（１２） １３．Ｖ（１３） １４．Ｖ（１４）
AF16: 共生型サービス対象区分 | AL16: １．非該当 ２．該当
AF17: 地域生活支援拠点等 | AL17: １．非該当 ２．該当
B18: 重度訪問介護 | AF18: 身体拘束廃止未実施 | AL18: １．なし ２．あり
AF19: 虐待防止措置未実施 | AL19: １．なし ２．あり
AF20: 業務継続計画未策定（※15） | AL20: １．なし ２．あり
AF21: 情報公表未報告 | AL21: １．なし ２．あり
AF22: 特定事業所 | AL22: １．なし ２．Ⅰ ３．Ⅱ ４．Ⅲ
AF23: 福祉・介護職員等処遇改善加算対象（※17） | AL23: １．なし ２．Ⅰ ３．Ⅱ ４．Ⅲ ５．Ⅳ ６．Ⅴ
AF24: 福祉・介護職員等処遇改善加算（Ⅴ）区分（※18） | AL24: １．Ｖ（１） ２．Ｖ（２） ３．Ｖ（３） ４．Ｖ（４） ５．Ｖ（５） ６．Ｖ（６） ７．Ｖ（７） ８．Ｖ（８） ９．Ｖ（９） １０．Ｖ（１０） １１．Ｖ（１１） １２．Ｖ（１２） １３．Ｖ（１３） １４．Ｖ（１４）
AF25: 共生型サービス対象区分 | AL25: １．非該当 ２．該当
AF26: 地域生活支援拠点等 | AL26: １．非該当 ２．該当
B27: 同行援護 | AF27: 身体拘束廃止未実施 | AL27: １．なし ２．あり
AF28: 虐待防止措置未実施 | AL28: １．なし ２．あり
AF29: 業務継続計画未策定（※15） | AL29: １．なし ２．あり
AF30: 情報公表未報告 | AL30: １．なし ２．あり
AF31: 特定事業所 | AL31: １．なし ２．Ⅰ ３．Ⅱ ４．Ⅲ ５．Ⅳ
AF32: 福祉・介護職員等処遇改善加算対象（※17） | AL32: １．なし ２．Ⅰ ３．Ⅱ ４．Ⅲ ５．Ⅳ ６．Ⅴ
AF33: 福祉・介護職員等処遇改善加算（Ⅴ）区分（※18） | AL33: １．Ｖ（１） ２．Ｖ（２） ３．Ｖ（３） ４．Ｖ（４） ５．Ｖ（５） ６．Ｖ（６） ７．Ｖ（７） ８．Ｖ（８） ９．Ｖ（９） １０．Ｖ（１０） １１．Ｖ（１１） １２．Ｖ（１２） １３．Ｖ（１３） １４．Ｖ（１４）
AF34: 地域生活支援拠点等 | AL34: １．非該当 ２．該当
B35: 行動援護 | AF35: 身体拘束廃止未実施 | AL35: １．なし ２．あり
AF36: 虐待防止措置未実施 | AL36: １．なし ２．あり
AF37: 業務継続計画未策定（※15） | AL37: １．なし ２．あり
AF38: 情報公表未報告 | AL38: １．なし ２．あり
AF39: 特定事業所 | AL39: １．なし ２．Ⅰ ３．Ⅱ ４．Ⅲ ５．Ⅳ
AF40: 特定事業所（経過措置対象）（※9） | AL40: １．非該当 ２．該当
AF41: 福祉・介護職員等処遇改善加算対象（※17） | AL41: １．なし ２．Ⅰ ３．Ⅱ ４．Ⅲ ５．Ⅳ ６．Ⅴ
AF42: 福祉・介護職員等処遇改善加算（Ⅴ）区分（※18） | AL42: １．Ｖ（１） ２．Ｖ（２） ３．Ｖ（３） ４．Ｖ（４） ５．Ｖ（５） ６．Ｖ（６） ７．Ｖ（７） ８．Ｖ（８） ９．Ｖ（９） １０．Ｖ（１０） １１．Ｖ（１１） １２．Ｖ（１２） １３．Ｖ（１３） １４．Ｖ（１４）
AF43: 地域生活支援拠点等 | AL43: １．非該当 ２．該当
B44: 療養介護 | O44: １．40人以下 ２．41人以上60人以下 ３．61人以上80人以下 ４．81人以上 | AA44: １．Ⅰ型 ２．Ⅱ型 ３．Ⅲ型 ４．Ⅳ型 ５．Ⅴ型 | AF44: 身体拘束廃止未実施 | AL44: １．なし ２．あり
AF45: 虐待防止措置未実施 | AL45: １．なし ２．あり
AF46: 業務継続計画未策定 | AL46: １．なし ２．あり
AF47: 情報公表未報告 | AL47: １．なし ２．あり
AF48: 特例対象（※3） | AL48: １．なし ２．あり
AF49: 定員超過 | AL49: １．なし ２．あり
AF50: 職員欠如 | AL50: １．なし ２．あり
AF51: サービス管理責任者欠如 | AL51: １．なし ２．あり
AF52: 福祉専門職員配置等 | AL52: １．なし ３．Ⅱ ４．Ⅲ ５．Ⅰ
AF53: 人員配置体制 | AL53: １．なし ２．あり
AF54: 福祉・介護職員等処遇改善加算対象（※17） | AL54: １．なし ２．Ⅰ ３．Ⅱ ４．Ⅲ ５．Ⅳ ６．Ⅴ
AF55: 福祉・介護職員等処遇改善加算（Ⅴ）区分（※18） | AL55: １．Ｖ（１） ２．Ｖ（２） ３．Ｖ（３） ４．Ｖ（４） ５．Ｖ（５） ６．Ｖ（６） ７．Ｖ（７） ８．Ｖ（８） ９．Ｖ（９） １０．Ｖ（１０） １１．Ｖ（１１） １２．Ｖ（１２） １３．Ｖ（１３） １４．Ｖ（１４）
AF56: 指定管理者制度適用区分 | AL56: １．非該当 ２．該当
AF57: 地域生活支援拠点等 | AL57: １．非該当 ２．該当
B58: 生活介護 | K58: =IF(基本情報入力シート!L49="","",基本情報入力シート!L49) | O58: 選択してください | U58: 選択してください | AA58: 選択してください | AF58: 施設区分 | AL58: 選択してください
AF59: 定員超過 | AL59: 選択してください
AF60: 職員欠如 | AL60: 選択してください
AF61: サービス管理責任者欠如 | AL61: 選択してください
AF62: 開所時間減算 | AL62: 選択してください
AF63: 開所時間減算区分（※4） | AL63: 選択してください
AF64: 短時間利用減算 | AL64: 選択してください
AF65: 大規模事業所 | AL65: 選択してください
AF66: 医師配置未配置減算 | AL66: 選択してください
AF67: 身体拘束廃止未実施 | AL67: 選択してください
AF68: 虐待防止措置未実施 | AL68: 選択してください
AF69: 業務継続計画未策定 | AL69: 選択してください
AF70: 情報公表未報告 | AL70: 選択してください
... AF94: 高次脳機能障害者支援体制 | AL94: 選択してください
B95: 短期入所 | AF95: 施設区分 | AL95: １．福祉型 ２．医療型 ３．福祉型（強化）
AF96: 定員超過 | AL96: １．なし ２．あり
AF97: 職員欠如 | AL97: １．なし ２．あり
AF98: 大規模減算 | AL98: １．なし ２．あり
AF99: 身体拘束廃止未実施 | AL99: １．なし ２．あり
AF100: 虐待防止措置未実施 | AL100: １．なし ２．あり
AF101: 業務継続計画未策定 | AL101: １．なし ２．あり
AF102: 情報公表未報告 | AL102: １．なし ２．あり
AF103: 常勤看護職員等配置 | AL103: １．なし ２．あり
AF104: 重度障害者支援加算（強度行動障害） | AL104: １．なし ２．あり
AF105: 単独型加算 | AL105: １．なし ２．あり
AF106: 医療連携体制加算（Ⅸ） | AL106: １．なし ２．あり
AF107: 栄養士配置 | AL107: １．なし ２．その他栄養士 ３．常勤栄養士 ４．常勤管理栄養士
... AF117: 中核的人材配置体制 | AL117: １．なし ２．あり
B118: 重度障害者等包括支援 | AF118: 身体拘束廃止未実施 | AL118: １．なし ２．あり
AF119: 虐待防止措置未実施 | AL119: １．なし ２．あり
AF120: 業務継続計画未策定（※15） | AL120: １．なし ２．あり
AF121: 情報公表未報告 | AL121: １．なし ２．あり
AF122: 送迎体制 | AL122: １．なし ２．あり
AF123: 地域生活移行個別支援 | AL123: １．なし ２．あり
AF124: 精神障害者地域移行体制 | AL124: １．なし ２．あり
AF125: 強度行動障害者地域移行体制 | AL125: １．なし ２．あり
AF126: 福祉・介護職員等処遇改善加算対象（※17） | AL126: １．なし ２．Ⅰ ４．Ⅲ ５．Ⅳ ６．Ⅴ
AF127: 福祉・介護職員等処遇改善加算（Ⅴ）区分（※18） | AL127: １．Ｖ（１） ２．Ｖ（２） ５．Ｖ（５） ７．Ｖ（７） ８．Ｖ（８） １０．Ｖ（１０） １１．Ｖ（１１） １３．Ｖ（１３） １４．Ｖ（１４）
AF128: 指定管理者制度適用区分 | AL128: １．非該当 ２．該当
AF129: 地域生活支援拠点等 | AL129: １．非該当 ２．該当
B130: 施設入所支援 | K130: =IF(基本情報入力シート!L46="","",基本情報入力シート!L46) | O130: 選択してください | U130: 選択してください | AF130: 定員超過 | AL130: 選択してください
AF131: 職員欠如 | AL131: 選択してください
AF132: 栄養士配置減算対象 | AL132: 選択してください
AF133: 身体拘束廃止未実施 | AL133: 選択してください
AF134: 虐待防止措置未実施 | AL134: 選択してください
AF135: 業務継続計画未策定 | AL135: 選択してください
...

Sheet 標準様式４勤形（入所）
A1: 標準様式４
A2: 従業者の勤務の体制及び勤務形態一覧表 | AI2: サービス種別 | AK2: =IF(基本情報入力シート!L66&"("&基本情報入力シート!L67&")"="","",基本情報入力シート!L66&"("&基本情報入力シート!L67&")") -> 施設入所支援(障害者支援施設)
Q3: 年 | U3: 月 | AI3: 事業所名 | AK3: =IF(基本情報入力シート!L70="","",基本情報入力シート!L70)
AI4: (1)記載する期間 | AK4: ４週
AI5: (2)予定/実績の別 | AK5: 予定
AI6: (3)人員配置区分
AI7: 平均利用者数 | AK7: =AL126 -> #DIV/0!
AG8: (4)事業所における常勤の従業者が勤務すべき時間数 | AK8: 時間/週 | AM8: 時間/月
A10: No. | B10: (5)職種 | C10: (6)勤務形態 | D10: (7)資格 | E10: (8)氏名 | F10: (9) | AK10: (10)勤務時間数合計 | AL10: (11)週平均の勤務時間数 | AM10: (12)常勤換算後の人数 | AN10: (13)兼務状況 （兼務先／兼務する職務の内容）等
F11: 第１週 | M11: 第２週 | T11: 第３週 | AA11: 第４週 | AH11: 第５週
B12: ※選択肢にない職種については直接入力してください | F12: 45474 | G12: 45475 | H12: 45476 | I12: 45477 | J12: 45478 | K12: 45479 | L12: 45480 | M12: 45481 | N12: 45482 | O12: 45483 | P12: 45484 | Q12: 45485 | R12: 45486 | S12: 45487 | T12: 45488 | U12: 45489 | V12: 45490 | W12: 45491 | X12: 45492 | Y12: 45493 | Z12: 45494 | AA12: 45495 | AB12: 45496 | AC12: 45497 | AD12: 45498 | AE12: 45499 | AF12: 45500 | AG12: 45501 | AH12: 45502 | AI12: 45503 | AJ12: 45504
F13: 月 | G13: 火 | H13: 水 | I13: 木 | J13: 金 | K13: 土 | L13: 日 | M13: 月 | N13: 火 | O13: 水 | P13: 木 | Q13: 金 | R13: 土 | S13: 日 | T13: 月 | U13: 火 | V13: 水 | W13: 木 | X13: 金 | Y13: 土 | Z13: 日 | AA13: 月 | AB13: 火 | AC13: 水 | AD13: 木 | AE13: 金 | AF13: 土 | AG13: 日 | AH13: 月 | AI13: 火 | AJ13: 水
A14: 1 | AK14: =+SUM(F14:AJ14) -> 0 | AL14: =IF($AK$4="４週",AK14/4,AK14/(DAY(EOMONTH($F$12,0))/7)) -> 0 | AM14: =IF(ISBLANK($AH$8),"",ROUNDDOWN(AL14/$AH$8,1))
A15: 2 | AK15: =+SUM(F15:AJ15) -> 0 | AL15: =IF($AK$4="４週",AK15/4,AK15/(DAY(EOMONTH($F$12,0))/7)) -> 0 | AM15: =IF(ISBLANK($AH$8),"",ROUNDDOWN(AL15/$AH$8,1))
A16: 3 | AK16: =+SUM(F16:AJ16) -> 0 | AL16: =IF($AK$4="４週",AK16/4,AK16/(DAY(EOMONTH($F$12,0))/7)) -> 0 | AM16: =IF(ISBLANK($AH$8),"",ROUNDDOWN(AL16/$AH$8,1))
A17: 4 | AK17: =+SUM(F17:AJ17) -> 0 | AL17: =IF($AK$4="４週",AK17/4,AK17/(DAY(EOMONTH($F$12,0))/7)) -> 0 | AM17: =IF(ISBLANK($AH$8),"",ROUNDDOWN(AL17/$AH$8,1))
A18: 5 | AK18: =+SUM(F18:AJ18) -> 0 | AL18: =IF($AK$4="４週",AK18/4,AK18/(DAY(EOMONTH($F$12,0))/7)) -> 0 | AM18: =IF(ISBLANK($AH$8),"",ROUNDDOWN(AL18/$AH$8,1))
A19: 6 | AK19: =+SUM(F19:AJ19) -> 0 | AL19: =IF($AK$4="４週",AK19/4,AK19/(DAY(EOMONTH($F$12,0))/7)) -> 0 | AM19: =IF(ISBLANK($AH$8),"",ROUNDDOWN(AL19/$AH$8,1))
A20: 7 | AK20: =+SUM(F20:AJ20) -> 0 | AL20: =IF($AK$4="４週",AK20/4,AK20/(DAY(EOMONTH($F$12,0))/7)) -> 0 | AM20: =IF(ISBLANK($AH$8),"",ROUNDDOWN(AL20/$AH$8,1))
A21: 8 | AK21: =+SUM(F21:AJ21) -> 0 | AL21: =IF($AK$4="４週",AK21/4,AK21/(DAY(EOMONTH($F$12,0))/7)) -> 0 | AM21: =IF(ISBLANK($AH$8),"",ROUNDDOWN(AL21/$AH$8,1))
A22: 9 | AK22: =+SUM(F22:AJ22) -> 0 | AL22: =IF($AK$4="４週",AK22/4,AK22/(DAY(EOMONTH($F$12,0))/7)) -> 0 | AM22: =IF(ISBLANK($AH$8),"",ROUNDDOWN(AL22/$AH$8,1))
A23: 10 | AK23: =+SUM(F23:AJ23) -> 0 | AL23: =IF($AK$4="４週",AK23/4,AK23/(DAY(EOMONTH($F$12,0))/7)) -> 0 | AM23: =IF(ISBLANK($AH$8),"",ROUNDDOWN(AL23/$AH$8,1))
A24: 11 | AK24: =+SUM(F24:AJ24) -> 0 | AL24: =IF($AK$4="４週",AK24/4,AK24/(DAY(EOMONTH($F$12,0))/7)) -> 0 | AM24: =IF(ISBLANK($AH$8),"",ROUNDDOWN(AL24/$AH$8,1))
A25: 12 | AK25: =+SUM(F25:AJ25) -> 0 | AL25: =IF($AK$4="４週",AK25/4,AK25/(DAY(EOMONTH($F$12,0))/7)) -> 0 | AM25: =IF(ISBLANK($AH$8),"",ROUNDDOWN(AL25/$AH$8,1))
... A113: 100 | AK113: =+SUM(F113:AJ113) -> 0 | AL113: =IF($AK$4="４週",AK113/4,AK113/(DAY(EOMONTH($F$12,0))/7)) -> 0 | AM113: =IF(ISBLANK($AH$8),"",ROUNDDOWN(AL113/$AH$8,1))
A114: 合計 | F114: =+SUM(F14:F33) -> 0 | G114: =+SUM(G14:G33) -> 0 | H114: =+SUM(H14:H33) -> 0 | I114: =+SUM(I14:I33) -> 0 | J114: =+SUM(J14:J33) -> 0 | K114: =+SUM(K14:K33) -> 0 | L114: =+SUM(L14:L33) -> 0 | M114: =+SUM(M14:M33) -> 0 | ... AJ114: =+SUM(AJ14:AJ33) -> 0 | AK114: =+SUM(F114:AJ114) -> 0 | AL114: =IF($AK$4="４週",AK114/4,AK114/(DAY(EOMONTH($F$12,0))/7)) -> 0 | AM114: =SUM(AM14:AM113) -> 0
A115: サービス提供時間
A119: ＜実施する昼間サービス＞※実施するものに「○」を選択してください。
B120: サービス類型 | D120: 生活介護 | F120: 自立訓練（機能訓練） | L120: 自立訓練（生活訓練） | R120: 就労移行支援 | X120: 就労継続支援A型 | AD120: 就労継続支援B型
B121: 実施の有無 | D121: =IF(基本情報入力シート!L48="","",基本情報入力シート!L48) | F121: =IF(基本情報入力シート!L51="","",基本情報入力シート!L51) | L121: =IF(基本情報入力シート!L54="","",基本情報入力シート!L54) | R121: =IF(基本情報入力シート!L57="","",基本情報入力シート!L57) | X121: =IF(基本情報入力シート!L60="","",基本情報入力シート!L60) | AD121: =IF(基本情報入力シート!L63="","",基本情報入力シート!L63)
B122: 当該サービスを利用する利用者の数 | F122: =IF(基本情報入力シート!L53="","",基本情報入力シート!L53) | L122: =IF(基本情報入力シート!L56="","",基本情報入力シート!L56) | R122: =IF(基本情報入力シート!L59="","",基本情報入力シート!L59) | X122: =IF(基本情報入力シート!L62="","",基本情報入力シート!L62) | AD122: =IF(基本情報入力シート!L65="","",基本情報入力シート!L65)
A124: ＜生活介護に係る前年度の平均値＞※新規申請の場合は推定数を記載ください。
D125: 4 | E125: 5 | F125: 6 | I125: 7 | L125: 8 | O125: 9 | R125: 10 | U125: 11 | X125: 12 | AA125: 1 | AD125: 2 | AG125: 3 | AJ125: 計 | AL125: 平均利用者数 | AM125: 平均障害支援区分
A126: 利用者延べ数計 | D126: =SUM(D127:D131) -> 0 | E126: =SUM(E127:E131) -> 0 | F126: =SUM(F127:H131) -> 0 | I126: =SUM(I127:K131) -> 0 | L126: =SUM(L127:N131) -> 0 | O126: =SUM(O127:Q131) -> 0 | R126: =SUM(R127:T131) -> 0 | U126: =SUM(U127:W131) -> 0 | X126: =SUM(X127:Z131) -> 0 | AA126: =SUM(AA127:AC131) -> 0 | AD126: =SUM(AD127:AF131) -> 0 | AG126: =SUM(AG127:AI131) -> 0 | AJ126: =SUM(D126:AI126) -> 0 | AL126: =ROUNDUP(((AJ126-AJ132-AJ133)+AJ132*0.5+AJ133*0.75)/AJ134,1) -> #DIV/0! | AM126: =ROUND((2*AJ127+3*AJ128+4*AJ129+5*AJ130+6*AJ131)/AJ126,1) -> #DIV/0!
A127: 区分２の延べ利用者数 | AJ127: =SUM(D127:AI127) -> 0
A128: 区分３の延べ利用者数 | AJ128: =SUM(D128:AI128) -> 0
A129: 区分４の延べ利用者数 | AJ129: =SUM(D129:AI129) -> 0
A130: 区分５の延べ利用者数 | AJ130: =SUM(D130:AI130) -> 0
A131: 区分６の延べ利用者数 | AJ131: =SUM(D131:AI131) -> 0
B132: 所要時間５時間未満の延べ利用者数 | AJ132: =SUM(D132:AI132) -> 0
B133: 所要時間５時間以上７時間未満の 延べ利用者数 | AJ133: =SUM(D133:AI133) -> 0
A134: 開所日数 | AJ134: =+SUM(D134:AI134) -> 0
A135: (※)利用者延べ数の内数を記載してください。所要時間は、送迎や障害特性等による配慮事項を含む、個別支援計画に位置付けられた標準的な時間を指します。
A136: (※)5月の延べ利用者数を他の月にコピーしようとすると、数値にエラーが生じますのでお控えください。
A138: ＜人員に関する基準＞
A139: 区分 | C139: サービス管理責任者 | E139: 看護職員、理学療法士、作業療法士又は言語聴覚士及び生活支援員（生活介護を実施する場合） | I139: 看護職員、理学療法士、作業療法士又は言語聴覚士及び生活支援員（機能訓練を実施する場合） | O139: 生活支援員及び看護職員（生活訓練を実施する場合） | U139: 職業指導員及び生活支援員（就労移行支援を実施する場合） | AA139: 就労支援員（就労移行支援を実施する場合） | AG139: 職業指導員及び生活支援員（就労継続支援A型を実施する場合） | AL139: 職業指導員及び生活支援員（就労継続支援B型を実施する場合）
A140: 必要な配置数 | C140: =ROUNDDOWN(IF(AL126<=60,1,1+ROUNDUP((AL126-60)/40,0)),1) -> #DIV/0! | E140: =IF(D121="○",ROUNDDOWN(IF(AM126<4,AL126/6,IF(AM126<5,AL126/5,AL126/3)),1),"-") -> - | I140: =IF(F121="○",ROUNDDOWN(F122/6,1),"-") -> - | O140: =IF(L121="○",ROUNDDOWN(L122/6,1),"-") -> - | U140: =IF(R121="○",ROUNDDOWN(R122/6,1),"-") -> - | AA140: =IF(R121="○",ROUNDDOWN(R122/15,1),"-") -> - | AG140: =IF(X121="○",ROUNDDOWN(X122/10,1),"-") -> - | AL140: =IF(AD121="○",ROUNDDOWN(AD122/10,1),"-") -> -
A142: ＜人員基準に関する実人数集計＞
C143: 管理者 | E143: サービス管理責任者 | I143: 医師 | O143: 看護職員 | U143: 理学療法士 | AA143: 作業療法士 | AG143: 言語聴覚士 | AL143: 生活支援員
C144: 専従 | D144: 兼務 | E144: 専従 | F144: 兼務 | I144: 専従 | L144: 兼務 | O144: 専従 | R144: 兼務 | U144: 専従 | X144: 兼務 | AA144: 専従 | AD144: 兼務 | AG144: 専従 | AJ144: 兼務 | AL144: 専従 | AM144: 兼務
B145: 常勤 | C145: =COUNTIFS($B$14:$B$113,C$143,$C$14:$C$113,"A（常勤専従）",$E$14:$E113,"*") -> 0 | D145: =COUNTIFS($B$14:$B$113,C$143,$C$14:$C$113,"B（常勤兼務）",$E$14:$E$113,"*") -> 0 | E145: =COUNTIFS($B$14:$B$113,E$143,$C$14:$C$113,"A（常勤専従）",$E$14:$E113,"*") -> 0 | F145: =COUNTIFS($B$14:$B$113,E$143,$C$14:$C$113,"B（常勤兼務）",$E$14:$E$113,"*") -> 0 | I145: =COUNTIFS($B$14:$B$113,I$143,$C$14:$C$113,"A（常勤専従）",$E$14:$E113,"*") -> 0 | L145: =COUNTIFS($B$14:$B$113,I$143,$C$14:$C$113,"B（常勤兼務）",$E$14:$E$113,"*") -> 0 | O145: =COUNTIFS($B$14:$B$113,O$143,$C$14:$C$113,"A（常勤専従）",$E$14:$E113,"*") -> 0 | R145: =COUNTIFS($B$14:$B$113,O$143,$C$14:$C$113,"B（常勤兼務）",$E$14:$E$113,"*") -> 0 | U145: =COUNTIFS($B$14:$B$113,U$143,$C$14:$C$113,"A（常勤専従）",$E$14:$E113,"*") -> 0 | X145: =COUNTIFS($B$14:$B$113,U$143,$C$14:$C$113,"B（常勤兼務）",$E$14:$E$113,"*") -> 0 | AA145: =COUNTIFS($B$14:$B$113,AA$143,$C$14:$C$113,"A（常勤専従）",$E$14:$E113,"*") -> 0 | AD145: =COUNTIFS($B$14:$B$113,AA$143,$C$14:$C$113,"B（常勤兼務）",$E$14:$E$113,"*") -> 0 | AG145: =COUNTIFS($B$14:$B$113,AG$143,$C$14:$C$113,"A（常勤専従）",$E$14:$E113,"*") -> 0 | AJ145: =COUNTIFS($B$14:$B$113,AG$143,$C$14:$C$113,"B（常勤兼務）",$E$14:$E$113,"*") -> 0 | AL145: =COUNTIFS($B$14:$B$113,AL$143,$C$14:$C$113,"A（常勤専従）",$E$14:$E113,"*") -> 0 | AM145: =COUNTIFS($B$14:$B$113,AL$143,$C$14:$C$113,"B（常勤兼務）",$E$14:$E$113,"*") -> 0
B146: 非常勤 | C146: =COUNTIFS($B$14:$B$113,C$143,$C$14:$C$113,"C（非常勤専従）",$E$14:$E$113,"*") -> 0 | D146: =COUNTIFS($B$14:$B$113,C$143,$C$14:$C$113,"D（非常勤兼務）",$E$14:$E$113,"*") -> 0 | E146: =COUNTIFS($B$14:$B$113,E$143,$C$14:$C$113,"C（非常勤専従）",$E$14:$E$113,"*") -> 0 | F146: =COUNTIFS($B$14:$B$113,E$143,$C$14:$C$113,"D（非常勤兼務）",$E$14:$E$113,"*") -> 0 | I146: =COUNTIFS($B$14:$B$113,I$143,$C$14:$C$113,"C（非常勤専従）",$E$14:$E$113,"*") -> 0 | L146: =COUNTIFS($B$14:$B$113,I$143,$C$14:$C$113,"D（非常勤兼務）",$E$14:$E$113,"*") -> 0 | O146: =COUNTIFS($B$14:$B$113,O$143,$C$14:$C$113,"C（非常勤専従）",$E$14:$E$113,"*") -> 0 | R146: =COUNTIFS($B$14:$B$113,O$143,$C$14:$C$113,"D（非常勤兼務）",$E$14:$E$113,"*") -> 0 | U146: =COUNTIFS($B$14:$B$113,U$143,$C$14:$C$113,"C（非常勤専従）",$E$14:$E$113,"*") -> 0 | X146: =COUNTIFS($B$14:$B$113,U$143,$C$14:$C$113,"D（非常勤兼務）",$E$14:$E$113,"*") -> 0 | AA146: =COUNTIFS($B$14:$B$113,AA$143,$C$14:$C$113,"C（非常勤専従）",$E$14:$E$113,"*") -> 0 | AD146: =COUNTIFS($B$14:$B$113,AA$143,$C$14:$C$113,"D（非常勤兼務）",$E$14:$E$113,"*") -> 0 | AG146: =COUNTIFS($B$14:$B$113,AG$143,$C$14:$C$113,"C（非常勤専従）",$E$14:$E$113,"*") -> 0 | AJ146: =COUNTIFS($B$14:$B$113,AG$143,$C$14:$C$113,"D（非常勤兼務）",$E$14:$E$113,"*") -> 0 | AL146: =COUNTIFS($B$14:$B$113,AL$143,$C$14:$C$113,"C（非常勤専従）",$E$14:$E$113,"*") -> 0 | AM146: =COUNTIFS($B$14:$B$113,AL$143,$C$14:$C$113,"D（非常勤兼務）",$E$14:$E$113,"*") -> 0
B147: 常勤換算数 | C147: =IF($AK$4="４週",SUMIFS($AK$14:$AK$113,$B$14:$B$113,C143)/4/$AH$8,IF($AK$4="歴月",SUMIFS($AK$14:$AK$113,$B$14:$B$113,C143)/$AL$8,"記載する期間を選択してください")) -> #DIV/0! | E147: =IF($AK$4="４週",SUMIFS($AK$14:$AK$113,$B$14:$B$113,E143)/4/$AH$8,IF($AK$4="歴月",SUMIFS($AK$14:$AK$113,$B$14:$B$113,E143)/$AL$8,"記載する期間を選択してください")) -> #DIV/0! | I147: =IF($AK$4="４週",SUMIFS($AK$14:$AK$113,$B$14:$B$113,I143)/4/$AH$8,IF($AK$4="歴月",SUMIFS($AK$14:$AK$113,$B$14:$B$113,I143)/$AL$8,"記載する期間を選択してください")) -> #DIV/0! | O147: =IF($AK$4="４週",SUMIFS($AK$14:$AK$113,$B$14:$B$113,O143)/4/$AH$8,IF($AK$4="歴月",SUMIFS($AK$14:$AK$113,$B$14:$B$113,O143)/$AL$8,"記載する期間を選択してください")) -> #DIV/0! | U147: =IF($AK$4="４週",SUMIFS($AK$14:$AK$113,$B$14:$B$113,U143)/4/$AH$8,IF($AK$4="歴月",SUMIFS($AK$14:$AK$113,$B$14:$B$113,U143)/$AL$8,"記載する期間を選択してください")) -> #DIV/0! | AA147: =IF($AK$4="４週",SUMIFS($AK$14:$AK$113,$B$14:$B$113,AA143)/4/$AH$8,IF($AK$4="歴月",SUMIFS($AK$14:$AK$113,$B$14:$B$113,AA143)/$AL$8,"記載する期間を選択してください")) -> #DIV/0! | AG147: =IF($AK$4="４週",SUMIFS($AK$14:$AK$113,$B$14:$B$113,AG143)/4/$AH$8,IF($AK$4="歴月",SUMIFS($AK$14:$AK$113,$B$14:$B$113,AG143)/$AL$8,"記載する期間を選択してください")) -> #DIV/0! | AL147: =IF($AK$4="４週",SUMIFS($AK$14:$AK$113,$B$14:$B$113,AL143)/4/$AH$8,IF($AK$4="歴月",SUMIFS($AK$14:$AK$113,$B$14:$B$113,AL143)/$AL$8,"記載する期間を選択してください")) -> #DIV/0!
C149: 職業指導員 | E149: 就労支援員 | K149: ＜人員配置体制加算＞
C150: 専従 | D150: 兼務 | E150: 専従 | F150: 兼務 | K150: 看護職員、理学療法士、作業療法士又は言語聴覚士及び生活支援員
B151: 常勤 | C151: =COUNTIFS($B$14:$B$113,C$149,$C$14:$C$113,"A（常勤専従）",$E$14:$E113,"*") -> 0 | D151: =COUNTIFS($B$14:$B$113,C$149,$C$14:$C$113,"B（常勤兼務）",$E$14:$E$113,"*") -> 0 | E151: =COUNTIFS($B$14:$B$113,E$149,$C$14:$C$113,"A（常勤専従）",$E$14:$E113,"*") -> 0 | F151: =COUNTIFS($B$14:$B$113,E$149,$C$14:$C$113,"B（常勤兼務）",$E$14:$E$113,"*") -> 0
B152: 非常勤 | C152: =COUNTIFS($B$14:$B$113,C$149,$C$14:$C$113,"C（非常勤専従）",$E$14:$E$113,"*") -> 0 | D152: =COUNTIFS($B$14:$B$113,C$149,$C$14:$C$113,"D（非常勤兼務）",$E$14:$E$113,"*") -> 0 | E152: =COUNTIFS($B$14:$B$113,E$149,$C$14:$C$113,"C（非常勤専従）",$E$14:$E$113,"*") -> 0 | F152: =COUNTIFS($B$14:$B$113,E$149,$C$14:$C$113,"D（非常勤兼務）",$E$14:$E$113,"*") -> 0 | K152: Ⅰ型 （1.5：1） | O152: Ⅱ型 （1.7：１） | S152: Ⅲ型 （2.0：１） | W152: Ⅰ型 （2.5：１）
B153: 常勤換算数 | C153: =IF($AK$4="４週",SUMIFS($AK$14:$AK$113,$B$14:$B$113,C149)/4/$AH$8,IF($AK$4="歴月",SUMIFS($AK$14:$AK$113,$B$14:$B$113,C149)/$AL$8,"記載する期間を選択してください")) -> #DIV/0! | E153: =IF($AK$4="４週",SUMIFS($AK$14:$AK$113,$B$14:$B$113,E149)/4/$AH$8,IF($AK$4="歴月",SUMIFS($AK$14:$AK$113,$B$14:$B$113,E149)/$AL$8,"記載する期間を選択してください")) -> #DIV/0! | K153: =ROUNDDOWN(AL126/1.5,1) -> #DIV/0! | O153: =ROUNDDOWN(AL126/1.7,1) -> #DIV/0! | S153: =ROUNDDOWN(AL126/2,1) -> #DIV/0! | W153: =ROUNDDOWN(AL126/2.5,1) -> #DIV/0!
E154: =C154+1 -> 1
A155: ・最初に「年月欄」「サービス種別」「事業所名」を入力してください。
A156: (1) 「４週」・「暦月」のいずれかを選択してください。
A157: (2) 「予定」・「実績」のいずれかを選択してください。
A158: (3) 人員配置区分を選択してください。
A159: (4) 事業所における常勤の従業者が勤務すべき時間数を入力してください。
A160: (5) 従業者の職種を入力してください。
A161: 記入の順序は、職種ごとにまとめてください。
A162: (6) 従業者の勤務形態について、下記のうち該当する区分の記号を入力してください。
B163: 記号 | C163: 区分
B164: A（常勤専従） | C164: 常勤で専従
B165: B（常勤兼務） | C165: 常勤で兼務
B166: C（非常勤専従） | C166: 非常勤で専従
B167: D（非常勤兼務） | C167: 非常勤で兼務
B168: （注）常勤・非常勤の区分について
B169: 当該事業所における勤務時間が、当該事業所において定められている常勤の従業者が勤務すべき時間数に達していることをいいます。雇用の形態は考慮しません。
B170: （例えば、常勤者は週に40時間勤務することとされた事業所であれば、非正規雇用であっても、週40時間勤務する従業者は常勤扱いとなります。）
A171: (7) 従業者の保有する資格を入力してください。
A172: 保有資格を全て記入するのではなく、人員基準・加配加算上、求められる資格等を入力してください。
A173: ※選択した資格及び研修に関して、必要に応じて、資格証又は研修修了証等の写しを添付資料として提出してください。
A174: (8) 従業者の氏名を記入してください。
A175: (9) 申請する事業に係る従業者（管理者を含む。）の1ヶ月分の勤務時間を入力してください。
A176: 常勤の職員の休暇等については、その期間が暦年で１月を超えるものでない限り、常勤換算の計算上は勤務したものとみなすことができます。
B177: その場合、勤務時間欄には「休」と記入し、勤務時間の合計に含めてください（非常勤職員の休暇等は常勤換算の計算に含めることはできません）。
B178: ※指定基準の確認に際しては、４週分の入力で差し支えありません。
A179: (10) 従業者ごとに、合計勤務時間数を入力してください。
A180: ※ 入力することができる時間数は、当該事業所において常勤の従業者が勤務すべき勤務時間数を上限とします。
A181: (11) 従業者ごとに、週平均の勤務時間数を入力してください。
A182: (12) 常勤換算後の人数を入力してください。
A183: (13) 申請する事業所以外の事業所・施設との兼務がある場合は、兼務先の事業所・施設の名称、兼務する職務の内容について記入してください。
A184: 同一事業所内の兼務についても兼務する職務の内容を記入してください。
A185: その他、特記事項欄としてもご活用ください。
A186: （14)本表には計算式を設定していますが、結果に誤りがないかご確認ください。
A187: （15) 必要項目を満たしていれば、各事業所で使用するシフト表等をもって代替書類として差し支えありません。

Sheet 標準様式４勤形（入所）記載例
A1: 標準様式４
A2: 従業者の勤務の体制及び勤務形態一覧表 | AI2: サービス種別 | AK2: =IF(基本情報入力シート!L66&"("&基本情報入力シート!L67&")"="","",基本情報入力シート!L66&"("&基本情報入力シート!L67&")") -> 施設入所支援(障害者支援施設)
M3: 2024 | Q3: 年 | S3: 7 | U3: 月 | AI3: 事業所名 | AK3: =IF(基本情報入力シート!L70="","",基本情報入力シート!L70)
AI4: (1)記載する期間 | AK4: ４週
AI5: (2)予定/実績の別 | AK5: 予定
AI6: (3)人員配置区分 | AK6: Ⅱ型(1.7:1)
AI7: 平均利用者数 | AK7: =AL126 -> 84.2
AG8: (4)事業所における常勤の従業者が勤務すべき時間数 | AH8: 40 | AK8: 時間/週 | AL8: 160 | AM8: 時間/月
A10: No. | B10: (4)職種 | C10: (5)勤務形態 | D10: (6)資格 | E10: (7)氏名 | F10: (9) | AK10: (10)勤務時間数合計 | AL10: (11)週平均の勤務時間数 | AM10: (12)常勤換算後の人数 | AN10: (13)兼務状況 （兼務先／兼務する職務の内容）等
F11: 第１週 | M11: 第２週 | T11: 第３週 | AA11: 第４週 | AH11: 第５週
B12: ※選択肢にない職種については直接入力してください | F12: 45474 | G12: 45475 | H12: 45476 | I12: 45477 | J12: 45478 | K12: 45479 | L12: 45480 | M12: 45481 | N12: 45482 | O12: 45483 | P12: 45484 | Q12: 45485 | R12: 45486 | S12: 45487 | T12: 45488 | U12: 45489 | V12: 45490 | W12: 45491 | X12: 45492 | Y12: 45493 | Z12: 45494 | AA12: 45495 | AB12: 45496 | AC12: 45497 | AD12: 45498 | AE12: 45499 | AF12: 45500 | AG12: 45501 | AH12: 45502 | AI12: 45503 | AJ12: 45504
F13: 45474 | G13: 45475 | H13: 45476 | I13: 45477 | J13: 45478 | K13: 45479 | L13: 45480 | M13: 45481 | N13: 45482 | O13: 45483 | P13: 45484 | Q13: 45485 | R13: 45486 | S13: 45487 | T13: 45488 | U13: 45489 | V13: 45490 | W13: 45491 | X13: 45492 | Y13: 45493 | Z13: 45494 | AA13: 45495 | AB13: 45496 | AC13: 45497 | AD13: 45498 | AE13: 45499 | AF13: 45500 | AG13: 45501 | AH13: 45502 | AI13: 45503 | AJ13: 45504
A14: 1 | B14: 管理者 | C14: B（常勤兼務） | E14: 東京1郎 | F14: 8 | G14: 8 | H14: 8 | I14: 8 | J14: 8 | M14: 8 | N14: 8 | O14: 8 | P14: 8 | Q14: 8 | T14: 8 | U14: 8 | V14: 8 | W14: 8 | X14: 8 | AA14: 8 | AB14: 8 | AC14: 8 | AD14: 8 | AE14: 8 | AK14: =+SUM(F14:AJ14) -> 160 | AL14: =IF($AK$4="４週",AK14/4,AK14/(DAY(EOMONTH($F$12,0))/7)) -> 40 | AM14: =IF(ISBLANK($AH$8),"",ROUNDDOWN(AL14/$AH$8,1)) -> 1 | AN14: 管理者兼サービス管理責任者
A15: 2 | B15: サービス管理責任者 | C15: B（常勤兼務） | E15: 東京1郎 | F15: 8 | G15: 8 | H15: 8 | I15: 8 | J15: 8 | M15: 8 | N15: 8 | O15: 8 | P15: 8 | Q15: 8 | T15: 8 | U15: 8 | V15: 8 | W15: 8 | X15: 8 | AA15: 8 | AB15: 8 | AC15: 8 | AD15: 8 | AE15: 8 | AK15: =+SUM(F15:AJ15) -> 160 | AL15: =IF($AK$4="４週",AK15/4,AK15/(DAY(EOMONTH($F$12,0))/7)) -> 40 | AM15: =IF(ISBLANK($AH$8),"",ROUNDDOWN(AL15/$AH$8,1)) -> 1 | AN15: 管理者兼サービス管理責任者
A16: 3 | B16: サービス管理責任者 | C16: A（常勤専従） | E16: 東京2郎 | F16: 8 | G16: 8 | H16: 8 | I16: 8 | J16: 8 | M16: 8 | N16: 8 | O16: 8 | P16: 8 | Q16: 8 | T16: 8 | U16: 8 | V16: 8 | W16: 8 | X16: 8 | AA16: 8 | AB16: 8 | AC16: 8 | AD16: 8 | AE16: 8 | AK16: =+SUM(F16:AJ16) -> 160 | AL16: =IF($AK$4="４週",AK16/4,AK16/(DAY(EOMONTH($F$12,0))/7)) -> 40 | AM16: =IF(ISBLANK($AH$8),"",ROUNDDOWN(AL16/$AH$8,1)) -> 1
A17: 4 | B17: 医師 | C17: C（非常勤専従） | D17: 医師 | E17: 東京3郎 | H17: 4 | O17: 4 | V17: 4 | AC17: 4 | AK17: =+SUM(F17:AJ17) -> 16 | AL17: =IF($AK$4="４週",AK17/4,AK17/(DAY(EOMONTH($F$12,0))/7)) -> 4 | AM17: =IF(ISBLANK($AH$8),"",ROUNDDOWN(AL17/$AH$8,1)) -> 0.1
A18: 5 | B18: 看護職員 | C18: A（常勤専従） | D18: 看護士 | E18: 東京4郎 | F18: 8 | G18: 8 | H18: 8 | I18: 8 | J18: 8 | M18: 8 | N18: 8 | O18: 8 | P18: 8 | Q18: 8 | T18: 8 | U18: 8 | V18: 8 | W18: 8 | X18: 8 | AA18: 8 | AB18: 8 | AC18: 8 | AD18: 8 | AE18: 8 | AK18: =+SUM(F18:AJ18) -> 160 | AL18: =IF($AK$4="４週",AK18/4,AK18/(DAY(EOMONTH($F$12,0))/7)) -> 40 | AM18: =IF(ISBLANK($AH$8),"",ROUNDDOWN(AL18/$AH$8,1)) -> 1
A19: 6 | B19: 看護職員 | C19: C（非常勤専従） | D19: 看護士 | E19: 東京5郎 | F19: 4 | G19: 4 | H19: 4 | I19: 4 | J19: 4 | M19: 4 | N19: 4 | O19: 4 | P19: 4 | Q19: 4 | T19: 4 | U19: 4 | V19: 4 | W19: 4 | X19: 4 | AA19: 4 | AB19: 4 | AC19: 4 | AD19: 4 | AE19: 4 | AK19: =+SUM(F19:AJ19) -> 80 | AL19: =IF($AK$4="４週",AK19/4,AK19/(DAY(EOMONTH($F$12,0))/7)) -> 20 | AM19: =IF(ISBLANK($AH$8),"",ROUNDDOWN(AL19/$AH$8,1)) -> 0.5
A20: 7 | B20: 看護職員 | C20: A（常勤専従） | D20: 看護士 | E20: 東京6郎 | F20: 8 | G20: 8 | H20: 8 | I20: 8 | J20: 8 | M20: 8 | N20: 8 | O20: 8 | P20: 8 | Q20: 8 | T20: 8 | U20: 8 | V20: 8 | W20: 8 | X20: 8 | AA20: 8 | AB20: 8 | AC20: 8 | AD20: 8 | AE20: 8 | AK20: =+SUM(F20:AJ20) -> 160 | AL20: =IF($AK$4="４週",AK20/4,AK20/(DAY(EOMONTH($F$12,0))/7)) -> 40 | AM20: =IF(ISBLANK($AH$8),"",ROUNDDOWN(AL20/$AH$8,1)) -> 1 | AN20: 育児短時間（週30時間）
A21: 8 | B21: 看護職員 | C21: A（常勤専従） | D21: 看護士 | E21: 東京7郎 | F21: 8 | G21: 8 | H21: 8 | I21: 8 | J21: 8 | M21: 8 | N21: 8 | O21: 8 | P21: 8 | Q21: 8 | T21: 8 | U21: 8 | V21: 8 | W21: 8 | X21: 8 | AA21: 8 | AB21: 8 | AC21: 8 | AD21: 8 | AE21: 8 | AK21: =+SUM(F21:AJ21) -> 160 | AL21: =IF($AK$4="４週",AK21/4,AK21/(DAY(EOMONTH($F$12,0))/7)) -> 40 | AM21: =IF(ISBLANK($AH$8),"",ROUNDDOWN(AL21/$AH$8,1)) -> 1
A22: 9 | B22: 生活支援員 | C22: B（常勤兼務） | D22: 社会福祉士 | E22: 東京8郎（生介） | F22: 4 | G22: 4 | H22: 4 | I22: 4 | J22: 4 | M22: 4 | N22: 4 | O22: 4 | P22: 4 | Q22: 4 | T22: 4 | U22: 4 | V22: 4 | W22: 4 | X22: 4 | AA22: 4 | AB22: 4 | AC22: 4 | AD22: 4 | AE22: 4 | AK22: =+SUM(F22:AJ22) -> 80 | AL22: =IF($AK$4="４週",AK22/4,AK22/(DAY(EOMONTH($F$12,0))/7)) -> 20 | AM22: =IF(ISBLANK($AH$8),"",ROUNDDOWN(AL22/$AH$8,1)) -> 0.5
A23: 10 | B23: 生活支援員 | C23: B（常勤兼務） | D23: 社会福祉士 | E23: 東京8郎（就Ｂ） | F23: 4 | G23: 4 | H23: 4 | I23: 4 | J23: 4 | M23: 4 | N23: 4 | O23: 4 | P23: 4 | Q23: 4 | T23: 4 | U23: 4 | V23: 4 | W23: 4 | X23: 4 | AA23: 4 | AB23: 4 | AC23: 4 | AD23: 4 | AE23: 4 | AK23: =+SUM(F23:AJ23) -> 80 | AL23: =IF($AK$4="４週",AK23/4,AK23/(DAY(EOMONTH($F$12,0))/7)) -> 20 | AM23: =IF(ISBLANK($AH$8),"",ROUNDDOWN(AL23/$AH$8,1)) -> 0.5
A24: 11 | B24: 生活支援員 | C24: A（常勤専従） | D24: 介護福祉士 | E24: 東京10郎 | F24: 8 | G24: 8 | H24: 8 | I24: 8 | J24: 8 | M24: 8 | N24: 8 | O24: 8 | P24: 8 | Q24: 8 | T24: 8 | U24: 8 | V24: 8 | W24: 8 | X24: 8 | AA24: 8 | AB24: 8 | AC24: 8 | AD24: 8 | AE24: 8 | AK24: =+SUM(F24:AJ24) -> 160 | AL24: =IF($AK$4="４週",AK24/4,AK24/(DAY(EOMONTH($F$12,0))/7)) -> 40 | AM24: =IF(ISBLANK($AH$8),"",ROUNDDOWN(AL24/$AH$8,1)) -> 1
A25: 12 | B25: 生活支援員 | C25: A（常勤専従） | E25: 東京11郎 | F25: 8 | G25: 8 | H25: 8 | I25: 8 | J25: 8 | M25: 8 | N25: 8 | O25: 8 | P25: 8 | Q25: 8 | T25: 8 | U25: 8 | V25: 8 | W25: 8 | X25: 8 | AA25: 8 | AB25: 8 | AC25: 8 | AD25: 8 | AE25: 8 | AK25: =+SUM(F25:AJ25) -> 160 | AL25: =IF($AK$4="４週",AK25/4,AK25/(DAY(EOMONTH($F$12,0))/7)) -> 40 | AM25: =IF(ISBLANK($AH$8),"",ROUNDDOWN(AL25/$AH$8,1)) -> 1
A26: 13 | B26: 生活支援員 | C26: A（常勤専従） | E26: 東京12郎 | F26: 8 | G26: 8 | H26: 8 | I26: 8 | J26: 8 | M26: 8 | N26: 8 | O26: 8 | P26: 8 | Q26: 8 | T26: 8 | U26: 8 | V26: 8 | W26: 8 | X26: 8 | AA26: 8 | AB26: 8 | AC26: 8 | AD26: 8 | AE26: 8 | AK26: =+SUM(F26:AJ26) -> 160 | AL26: =IF($AK$4="４週",AK26/4,AK26/(DAY(EOMONTH($F$12,0))/7)) -> 40 | AM26: =IF(ISBLANK($AH$8),"",ROUNDDOWN(AL26/$AH$8,1)) -> 1
A27: 14 | B27: 生活支援員 | C27: A（常勤専従） | E27: 東京13郎 | F27: 8 | G27: 8 | H27: 8 | I27: 8 | J27: 8 | M27: 8 | N27: 8 | O27: 8 | P27: 8 | Q27: 8 | T27: 8 | U27: 8 | V27: 8 | W27: 8 | X27: 8 | AA27: 8 | AB27: 8 | AC27: 8 | AD27: 8 | AE27: 8 | AK27: =+SUM(F27:AJ27) -> 160 | AL27: =IF($AK$4="４週",AK27/4,AK27/(DAY(EOMONTH($F$12,0))/7)) -> 40 | AM27: =IF(ISBLANK($AH$8),"",ROUNDDOWN(AL27/$AH$8,1)) -> 1
A28: 15 | B28: 生活支援員 | C28: A（常勤専従） | E28: 東京14郎 | F28: 8 | G28: 8 | H28: 8 | I28: 8 | J28: 8 | M28: 8 | N28: 8 | O28: 8 | P28: 8 | Q28: 8 | T28: 8 | U28: 8 | V28: 8 | W28: 8 | X28: 8 | AA28: 8 | AB28: 8 | AC28: 8 | AD28: 8 | AE28: 8 | AK28: =+SUM(F28:AJ28) -> 160 | AL28: =IF($AK$4="４週",AK28/4,AK28/(DAY(EOMONTH($F$12,0))/7)) -> 40 | AM28: =IF(ISBLANK($AH$8),"",ROUNDDOWN(AL28/$AH$8,1)) -> 1
A29: 16 | B29: 生活支援員 | C29: A（常勤専従） | E29: 東京15郎 | F29: 8 | G29: 8 | H29: 8 | I29: 8 | J29: 8 | M29: 8 | N29: 8 | O29: 8 | P29: 8 | Q29: 8 | T29: 8 | U29: 8 | V29: 8 | W29: 8 | X29: 8 | AA29: 8 | AB29: 8 | AC29: 8 | AD29: 8 | AE29: 8 | AK29: =+SUM(F29:AJ29) -> 160 | AL29: =IF($AK$4="４週",AK29/4,AK29/(DAY(EOMONTH($F$12,0))/7)) -> 40 | AM29: =IF(ISBLANK($AH$8),"",ROUNDDOWN(AL29/$AH$8,1)) -> 1
A30: 17 | B30: 生活支援員 | C30: A（常勤専従） | E30: 東京16郎 | F30: 8 | G30: 8 | H30: 8 | I30: 8 | J30: 8 | M30: 8 | N30: 8 | O30: 8 | P30: 8 | Q30: 8 | T30: 8 | U30: 8 | V30: 8 | W30: 8 | X30: 8 | AA30: 8 | AB30: 8 | AC30: 8 | AD30: 8 | AE30: 8 | AK30: =+SUM(F30:AJ30) -> 160 | AL30: =IF($AK$4="４週",AK30/4,AK30/(DAY(EOMONTH($F$12,0))/7)) -> 40 | AM30: =IF(ISBLANK($AH$8),"",ROUNDDOWN(AL30/$AH$8,1)) -> 1
A31: 18 | B31: 生活支援員 | C31: A（常勤専従） | E31: 東京17郎 | F31: 8 | G31: 8 | H31: 8 | I31: 8 | J31: 8 | M31: 8 | N31: 8 | O31: 8 | P31: 8 | Q31: 8 | T31: 8 | U31: 8 | V31: 8 | W31: 8 | X31: 8 | AA31: 8 | AB31: 8 | AC31: 8 | AD31: 8 | AE31: 8 | AK31: =+SUM(F31:AJ31) -> 160 | AL31: =IF($AK$4="４週",AK31/4,AK31/(DAY(EOMONTH($F$12,0))/7)) -> 40 | AM31: =IF(ISBLANK($AH$8),"",ROUNDDOWN(AL31/$AH$8,1)) -> 1
A32: 19 | B32: 生活支援員 | C32: A（常勤専従） | E32: 東京18郎 | F32: 8 | G32: 8 | H32: 8 | I32: 8 | J32: 8 | M32: 8 | N32: 8 | O32: 8 | P32: 8 | Q32: 8 | T32: 8 | U32: 8 | V32: 8 | W32: 8 | X32: 8 | AA32: 8 | AB32: 8 | AC32: 8 | AD32: 8 | AE32: 8 | AK32: =+SUM(F32:AJ32) -> 160 | AL32: =IF($AK$4="４週",AK32/4,AK32/(DAY(EOMONTH($F$12,0))/7)) -> 40 | AM32: =IF(ISBLANK($AH$8),"",ROUNDDOWN(AL32/$AH$8,1)) -> 1
A33: 20 | B33: 生活支援員 | C33: A（常勤専従） | E33: 東京19郎 | F33: 8 | G33: 8 | H33: 8 | I33: 8 | J33: 8 | M33: 8 | N33: 8 | O33: 8 | P33: 8 | Q33: 8 | T33: 8 | U33: 8 | V33: 8 | W33: 8 | X33: 8 | AA33: 8 | AB33: 8 | AC33: 8 | AD33: 8 | AE33: 8 | AK33: =+SUM(F33:AJ33) -> 160 | AL33: =IF($AK$4="４週",AK33/4,AK33/(DAY(EOMONTH($F$12,0))/7)) -> 40 | AM33: =IF(ISBLANK($AH$8),"",ROUNDDOWN(AL33/$AH$8,1)) -> 1
A34: 21 | B34: 生活支援員 | C34: C（非常勤専従） | E34: 東京20郎 | F34: 8 | G34: 8 | H34: 8 | I34: 8 | J34: 8 | M34: 8 | N34: 8 | O34: 8 | P34: 8 | Q34: 8 | T34: 8 | U34: 8 | V34: 8 | W34: 8 | X34: 8 | AA34: 8 | AB34: 8 | AC34: 8 | AD34: 8 | AE34: 8 | AK34: =+SUM(F34:AJ34) -> 160 | AL34: =IF($AK$4="４週",AK34/4,AK34/(DAY(EOMONTH($F$12,0))/7)) -> 40 | AM34: =IF(ISBLANK($AH$8),"",ROUNDDOWN(AL34/$AH$8,1)) -> 1
A35: 22 | B35: 生活支援員 | C35: C（非常勤専従） | E35: 東京21郎 | F35: 8 | G35: 8 | H35: 8 | I35: 8 | J35: 8 | M35: 8 | N35: 8 | O35: 8 | P35: 8 | Q35: 8 | T35: 8 | U35: 8 | V35: 8 | W35: 8 | X35: 8 | AA35: 8 | AB35: 8 | AC35: 8 | AD35: 8 | AE35: 8 | AK35: =+SUM(F35:AJ35) -> 160 | AL35: =IF($AK$4="４週",AK35/4,AK35/(DAY(EOMONTH($F$12,0))/7)) -> 40 | AM35: =IF(ISBLANK($AH$8),"",ROUNDDOWN(AL35/$AH$8,1)) -> 1
A36: 23 | B36: 生活支援員 | C36: C（非常勤専従） | E36: 東京22郎 | F36: 8 | G36: 8 | H36: 8 | I36: 8 | J36: 8 | M36: 8 | N36: 8 | O36: 8 | P36: 8 | Q36: 8 | T36: 8 | U36: 8 | V36: 8 | W36: 8 | X36: 8 | AA36: 8 | AB36: 8 | AC36: 8 | AD36: 8 | AE36: 8 | AK36: =+SUM(F36:AJ36) -> 160 | AL36: =IF($AK$4="４週",AK36/4,AK36/(DAY(EOMONTH($F$12,0))/7)) -> 40 | AM36: =IF(ISBLANK($AH$8),"",ROUNDDOWN(AL36/$AH$8,1)) -> 1
A37: 24 | B37: 生活支援員 | C37: C（非常勤専従） | E37: 東京23郎 | H37: 4 | O37: 4 | V37: 4 | AC37: 4 | AK37: =+SUM(F37:AJ37) -> 16 | AL37: =IF($AK$4="４週",AK37/4,AK37/(DAY(EOMONTH($F$12,0))/7)) -> 4 | AM37: =IF(ISBLANK($AH$8),"",ROUNDDOWN(AL37/$AH$8,1)) -> 0.1
A38: 25 | B38: 生活支援員 | C38: C（非常勤専従） | E38: 東京24郎 | F38: 8 | G38: 8 | H38: 8 | I38: 8 | J38: 8 | M38: 8 | N38: 8 | O38: 8 | P38: 8 | Q38: 8 | T38: 8 | U38: 8 | V38: 8 | W38: 8 | X38: 8 | AA38: 8 | AB38: 8 | AC38: 8 | AD38: 8 | AE38: 8 | AK38: =+SUM(F38:AJ38) -> 160 | AL38: =IF($AK$4="４週",AK38/4,AK38/(DAY(EOMONTH($F$12,0))/7)) -> 40 | AM38: =IF(ISBLANK($AH$8),"",ROUNDDOWN(AL38/$AH$8,1)) -> 1
A39: 26 | B39: 生活支援員 | C39: C（非常勤専従） | E39: 東京25郎 | F39: 4 | G39: 4 | H39: 4 | I39: 4 | J39: 4 | M39: 4 | N39: 4 | O39: 4 | P39: 4 | Q39: 4 | T39: 4 | U39: 4 | V39: 4 | W39: 4 | X39: 4 | AA39: 4 | AB39: 4 | AC39: 4 | AD39: 4 | AE39: 4 | AK39: =+SUM(F39:AJ39) -> 80 | AL39: =IF($AK$4="４週",AK39/4,AK39/(DAY(EOMONTH($F$12,0))/7)) -> 20 | AM39: =IF(ISBLANK($AH$8),"",ROUNDDOWN(AL39/$AH$8,1)) -> 0.5
A40: 27 | B40: 生活支援員 | C40: C（非常勤専従） | E40: 東京26郎 | F40: 8 | G40: 8 | H40: 8 | I40: 8 | J40: 8 | M40: 8 | N40: 8 | O40: 8 | P40: 8 | Q40: 8 | T40: 8 | U40: 8 | V40: 8 | W40: 8 | X40: 8 | AA40: 8 | AB40: 8 | AC40: 8 | AD40: 8 | AE40: 8 | AK40: =+SUM(F40:AJ40) -> 160 | AL40: =IF($AK$4="４週",AK40/4,AK40/(DAY(EOMONTH($F$12,0))/7)) -> 40 | AM40: =IF(ISBLANK($AH$8),"",ROUNDDOWN(AL40/$AH$8,1)) -> 1
A41: 28 | B41: 生活支援員 | C41: C（非常勤専従） | E41: 東京27郎 | F41: 8 | G41: 8 | H41: 8 | I41: 8 | J41: 8 | M41: 8 | N41: 8 | O41: 8 | P41: 8 | Q41: 8 | T41: 8 | U41: 8 | V41: 8 | W41: 8 | X41: 8 | AA41: 8 | AB41: 8 | AC41: 8 | AD41: 8 | AE41: 8 | AK41: =+SUM(F41:AJ41) -> 160 | AL41: =IF($AK$4="４週",AK41/4,AK41/(DAY(EOMONTH($F$12,0))/7)) -> 40 | AM41: =IF(ISBLANK($AH$8),"",ROUNDDOWN(AL41/$AH$8,1)) -> 1
A42: 29 | B42: 生活支援員 | C42: C（非常勤専従） | E42: 東京28郎 | F42: 8 | G42: 8 | H42: 8 | I42: 8 | J42: 8 | M42: 8 | N42: 8 | O42: 8 | P42: 8 | Q42: 8 | T42: 8 | U42: 8 | V42: 8 | W42: 8 | X42: 8 | AA42: 8 | AB42: 8 | AC42: 8 | AD42: 8 | AE42: 8 | AK42: =+SUM(F42:AJ42) -> 160 | AL42: =IF($AK$4="４週",AK42/4,AK42/(DAY(EOMONTH($F$12,0))/7)) -> 40 | AM42: =IF(ISBLANK($AH$8),"",ROUNDDOWN(AL42/$AH$8,1)) -> 1
A43: 30 | B43: 生活支援員 | C43: C（非常勤専従） | E43: 東京29郎 | F43: 8 | G43: 8 | H43: 8 | I43: 8 | J43: 8 | M43: 8 | N43: 8 | O43: 8 | P43: 8 | Q43: 8 | T43: 8 | U43: 8 | V43: 8 | W43: 8 | X43: 8 | AA43: 8 | AB43: 8 | AC43: 8 | AD43: 8 | AE43: 8 | AK43: =+SUM(F43:AJ43) -> 160 | AL43: =IF($AK$4="４週",AK43/4,AK43/(DAY(EOMONTH($F$12,0))/7)) -> 40 | AM43: =IF(ISBLANK($AH$8),"",ROUNDDOWN(AL43/$AH$8,1)) -> 1
A44: 31 | B44: 生活支援員 | C44: C（非常勤専従） | E44: 東京30郎 | F44: 8 | G44: 8 | H44: 8 | I44: 8 | J44: 8 | M44: 8 | N44: 8 | O44: 8 | P44: 8 | Q44: 8 | T44: 8 | U44: 8 | V44: 8 | W44: 8 | X44: 8 | AA44: 8 | AB44: 8 | AC44: 8 | AD44: 8 | AE44: 8 | AK44: =+SUM(F44:AJ44) -> 160 | AL44: =IF($AK$4="４週",AK44/4,AK44/(DAY(EOMONTH($F$12,0))/7)) -> 40 | AM44: =IF(ISBLANK($AH$8),"",ROUNDDOWN(AL44/$AH$8,1)) -> 1
A45: 32 | B45: 生活支援員 | C45: C（非常勤専従） | E45: 東京31郎 | F45: 8 | G45: 8 | H45: 8 | I45: 8 | J45: 8 | M45: 8 | N45: 8 | O45: 8 | P45: 8 | Q45: 8 | T45: 8 | U45: 8 | V45: 8 | W45: 8 | X45: 8 | AA45: 8 | AB45: 8 | AC45: 8 | AD45: 8 | AE45: 8 | AK45: =+SUM(F45:AJ45) -> 160 | AL45: =IF($AK$4="４週",AK45/4,AK45/(DAY(EOMONTH($F$12,0))/7)) -> 40 | AM45: =IF(ISBLANK($AH$8),"",ROUNDDOWN(AL45/$AH$8,1)) -> 1
A46: 33 | B46: 生活支援員 | C46: C（非常勤専従） | E46: 東京32郎 | F46: 8 | G46: 8 | H46: 8 | I46: 8 | J46: 8 | M46: 8 | N46: 8 | O46: 8 | P46: 8 | Q46: 8 | T46: 8 | U46: 8 | V46: 8 | W46: 8 | X46: 8 | AA46: 8 | AB46: 8 | AC46: 8 | AD46: 8 | AE46: 8 | AK46: =+SUM(F46:AJ46) -> 160 | AL46: =IF($AK$4="４週",AK46/4,AK46/(DAY(EOMONTH($F$12,0))/7)) -> 40 | AM46: =IF(ISBLANK($AH$8),"",ROUNDDOWN(AL46/$AH$8,1)) -> 1
A47: 34 | B47: 生活支援員 | C47: C（非常勤専従） | E47: 東京33郎 | F47: 8 | G47: 8 | H47: 8 | I47: 8 | J47: 8 | M47: 8 | N47: 8 | O47: 8 | P47: 8 | Q47: 8 | T47: 8 | U47: 8 | V47: 8 | W47: 8 | X47: 8 | AA47: 8 | AB47: 8 | AC47: 8 | AD47: 8 | AE47: 8 | AK47: =+SUM(F47:AJ47) -> 160 | AL47: =IF($AK$4="４週",AK47/4,AK47/(DAY(EOMONTH($F$12,0))/7)) -> 40 | AM47: =IF(ISBLANK($AH$8),"",ROUNDDOWN(AL47/$AH$8,1)) -> 1
A48: 35 | B48: 生活支援員 | C48: C（非常勤専従） | E48: 東京34郎 | F48: 8 | G48: 8 | H48: 8 | I48: 8 | J48: 8 | M48: 8 | N48: 8 | O48: 8 | P48: 8 | Q48: 8 | T48: 8 | U48: 8 | V48: 8 | W48: 8 | X48: 8 | AA48: 8 | AB48: 8 | AC48: 8 | AD48: 8 | AE48: 8 | AK48: =+SUM(F48:AJ48) -> 160 | AL48: =IF($AK$4="４週",AK48/4,AK48/(DAY(EOMONTH($F$12,0))/7)) -> 40 | AM48: =IF(ISBLANK($AH$8),"",ROUNDDOWN(AL48/$AH$8,1)) -> 1
A49: 36 | B49: 生活支援員 | C49: C（非常勤専従） | E49: 東京35郎 | F49: 8 | G49: 8 | H49: 8 | I49: 8 | J49: 8 | M49: 8 | N49: 8 | O49: 8 | P49: 8 | Q49: 8 | T49: 8 | U49: 8 | V49: 8 | W49: 8 | X49: 8 | AA49: 8 | AB49: 8 | AC49: 8 | AD49: 8 | AE49: 8 | AK49: =+SUM(F49:AJ49) -> 160 | AL49: =IF($AK$4="４週",AK49/4,AK49/(DAY(EOMONTH($F$12,0))/7)) -> 40 | AM49: =IF(ISBLANK($AH$8),"",ROUNDDOWN(AL49/$AH$8,1)) -> 1
... A56: 43 | B56: 職業指導員 | C56: C（非常勤専従） | E56: 東京42郎 | F56: 8 | G56: 8 | H56: 8 | I56: 8 | J56: 8 | M56: 8 | N56: 8 | O56: 8 | P56: 8 | Q56: 8 | T56: 8 | U56: 8 | V56: 8 | W56: 8 | X56: 8 | AA56: 8 | AB56: 8 | AC56: 8 | AD56: 8 | AE56: 8 | AK56: =+SUM(F56:AJ56) -> 160 | AL56: =IF($AK$4="４週",AK56/4,AK56/(DAY(EOMONTH($F$12,0))/7)) -> 40 | AM56: =IF(ISBLANK($AH$8),"",ROUNDDOWN(AL56/$AH$8,1)) -> 1
A57: 44 | B57: 職業指導員 | C57: D（非常勤兼務） | E57: 東京43郎 | H57: 4 | O57: 4 | V57: 4 | AC57: 4 | AK57: =+SUM(F57:AJ57) -> 16 | AL57: =IF($AK$4="４週",AK57/4,AK57/(DAY(EOMONTH($F$12,0))/7)) -> 4 | AM57: =IF(ISBLANK($AH$8),"",ROUNDDOWN(AL57/$AH$8,1)) -> 0.1
A58: 45 | B58: 就労支援員 | C58: A（常勤専従） | E58: 東京44郎 | F58: 8 | G58: 8 | H58: 8 | I58: 8 | J58: 8 | M58: 8 | N58: 8 | O58: 8 | P58: 8 | Q58: 8 | T58: 8 | U58: 8 | V58: 8 | W58: 8 | X58: 8 | AA58: 8 | AB58: 8 | AC58: 8 | AD58: 8 | AE58: 8 | AK58: =+SUM(F58:AJ58) -> 160 | AL58: =IF($AK$4="４週",AK58/4,AK58/(DAY(EOMONTH($F$12,0))/7)) -> 40 | AM58: =IF(ISBLANK($AH$8),"",ROUNDDOWN(AL58/$AH$8,1)) -> 1
A59: 46 | B59: 就労支援員 | C59: A（常勤専従） | E59: 東京45郎 | F59: 4 | G59: 4 | H59: 4 | I59: 4 | J59: 4 | M59: 4 | N59: 4 | O59: 4 | P59: 4 | Q59: 4 | T59: 4 | U59: 4 | V59: 4 | W59: 4 | X59: 4 | AA59: 4 | AB59: 4 | AC59: 4 | AD59: 4 | AE59: 4 | AK59: =+SUM(F59:AJ59) -> 80 | AL59: =IF($AK$4="４週",AK59/4,AK59/(DAY(EOMONTH($F$12,0))/7)) -> 20 | AM59: =IF(ISBLANK($AH$8),"",ROUNDDOWN(AL59/$AH$8,1)) -> 0.5
A60: 47 | B60: 就労支援員 | C60: A（常勤専従） | E60: 東京46郎 | F60: 8 | G60: 8 | H60: 8 | I60: 8 | J60: 8 | M60: 8 | N60: 8 | O60: 8 | P60: 8 | Q60: 8 | T60: 8 | U60: 8 | V60: 8 | W60: 8 | X60: 8 | AA60: 8 | AB60: 8 | AC60: 8 | AD60: 8 | AE60: 8 | AK60: =+SUM(F60:AJ60) -> 160 | AL60: =IF($AK$4="４週",AK60/4,AK60/(DAY(EOMONTH($F$12,0))/7)) -> 40 | AM60: =IF(ISBLANK($AH$8),"",ROUNDDOWN(AL60/$AH$8,1)) -> 1
A61: 48 | B61: 就労支援員 | C61: C（非常勤専従） | E61: 東京47郎 | F61: 8 | G61: 8 | H61: 8 | I61: 8 | J61: 8 | M61: 8 | N61: 8 | O61: 8 | P61: 8 | Q61: 8 | T61: 8 | U61: 8 | V61: 8 | W61: 8 | X61: 8 | AA61: 8 | AB61: 8 | AC61: 8 | AD61: 8 | AE61: 8 | AK61: =+SUM(F61:AJ61) -> 160 | AL61: =IF($AK$4="４週",AK61/4,AK61/(DAY(EOMONTH($F$12,0))/7)) -> 40 | AM61: =IF(ISBLANK($AH$8),"",ROUNDDOWN(AL61/$AH$8,1)) -> 1
A62: 49 | B62: 就労支援員 | C62: D（非常勤兼務） | E62: 東京48郎 | F62: 8 | G62: 8 | H62: 8 | I62: 8 | J62: 8 | M62: 8 | N62: 8 | O62: 8 | P62: 8 | Q62: 8 | T62: 8 | U62: 8 | V62: 8 | W62: 8 | X62: 8 | AA62: 8 | AB62: 8 | AC62: 8 | AD62: 8 | AE62: 8 | AK62: =+SUM(F62:AJ62) -> 160 | AL62: =IF($AK$4="４週",AK62/4,AK62/(DAY(EOMONTH($F$12,0))/7)) -> 40 | AM62: =IF(ISBLANK($AH$8),"",ROUNDDOWN(AL62/$AH$8,1)) -> 1
A63: 50 | AK63: =+SUM(F63:AJ63) -> 0 | AL63: =IF($AK$4="４週",AK63/4,AK63/(DAY(EOMONTH($F$12,0))/7)) -> 0 | AM63: =IF(ISBLANK($AH$8),"",ROUNDDOWN(AL63/$AH$8,1)) -> 0
A64: 51 | AK64: =+SUM(F64:AJ64) -> 0 | AL64: =IF($AK$4="４週",AK64/4,AK64/(DAY(EOMONTH($F$12,0))/7)) -> 0 | AM64: =IF(ISBLANK($AH$8),"",ROUNDDOWN(AL64/$AH$8,1)) -> 0
A65: 52 | AK65: =+SUM(F65:AJ65) -> 0 | AL65: =IF($AK$4="４週",AK65/4,AK65/(DAY(EOMONTH($F$12,0))/7)) -> 0 | AM65: =IF(ISBLANK($AH$8),"",ROUNDDOWN(AL65/$AH$8,1)) -> 0
A66: 53 | AK66: =+SUM(F66:AJ66) -> 0 | AL66: =IF($AK$4="４週",AK66/4,AK66/(DAY(EOMONTH($F$12,0))/7)) -> 0 | AM66: =IF(ISBLANK($AH$8),"",ROUNDDOWN(AL66/$AH$8,1)) -> 0
A67: 54 | AK67: =+SUM(F67:AJ67) -> 0 | AL67: =IF($AK$4="４週",AK67/4,AK67/(DAY(EOMONTH($F$12,0))/7)) -> 0 | AM67: =IF(ISBLANK($AH$8),"",ROUNDDOWN(AL67/$AH$8,1)) -> 0
A68: 55 | AK68: =+SUM(F68:AJ68) -> 0 | AL68: =IF($AK$4="４週",AK68/4,AK68/(DAY(EOMONTH($F$12,0))/7)) -> 0 | AM68: =IF(ISBLANK($AH$8),"",ROUNDDOWN(AL68/$AH$8,1)) -> 0
A69: 56 | AK69: =+SUM(F69:AJ69) -> 0 | AL69: =IF($AK$4="４週",AK69/4,AK69/(DAY(EOMONTH($F$12,0))/7)) -> 0 | AM69: =IF(ISBLANK($AH$8),"",ROUNDDOWN(AL69/$AH$8,1)) -> 0
A70: 57 | AK70: =+SUM(F70:AJ70) -> 0 | AL70: =IF($AK$4="４週",AK70/4,AK70/(DAY(EOMONTH($F$12,0))/7)) -> 0 | AM70: =IF(ISBLANK($AH$8),"",ROUNDDOWN(AL70/$AH$8,1)) -> 0
A71: 58 | AK71: =+SUM(F71:AJ71) -> 0 | AL71: =IF($AK$4="４週",AK71/4,AK71/(DAY(EOMONTH($F$12,0))/7)) -> 0 | AM71: =IF(ISBLANK($AH$8),"",ROUNDDOWN(AL71/$AH$8,1)) -> 0
A72: 59 | AK72: =+SUM(F72:AJ72) -> 0 | AL72: =IF($AK$4="４週",AK72/4,AK72/(DAY(EOMONTH($F$12,0))/7)) -> 0 | AM72: =IF(ISBLANK($AH$8),"",ROUNDDOWN(AL72/$AH$8,1)) -> 0
A73: 60 | AK73: =+SUM(F73:AJ73) -> 0 | AL73: =IF($AK$4="４週",AK73/4,AK73/(DAY(EOMONTH($F$12,0))/7)) -> 0 | AM73: =IF(ISBLANK($AH$8),"",ROUNDDOWN(AL73/$AH$8,1)) -> 0
A74: 61 | AK74: =+SUM(F74:AJ74) -> 0 | AL74: =IF($AK$4="４週",AK74/4,AK74/(DAY(EOMONTH($F$12,0))/7)) -> 0 | AM74: =IF(ISBLANK($AH$8),"",ROUNDDOWN(AL74/$AH$8,1)) -> 0
... A113: 100 | AK113: =+SUM(F113:AJ113) -> 0 | AL113: =IF($AK$4="４週",AK113/4,AK113/(DAY(EOMONTH($F$12,0))/7)) -> 0 | AM113: =IF(ISBLANK($AH$8),"",ROUNDDOWN(AL113/$AH$8,1)) -> 0
A114: 合計 | F114: =+SUM(F14:F33) -> 140 | G114: =+SUM(G14:G33) -> 140 | H114: =+SUM(H14:H33) -> 144 | I114: =+SUM(I14:I33) -> 140 | J114: =+SUM(J14:J33) -> 140 | K114: =+SUM(K14:K33) -> 0 | L114: =+SUM(L14:L33) -> 0 | M114: =+SUM(M14:M33) -> 140 | ... AJ114: =+SUM(AJ14:AJ33) -> 0 | AK114: =+SUM(F114:AJ114) -> 2816 | AL114: =IF($AK$4="４週",AK114/4,AK114/(DAY(EOMONTH($F$12,0))/7)) -> 704 | AM114: =SUM(AM14:AM113) -> 43.8
A115: サービス提供時間
A119: ＜実施する昼間サービス＞※実施するものに「○」を選択してください。
B120: サービス類型 | D120: 生活介護 | F120: 自立訓練（機能訓練） | L120: 自立訓練（生活訓練） | R120: 就労移行支援 | X120: 就労継続支援A型 | AD120: 就労継続支援B型
B121: 実施の有無 | D121: =IF(基本情報入力シート!L48="","",基本情報入力シート!L48) | F121: =IF(基本情報入力シート!L51="","",基本情報入力シート!L51) | L121: =IF(基本情報入力シート!L54="","",基本情報入力シート!L54) | R121: =IF(基本情報入力シート!L57="","",基本情報入力シート!L57) | X121: =IF(基本情報入力シート!L60="","",基本情報入力シート!L60) | AD121: =IF(基本情報入力シート!L63="","",基本情報入力シート!L63)
B122: 当該サービスを利用する利用者の数 | F122: =IF(基本情報入力シート!L53="","",基本情報入力シート!L53) | L122: =IF(基本情報入力シート!L56="","",基本情報入力シート!L56) | R122: =IF(基本情報入力シート!L59="","",基本情報入力シート!L59) | X122: =IF(基本情報入力シート!L62="","",基本情報入力シート!L62) | AD122: =IF(基本情報入力シート!L65="","",基本情報入力シート!L65)
A124: ＜生活介護に係る前年度の平均値＞※新規申請の場合は推定数を記載ください。
D125: 4 | E125: 5 | F125: 6 | I125: 7 | L125: 8 | O125: 9 | R125: 10 | U125: 11 | X125: 12 | AA125: 1 | AD125: 2 | AG125: 3 | AJ125: 計 | AL125: 平均利用者数 | AM125: 平均障害支援区分
A126: 利用者延べ数計 | D126: =SUM(D127:D131) -> 1840 | E126: =SUM(E127:E131) -> 1728 | F126: =SUM(F127:H131) -> 1840 | I126: =SUM(I127:K131) -> 1932 | L126: =SUM(L127:N131) -> 1932 | O126: =SUM(O127:Q131) -> 1748 | R126: =SUM(R127:T131) -> 1840 | U126: =SUM(U127:W131) -> 1840 | X126: =SUM(X127:Z131) -> 1748 | AA126: =SUM(AA127:AC131) -> 1748 | AD126: =SUM(AD127:AF131) -> 1748 | AG126: =SUM(AG127:AI131) -> 1840 | AJ126: =SUM(D126:AI126) -> 21784 | AL126: =ROUNDUP(((AJ126-AJ132-AJ133)+AJ132*0.5+AJ133*0.75)/AJ134,1) -> 84.2 | AM126: =ROUND((2*AJ127+3*AJ128+4*AJ129+5*AJ130+6*AJ131)/AJ126,1) -> 4.7
A127: 区分２の延べ利用者数 | D127: 100 | E127: 95 | F127: 100 | I127: 105 | L127: 105 | O127: 95 | R127: 100 | U127: 100 | X127: 95 | AA127: 95 | AD127: 95 | AG127: 100 | AJ127: =SUM(D127:AI127) -> 1185
A128: 区分３の延べ利用者数 | D128: 100 | E128: 95 | F128: 100 | I128: 105 | L128: 105 | O128: 95 | R128: 100 | U128: 100 | X128: 95 | AA128: 95 | AD128: 95 | AG128: 100 | AJ128: =SUM(D128:AI128) -> 1185
A129: 区分４の延べ利用者数 | D129: 140 | E129: 133 | F129: 140 | I129: 147 | L129: 147 | O129: 133 | R129: 140 | U129: 140 | X129: 133 | AA129: 133 | AD129: 133 | AG129: 140 | AJ129: =SUM(D129:AI129) -> 1659
A130: 区分５の延べ利用者数 | D130: 1400 | E130: 1310 | F130: 1400 | I130: 1470 | L130: 1470 | O130: 1330 | R130: 1400 | U130: 1400 | X130: 1330 | AA130: 1330 | AD130: 1330 | AG130: 1400 | AJ130: =SUM(D130:AI130) -> 16570
A131: 区分６の延べ利用者数 | D131: 100 | E131: 95 | F131: 100 | I131: 105 | L131: 105 | O131: 95 | R131: 100 | U131: 100 | X131: 95 | AA131: 95 | AD131: 95 | AG131: 100 | AJ131: =SUM(D131:AI131) -> 1185
B132: 所要時間５時間未満の延べ利用者数 | D132: 100 | E132: 95 | F132: 100 | I132: 105 | L132: 105 | O132: 95 | R132: 100 | U132: 100 | X132: 95 | AA132: 95 | AD132: 95 | AG132: 2000 | AJ132: =SUM(D132:AI132) -> 3085
B133: 所要時間５時間以上７時間未満の 延べ利用者数 | D133: 100 | E133: 95 | F133: 100 | I133: 105 | L133: 105 | O133: 95 | R133: 100 | U133: 100 | X133: 95 | AA133: 95 | AD133: 95 | AG133: 100 | AJ133: =SUM(D133:AI133) -> 1185
A134: 開所日数 | D134: 20 | E134: 19 | F134: 20 | I134: 21 | L134: 21 | O134: 19 | R134: 20 | U134: 20 | X134: 19 | AA134: 19 | AD134: 19 | AG134: 20 | AJ134: =+SUM(D134:AI134) -> 237
A135: (※)利用者延べ数の内数を記載してください。所要時間は、送迎や障害特性等による配慮事項を含む、個別支援計画に位置付けられた標準的な時間を指します。
A137: ＜人員に関する基準＞
A138: 区分 | C138: サービス管理責任者 | E138: 看護職員、理学療法士、作業療法士又は言語聴覚士及び生活支援員（生活介護を実施する場合） | I138: 看護職員、理学療法士、作業療法士又は言語聴覚士及び生活支援員（機能訓練を実施する場合） | O138: 生活支援員及び看護職員（生活訓練を実施する場合） | U138: 職業指導員及び生活支援員（就労移行支援を実施する場合） | AA138: 就労支援員（就労移行支援を実施する場合） | AG138: 職業指導員及び生活支援員（就労継続支援A型を実施する場合） | AL138: 職業指導員及び生活支援員（就労継続支援B型を実施する場合）
A139: 必要な配置数 | C139: =ROUNDDOWN(IF(AL126<=60,1,1+ROUNDUP((AL126-60)/40,0)),1) -> 2 | E139: =IF(D121="○",ROUNDDOWN(IF(AM126<4,AL126/6,IF(AM126<5,AL126/5,AL126/3)),1),"-") -> - | I139: =IF(F121="○",ROUNDDOWN(F122/6,1),"-") -> - | O139: =IF(L121="○",ROUNDDOWN(L122/6,1),"-") -> - | U139: =IF(R121="○",ROUNDDOWN(R122/6,1),"-") -> - | AA139: =IF(R121="○",ROUNDDOWN(R122/15,1),"-") -> - | AG139: =IF(X121="○",ROUNDDOWN(X122/10,1),"-") -> - | AL139: =IF(AD121="○",ROUNDDOWN(AD122/10,1),"-") -> -
A141: ＜人員基準に関する実人数集計＞
C142: 管理者 | E142: サービス管理責任者 | I142: 医師 | O142: 看護職員 | U142: 理学療法士 | AA142: 作業療法士 | AG142: 言語聴覚士 | AL142: 生活支援員
C143: 専従 | D143: 兼務 | E143: 専従 | F143: 兼務 | I143: 専従 | L143: 兼務 | O143: 専従 | R143: 兼務 | U143: 専従 | X143: 兼務 | AA143: 専従 | AD143: 兼務 | AG143: 専従 | AJ143: 兼務 | AL143: 専従 | AM143: 兼務
B144: 常勤 | C144: =COUNTIFS($B$14:$B$113,C$142,$C$14:$C$113,"A（常勤専従）",$E$14:$E113,"*") -> 0 | D144: =COUNTIFS($B$14:$B$113,C$142,$C$14:$C$113,"B（常勤兼務）",$E$14:$E$113,"*") -> 1 | E144: =COUNTIFS($B$14:$B$113,E$142,$C$14:$C$113,"A（常勤専従）",$E$14:$E113,"*") -> 1 | F144: =COUNTIFS($B$14:$B$113,E$142,$C$14:$C$113,"B（常勤兼務）",$E$14:$E$113,"*") -> 1 | I144: =COUNTIFS($B$14:$B$113,I$142,$C$14:$C$113,"A（常勤専従）",$E$14:$E113,"*") -> 0 | L144: =COUNTIFS($B$14:$B$113,I$142,$C$14:$C$113,"B（常勤兼務）",$E$14:$E$113,"*") -> 0 | O144: =COUNTIFS($B$14:$B$113,O$142,$C$14:$C$113,"A（常勤専従）",$E$14:$E113,"*") -> 3 | R144: =COUNTIFS($B$14:$B$113,O$142,$C$14:$C$113,"B（常勤兼務）",$E$14:$E$113,"*") -> 0 | U144: =COUNTIFS($B$14:$B$113,U$142,$C$14:$C$113,"A（常勤専従）",$E$14:$E113,"*") -> 0 | X144: =COUNTIFS($B$14:$B$113,U$142,$C$14:$C$113,"B（常勤兼務）",$E$14:$E$113,"*") -> 0 | AA144: =COUNTIFS($B$14:$B$113,AA$142,$C$14:$C$113,"A（常勤専従）",$E$14:$E113,"*") -> 0 | AD144: =COUNTIFS($B$14:$B$113,AA$142,$C$14:$C$113,"B（常勤兼務）",$E$14:$E$113,"*") -> 0 | AG144: =COUNTIFS($B$14:$B$113,AG$142,$C$14:$C$113,"A（常勤専従）",$E$14:$E113,"*") -> 0 | AJ144: =COUNTIFS($B$14:$B$113,AG$142,$C$14:$C$113,"B（常勤兼務）",$E$14:$E$113,"*") -> 0 | AL144: =COUNTIFS($B$14:$B$113,AL$142,$C$14:$C$113,"A（常勤専従）",$E$14:$E113,"*") -> 10 | AM144: =COUNTIFS($B$14:$B$113,AL$142,$C$14:$C$113,"B（常勤兼務）",$E$14:$E$113,"*") -> 2
B145: 非常勤 | C145: =COUNTIFS($B$14:$B$113,C$142,$C$14:$C$113,"C（非常勤専従）",$E$14:$E$113,"*") -> 0 | D145: =COUNTIFS($B$14:$B$113,C$142,$C$14:$C$113,"D（非常勤兼務）",$E$14:$E$113,"*") -> 0 | E145: =COUNTIFS($B$14:$B$113,E$142,$C$14:$C$113,"C（非常勤専従）",$E$14:$E$113,"*") -> 0 | F145: =COUNTIFS($B$14:$B$113,E$142,$C$14:$C$113,"D（非常勤兼務）",$E$14:$E$113,"*") -> 0 | I145: =COUNTIFS($B$14:$B$113,I$142,$C$14:$C$113,"C（非常勤専従）",$E$14:$E$113,"*") -> 1 | L145: =COUNTIFS($B$14:$B$113,I$142,$C$14:$C$113,"D（非常勤兼務）",$E$14:$E$113,"*") -> 0 | O145: =COUNTIFS($B$14:$B$113,O$142,$C$14:$C$113,"C（非常勤専従）",$E$14:$E$113,"*") -> 1 | R145: =COUNTIFS($B$14:$B$113,O$142,$C$14:$C$113,"D（非常勤兼務）",$E$14:$E$113,"*") -> 0 | U145: =COUNTIFS($B$14:$B$113,U$142,$C$14:$C$113,"C（非常勤専従）",$E$14:$E$113,"*") -> 1 | X145: =COUNTIFS($B$14:$B$113,U$142,$C$14:$C$113,"D（非常勤兼務）",$E$14:$E$113,"*") -> 0 | AA145: =COUNTIFS($B$14:$B$113,AA$142,$C$14:$C$113,"C（非常勤専従）",$E$14:$E$113,"*") -> 1 | AD145: =COUNTIFS($B$14:$B$113,AA$142,$C$14:$C$113,"D（非常勤兼務）",$E$14:$E$113,"*") -> 0 | AG145: =COUNTIFS($B$14:$B$113,AG$142,$C$14:$C$113,"C（非常勤専従）",$E$14:$E$113,"*") -> 1 | AJ145: =COUNTIFS($B$14:$B$113,AG$142,$C$14:$C$113,"D（非常勤兼務）",$E$14:$E$113,"*") -> 0 | AL145: =COUNTIFS($B$14:$B$113,AL$142,$C$14:$C$113,"C（非常勤専従）",$E$14:$E$113,"*") -> 16 | AM145: =COUNTIFS($B$14:$B$113,AL$142,$C$14:$C$113,"D（非常勤兼務）",$E$14:$E$113,"*") -> 0
B146: 常勤換算数 | C146: =IF($AK$4="４週",SUMIFS($AK$14:$AK$113,$B$14:$B$113,C142)/4/$AH$8,IF($AK$4="歴月",SUMIFS($AK$14:$AK$113,$B$14:$B$113,C142)/$AL$8,"記載する期間を選択してください")) -> 1 | E146: =IF($AK$4="４週",SUMIFS($AK$14:$AK$113,$B$14:$B$113,E142)/4/$AH$8,IF($AK$4="歴月",SUMIFS($AK$14:$AK$113,$B$14:$B$113,E142)/$AL$8,"記載する期間を選択してください")) -> 2 | I146: =IF($AK$4="４週",SUMIFS($AK$14:$AK$113,$B$14:$B$113,I142)/4/$AH$8,IF($AK$4="歴月",SUMIFS($AK$14:$AK$113,$B$14:$B$113,I142)/$AL$8,"記載する期間を選択してください")) -> 0.1 | O146: =IF($AK$4="４週",SUMIFS($AK$14:$AK$113,$B$14:$B$113,O142)/4/$AH$8,IF($AK$4="歴月",SUMIFS($AK$14:$AK$113,$B$14:$B$113,O142)/$AL$8,"記載する期間を選択してください")) -> 3.5 | U146: =IF($AK$4="４週",SUMIFS($AK$14:$AK$113,$B$14:$B$113,U142)/4/$AH$8,IF($AK$4="歴月",SUMIFS($AK$14:$AK$113,$B$14:$B$113,U142)/$AL$8,"記載する期間を選択してください")) -> 1 | AA146: =IF($AK$4="４週",SUMIFS($AK$14:$AK$113,$B$14:$B$113,AA142)/4/$AH$8,IF($AK$4="歴月",SUMIFS($AK$14:$AK$113,$B$14:$B$113,AA142)/$AL$8,"記載する期間を選択してください")) -> 1 | AG146: =IF($AK$4="４週",SUMIFS($AK$14:$AK$113,$B$14:$B$113,AG142)/4/$AH$8,IF($AK$4="歴月",SUMIFS($AK$14:$AK$113,$B$14:$B$113,AG142)/$AL$8,"記載する期間を選択してください")) -> 1 | AL146: =IF($AK$4="４週",SUMIFS($AK$14:$AK$113,$B$14:$B$113,AL142)/4/$AH$8,IF($AK$4="歴月",SUMIFS($AK$14:$AK$113,$B$14:$B$113,AL142)/$AL$8,"記載する期間を選択してください")) -> 25.6
C147: 2 | E147: 3 | I147: 4 | O147: 5 | U147: 6 | AA147: 7 | AG147: 8 | AL147: 9
C148: 職業指導員 | E148: 就労支援員 | K148: ＜人員配置体制加算＞
C149: 専従 | D149: 兼務 | E149: 専従 | F149: 兼務 | K149: 看護職員、理学療法士、作業療法士又は言語聴覚士及び生活支援員
B150: 常勤 | C150: =COUNTIFS($B$14:$B$113,C$148,$C$14:$C$113,"A（常勤専従）",$E$14:$E113,"*") -> 3 | D150: =COUNTIFS($B$14:$B$113,C$148,$C$14:$C$113,"B（常勤兼務）",$E$14:$E$113,"*") -> 0 | E150: =COUNTIFS($B$14:$B$113,E$148,$C$14:$C$113,"A（常勤専従）",$E$14:$E113,"*") -> 3 | F150: =COUNTIFS($B$14:$B$113,E$148,$C$14:$C$113,"B（常勤兼務）",$E$14:$E$113,"*") -> 0
B151: 非常勤 | C151: =COUNTIFS($B$14:$B$113,C$148,$C$14:$C$113,"C（非常勤専従）",$E$14:$E$113,"*") -> 1 | D151: =COUNTIFS($B$14:$B$113,C$148,$C$14:$C$113,"D（非常勤兼務）",$E$14:$E$113,"*") -> 1 | E151: =COUNTIFS($B$14:$B$113,E$148,$C$14:$C$113,"C（非常勤専従）",$E$14:$E$113,"*") -> 1 | F151: =COUNTIFS($B$14:$B$113,E$148,$C$14:$C$113,"D（非常勤兼務）",$E$14:$E$113,"*") -> 1 | K151: Ⅰ型 （1.5：1） | O151: Ⅱ型 （1.7：１） | S151: Ⅲ型 （2.0：１） | W151: Ⅰ型 （2.5：１）
...

Sheet 参考様式２設備概要
A1: （参考様式２）
A3: 設備の概要
A4: サービス種類 （ | B4: =IF(基本情報入力シート!L66&"("&基本情報入力シート!L67&")"="","",基本情報入力シート!L66&"("&基本情報入力シート!L67&")") -> 施設入所支援(障害者支援施設) | C4: )
A5: 事業所名 （ | B5: =IF(基本情報入力シート!L70="","",基本情報入力シート!L70) | C5: )
A6: 設備の概要 | B6: 設備基準上適合すべき項目等についての状況 | C6: 適合の可否
A7: サービス提供上配慮すべき設備の概要
A16: 非常災害設備等
A25: 室名 | B25: 備品の品目及び数量
A44: 備考１ 申請するサービス種類に関して、基準省令で定められた設備基準上適合すべき項目のうち、
A45: 「居室面積等一覧表｣に記載した項目以外の事項について記載してください。
A46: ２ 必要に応じて写真等を添付し、その旨を合わせて記載してください。
A47: ３ ｢適合の可否｣欄には、何も記載しないでください。

Sheet 参考様式３（管理者）経歴書
A1: （参考様式３）
A2: 管理者経歴書
A4: 事業所の名称 | C4: =IF(基本情報入力シート!L70="","",基本情報入力シート!L70)
A5: フリガナ | B5: =IF(基本情報入力シート!L79="","",基本情報入力シート!L79) | F5: 生年月日 | G5: =IF(基本情報入力シート!L84="","",基本情報入力シート!L84)
A6: 氏名 | B6: =IF(基本情報入力シート!L78="","",基本情報入力シート!L78)
A8: 住所 | B8: （郵便番号 | C8: =IF(基本情報入力シート!L80="","",基本情報入力シート!L80) | D8: - | E8: =IF(基本情報入力シート!T80="","",基本情報入力シート!T80) | F8: )
B9: =IF(基本情報入力シート!L81&基本情報入力シート!L82="","",基本情報入力シート!L81&基本情報入力シート!L82)
A10: 電話番号 | B10: =IF(基本情報入力シート!L83="","",基本情報入力シート!L83)
A11: 主な職歴等
A12: 年 月 ～ 年 月 | D12: 勤務先等 | G12: 職務内容
A28: 職務に関連する資格
A29: 資格の種類 | E29: 資格取得年月日
A37: 備考（研修等の受講の状況等）
A43: 備考１ 住所・電話番号は、自宅のものを記載してください。
A44: ２ 当該管理者が管理する事業所が複数の場合は、「事業所の名称」欄を適宜拡張して、その全てを
A45: 記載してください。

Sheet 参考様式３（サビ菅）経歴書 
A1: （参考様式３）
A2: サービス管理責任者経歴書
A4: 事業所の名称 | C4: =IF(基本情報入力シート!L70="","",基本情報入力シート!L70)
A5: フリガナ | B5: =IF(基本情報入力シート!L86="","",基本情報入力シート!L86) | F5: 生年月日 | G5: =IF(基本情報入力シート!L91="","",基本情報入力シート!L91)
A6: 氏名 | B6: =IF(基本情報入力シート!L85="","",基本情報入力シート!L85)
A8: 住所 | B8: (郵便番号 | C8: =IF(基本情報入力シート!L87="","",基本情報入力シート!L87) | D8: - | E8: =IF(基本情報入力シート!T87="","",基本情報入力シート!T87) | F8: )
B9: =IF(基本情報入力シート!L88&基本情報入力シート!L89="","",基本情報入力シート!L88&基本情報入力シート!L89)
A10: 電話番号 | B10: =IF(基本情報入力シート!L90="","",基本情報入力シート!L90)
A11: 主な職歴等
A12: 年 月 ～ 年 月 | D12: 勤務先等 | G12: 職務内容
A28: 職務に関連する資格
A29: 資格の種類 | E29: 資格取得年月日
A37: 備考（研修等の受講の状況等）
A43: 備考１ 住所・電話番号は、自宅のものを記載してください。
A44: ２ 当該管理者が管理する事業所が複数の場合は、「事業所の名称」欄を適宜拡張して、その全てを
A45: 記載してください。

Sheet 標準様式３誓約書
A1: (標準様式３)
A2: 誓 約 書
H4: 年 | J4: 月 | L4: 日
A5: 東京都 | C5: 知事 殿
A7: 申請者 | D7: （名称） | E7: =IF(基本情報入力シート!L21="","",基本情報入力シート!L21)
D9: （代表者の職名・氏名） | F9: =IF(基本情報入力シート!L37&" "&基本情報入力シート!L39="","",基本情報入力シート!L37&" "&基本情報入力シート!L39)
A13: 申請者が別紙のいずれにも該当しない者であることを誓約します。
C15: 別紙①： 障害福祉サービス事業者向け
B16: ○ | C16: 別紙②： 障害者支援施設向け
C17: 別紙③： 一般相談支援事業者向け
C18: 別紙④： 特定相談支援事業者向け
C19: 別紙⑤： 障害児通所支援事業者向け
C20: 別紙⑥： 障害児入所施設向け
C21: 別紙⑦： 障害児相談支援事業者向け
B22: 注 該当する種別に○を付けてください。

Sheet 標準様式３別紙②
B1: （別紙②：障害者支援施設向け）
C2: 障害者の日常生活及び社会生活を総合的に支援するための法律第３８条第３項において準用する 同法第３６条第３項
B4: 一 | C4: 申請者が都道府県の条例で定める者でないとき。
B5: 二 | C5: 当該申請に係る障害者支援施設の従業者の知識及び技能並びに人員が、第四十四条第一項の都道府県の条例で定める基準を満たしていないとき。
B6: 三 | C6: 申請者が、第四十四条第二項の都道府県の条例で定める指定障害者支援施設等の設備及び運営に関する基準に従って適正な障害者支援施設の運営をすることができないと認められるとき。
B7: 四 | C7: 申請者が、禁錮以上の刑に処せられ、その執行を終わり、又は執行を受けることがなくなるまでの者であるとき。
B8: 五 | C8: 申請者が、この法律その他国民の保健医療若しくは福祉に関する法律で政令で定めるものの規定により罰金の刑に処せられ、その執行を終わり、又は執行を受けることがなくなるまでの者であるとき。
B9: 五の二 | C9: 申請者が、労働に関する法律の規定であって政令で定めるものにより罰金の刑に処せられ、その執行を終わり、又は執行を受けることがなくなるまでの者であるとき。
B10: 六 | C10: 申請者が、第五十条第一項（同条第三項において準用する場合を含む。以下この項において同じ。）、第五十一条の二十九第一項若しくは第二項又は第七十六条の三第六項の規定により指定を取り消され、その取消しの日から起算して五年を経過しない者（当該指定を取り消された者が法人である場合においては、当該取消しの処分に係る行政手続法（平成五年法律第八十八号）第十五条の規定による通知があった日前六十日以内に当該法人の役員又はその障害者支援施設を管理する者その他の政令で定める使用人（以下「役員等」という。）であった者で当該取消しの日から起算して五年を経過しないものを含み、当該指定を取り消された者が法人でない場合においては、当該通知があった日前六十日以内に当該者の管理者であった者で当該取消しの日から起算して五年を経過しないものを含む。）であるとき。ただし、当該指定の取消しが、指定障害者支援施設の指定の取消しのうち当該指定の取消しの処分の理由となった事実及び当該事実の発生を防止するための当該指定障害者支援施設の設置者による業務管理体制の整備についての取組の状況その他の当該事実に関して当該指定障害者支援施設の設置者が有していた責任の程度を考慮して、この号本文に規定する指定の取消しに該当しないこととすることが相当であると認められるものとして主務省令で定めるものに該当する場合を除く。
B11: 八 | C11: 申請者が、第五十条第一項、第五十一条の二十九第一項若しくは第二項又は第七十六条の三第六項の規定による指定の取消しの処分に係る行政手続法第十五条の規定による通知があった日から当該処分をする日又は処分をしないことを決定する日までの間に第四十七条の規定による指定の辞退又は第五十一条の二十五第二項若しくは第四項の規定による事業の廃止の届出をした者（当該指定の辞退又は事業の廃止について相当の理由がある者を除く。）で、当該辞退又は届出の日から起算して五年を経過しないものであるとき。
B12: 九 | C12: 申請者が、第四十八条第一項（同条第三項において準用する場合を含む。）又は第五十一条の二十七第一項若しくは第二項の規定による検査が行われた日から聴聞決定予定日（当該検査の結果に基づき第五十条第一項又は第五十一条の二十九第一項若しくは第二項の規定による指定の取消しの処分に係る聴聞を行うか否かの決定をすることが見込まれる日として主務省令で定めるところにより都道府県知事が当該申請者に当該検査が行われた日から十日以内に特定の日を通知した場合における当該特定の日をいう。）までの間に第四十七条の規定による指定の辞退又は第五十一条の二十五第二項若しくは第四項の規定による事業の廃止の届出をした者（当該指定の辞退又は事業の廃止について相当の理由がある者を除く。）で、当該辞退又は届出の日から起算して五年を経過しないものであるとき。
B13: 十 | C13: 第八号に規定する期間内に第四十七条の規定による指定の辞退又は第五十一条の二十五第二項若しくは第四項の規定による事業の廃止の届出があった場合において、申請者が、同号の通知の日前六十日以内に当該辞退若しくは届出に係る法人（当該指定の辞退又は事業の廃止について相当の理由がある法人を除く。）の役員等又は当該辞退若しくは届出に係る法人でない者（当該指定の辞退又は事業の廃止について相当の理由がある者を除く。）の管理者であった者で、当該辞退又は届出の日から起算して五年を経過しないものであるとき。
B14: 十一 | C14: 申請者が、指定の申請前五年以内に障害福祉サービスに関し不正又は著しく不当な行為をした者であるとき。
B15: 十二 | C15: 申請者が、法人で、その役員等のうちに第四号から第六号まで又は第八号から前号までのいずれかに該当する者のあるものであるとき。
B16: 十三 | C16: 申請者が、法人でない者で、その管理者が第四号から第六号まで又は第八号から第十一号までのいずれかに該当する者であるとき。

Sheet 標準様式１主たる対象
A1: (標準様式１)
A3: 指定障害福祉サービス等の主たる対象者を特定する理由等
B5: 事業所名 | C5: =IF(基本情報入力シート!L70="","",基本情報入力シート!L70)
B6: 指定障害福祉サービス等の種類 | C6: =IF(基本情報入力シート!L66&"("&基本情報入力シート!L67&")"="","",基本情報入力シート!L66&"("&基本情報入力シート!L67&")") -> 施設入所支援(障害者支援施設)
A9: １ 申請に係る指定障害福祉サービス等の主たる対象者 ※該当するものに☑する。
A10: 身体障害者（ 肢体不自由・ 視覚・ 聴覚言語・ 内部障害） 知的障害者・ 精神障害者・ 難病等対象者
A11: ２ 主たる対象者を１のとおり特定する理由
A13: ３ 今後における主たる対象者の拡充の予定
A14: (１)拡充予定の有無 | C14: ( 有り ・ 無し )
A15: (２)拡充予定の内容及び予定時期
A17: (３)拡充のための方策

Sheet 標準様式２苦情解決
A1: (標準様式２)
A3: 利用者(入所者)又はその家族からの苦情を解決するために講ずる措置の概要
A5: 事業所名 | B5: =IF(基本情報入力シート!L70="","",基本情報入力シート!L70)
A6: 指定障害福祉サービス等の種類 | B6: =IF(基本情報入力シート!L66&"("&基本情報入力シート!L67&")"="","",基本情報入力シート!L66&"("&基本情報入力シート!L67&")") -> 施設入所支援(障害者支援施設)
A8: 措 置 の 概 要
A9: １ 利用者(入所者)又はその家族からの相談又は苦情等に対応する常設の窓口(連絡先)、担当者
A11: ２ 円滑かつ迅速に苦情を解決するための処理体制・手順
A13: ※具体的な対応方針
A15: ３ その他参考事項

Sheet 利用日数届出書
A2: 利用日数に係る特例の適用を受ける通所施設に係る（変更）届出書
N4: 年 | P4: 月 | R4: 日
B7: 東京都知事 殿
I9: =IF(基本情報入力シート!L17="","",基本情報入力シート!L17)
F10: 住所 | I10: =IF(基本情報入力シート!L19="","",基本情報入力シート!L19)
E11: 届出者 | F11: （所在地） | I11: =IF(基本情報入力シート!L21="","",基本情報入力シート!L21)
F12: 氏名 | I12: =IF(基本情報入力シート!L37&" "&基本情報入力シート!L39="","",基本情報入力シート!L37&" "&基本情報入力シート!L39)
F13: （名称及び代表者氏名）
B16: 下記の理由により、利用日数に係る特例の適用を受ける必要がありますので、次のとおり届け出ます。
A18: 施 設 名 (種別） | C18: 名 称 | E18: =IF(基本情報入力シート!L70="","",基本情報入力シート!L70)
C19: 所 在 地 | E19: =IF(基本情報入力シート!L72&基本情報入力シート!L73="","",基本情報入力シート!L72&基本情報入力シート!L73)
A20: 連 絡 先 | C20: 電話番号 | E20: =IF(基本情報入力シート!L74="","",基本情報入力シート!L74) | I20: 担当者名
C21: ＦＡＸ番号 | E21: =IF(基本情報入力シート!L75="","",基本情報入力シート!L75)
A22: 対象期間 | C22: 特例の適用を受ける必要性
A23: 月 ～ 月
A24: 月 ～ 月
A25: 月 ～ 月
A26: 月 ～ 月
A27: （注１）対象期間とは、「原則の日数」を超える支援が必要となる月を含む３か月以上1年以内の期間をいう。
A28: （注２）年間スケジュール表など年間を通じた事業計画がわかる資料を添付すること。

Sheet 利用日数管理票
A1: 利用日数に係る特例の適用を受ける場合の利用日数管理票
A2: （ 年 月サービス分）
A4: 事 業 所 番 号
A5: 施 設 名 | B5: =IF(基本情報入力シート!L70="","",基本情報入力シート!L70)
A7: 施設受給者証番号
A8: 支給決定障害者氏名
A10: 対 象 期 間
D11: 月 | E11: ～ | H11: 月
A13: 原則の日数の総和
A16: 対象期間内における各月の利用日数
B17: 月 | D17: 月 | F17: 月 | H17: 月 | J17: 月 | L17: 月 | N17: 月 | P17: 月 | R17: 月 | T17: 月 | V17: 月 | X17: 月
A20: 対象期間内における当該月までの利用日数の合計
A24: 注１ 対象期間には、当該施設が特定する３か月以上1年以内の期間を記載すること。
A26: 注２ 原則の日数の総和には、対象期間における原則の日数の総和を記載すること。

Sheet 耐震化調査票
AI1: 別 紙
A2: 社会福祉施設等における耐震化に関する調査票
A4: ※ １施設で複数の棟がある場合は、大変恐縮ですが調査票をコピーして、棟ごとに調査票を作成してください。
A6: ※ 回答できない事情がある場合は、欄外にその旨を記入してください。
A8: 所属団体(法人)名 | B8: 名 称 | E8: =IF(基本情報入力シート!L21="","",基本情報入力シート!L21) | T8: 施設名 | U8: 名 称 | X8: =IF(基本情報入力シート!L70="","",基本情報入力シート!L70) | AF8: 指定番号 | AH8: =IF(基本情報入力シート!L68="","",基本情報入力シート!L68)
B9: 所在地 | E9: =IF(基本情報入力シート!L17&基本情報入力シート!L19="","",基本情報入力シート!L17&基本情報入力シート!L19) | U9: 所在地 | X9: =IF(基本情報入力シート!L72&基本情報入力シート!L73="","",基本情報入力シート!L72&基本情報入力シート!L73)
B10: 担当者 | U10: 担当者
B11: 電 話 | U11: 電 話
A13: ① | B13: 施設種別・棟の名称 (複数棟所有で棟名がない場合は、便宜上「Ａ棟などの呼称で区分してください。） | J13: 施設種別 （別表から選択してください） | AA13: 棟の名称 (記入例：管理棟）
J14: ―
A15: ② | B15: 併設施設について （同一建物（棟）内に他の社会福祉施設が併設されている場合や、複数のサービスを提供している場合は御記入ください。） | J15: 施設種別 （別表から選択してください） | AA15: 施設名称
J16: ―
J17: ―
J18: ―
J19: ―
J20: ※書ききれない場合は、裏面欄外に御記入ください。
A21: ③ | B21: 施設について （Ａ～Ｇについて御回答ください） | J21: Ａ | K21: 施設設置者の公私区分 （公立には、公設民営を含む） | AA21: 公立 ・ 私立
J22: Ｂ | K22: 建物の構造 | AA22: 1. 木造
AA23: 2. 鉄筋ｺﾝｸﾘｰﾄ構造（RC）
AA24: 3. 鉄骨構造（Ｓ）
AA25: 4. 鉄骨鉄筋ｺﾝｸﾘｰﾄ構造（SRC）
AA26: 5. その他 （ ）
J27: Ｃ | K27: 建物が竣工（完成）した年 | AA27: 昭和 年 月
K28: ※昭和５６年６月１日以降に建築確認を行なった建物は、現在の耐震基準に適合しています。 | AA28: 昭和５７年１月１日以降
AH29: → 終了
J30: Ｄ | K30: 建物の自己所有・賃貸の別 （無償貸与物件は賃貸） | AA30: 自己所有 ・ 賃貸
J31: Ｅ | K31: 建物の階数 | AA31: 階建
L32: （ビル一室等使用の場合は、当該建物総階数）
J33: Ｆ | K33: 建物の延べ床面積 （ビル一室等使用の場合は、上段に施設面積、下段に建物総面積） | AA33: ㎡
J35: Ｇ | K35: 増改築の有無 | AA35: 有（ 年 月） ・ 無
A36: ④ | B36: 耐震診断の実施状況 について （Ａ・Ｂのいずれか1箇所に○をつけてください） | J36: Ａ | K36: 耐震診断実施済み | AA36: 実施日： 年 月
K37: ※Ｉｗ値（木造）・Ｉｓ値（非木造）は、階ごと等複数算出されている場合、全ての値を記載してください。 | AA37: Ｉｗ値・Ｉｓ値：
AH38: → ⑤へ
J39: Ｂ | K39: 耐震診断未実施 | Q39: → ⑥へ
AH40: ⇒裏面へ
A41: ⑤ | B41: 耐震診断の結果と耐震化の実施状況について （Ａ・Ｂのいずれか1箇所に○をつけてください） | J41: Ａ | K41: 耐震診断の結果、耐震化は不要
K42: （全ての階において、木造:Ｉｗ値１．1以上、非木造：Ｉｓ値０．7以上） | AH42: → 終了
J43: Ｂ | K43: 耐震診断の結果、耐震化が必要（いずれかの階で、Iw値が1.1未満又はIs値0.7未満）
K44: 耐震化の実施状況 ： １～４の中から、あてはまる項目に○をしてください。
L45: 1．改修済み
L46: 2．改修中
L47: 3．平成２５年度の間に耐震改修終了予定
L48: 4 ．その他 | P48: ： | Q48: ア～クの中から、最もあてはまる状況に一つ○してください。
Q49: ア. 地方自治体において、耐震工事経費確保困難
Q50: イ. 法人において、耐震工事経費確保困難
Q51: ウ. 改築のための土地確保が困難
Q52: エ. 関係者間の調整が困難
Q53: オ. 平成２６年度以降、改修予定
R54: （実施時期 年 月）
Q55: カ. 施設が休止中若しくは現在、使用されていない
Q56: キ. 既に耐震工事済み
Q57: ク. その他
R58: 具体的に ：
AA61: → 終了
A62: ⑥ | B62: 今後の耐震化予定 について | K62: 今後の耐震化予定 ： １～５の中から、最もあてはまるものに○してください。
L63: 1．改修中
L64: 2．平成２５年度の間に耐震改修終了予定
L65: 3．診断予定 （実施時期： 年 月）
L66: 4．廃止予定 （廃止時期： 年 月）
L67: 5．上記以外 | P67: ： | Q67: ア～クの中から、最もあてはまる理由を一つ○してください。
Q68: ア. 地方自治体において、耐震工事経費確保困難
Q69: イ. 法人において、耐震工事経費確保困難
Q70: ウ. 改築のための土地確保が困難
Q71: エ. 関係者間の調整が困難
Q72: オ. 平成２６年度以降、改修予定
S73: （実施時期 年 月）
Q74: カ. 施設が休止中若しくは現在、使用されていない
Q75: キ. 既に耐震工事済み
Q76: ク. その他
R77: 具体的に ：
AA80: → 終了
B87: （別表）
A88: 施設種別一覧
B90: （２－１）障害福祉サービス事業所（療養介護を実施する事業所）
B91: （２－２）障害福祉サービス事業所（生活介護を実施する事業所）
B92: （２－３）障害福祉サービス事業所（短期入所を実施する事業所）
B93: （２－４）障害福祉サービス事業所（自立訓練(機能訓練)を実施する事業所）
B94: （２－５）障害福祉サービス事業所（自立訓練(生活訓練)を実施する事業所）
B95: （２－６）障害福祉サービス事業所（宿泊型自立訓練を実施する事業所）
B96: （２－７）障害福祉サービス事業所（就労移行支援を実施する事業所）
B97: （２－８）障害福祉サービス事業所（就労継続支援(Ａ型)を実施する事業所）
B98: （２－９）障害福祉サービス事業所（就労継続支援(Ｂ型)を実施する事業所）
B99: （２－１０）障害者支援施設（生活介護又は自立訓練を行うものに限る）
B100: （２－１１）障害者支援施設（（２－１０）以外）
B101: （２－１２）（旧児童デイサービスを実施していた事業所のうち）児童発達支援
... B117: （２－２８）盲人ホーム

Sheet 事業開始届
B2: 東京都知事 殿 | O2: 年 月 日
M3: =IF(基本情報入力シート!L17&基本情報入力シート!L19="","",基本情報入力シート!L17&基本情報入力シート!L19)
G4: 届出者 氏名
I5: （法人の場合は名称） | M5: =IF(基本情報入力シート!L37&" "&基本情報入力シート!L39="","",基本情報入力シート!L37&" "&基本情報入力シート!L39)
F7: =IF(基本情報入力シート!L70="","",基本情報入力シート!L70) | N7: 事業開始届
C9: このたび、標記の事業を開始しますので、下記により届け出ます。
K11: 記
C13: 事業 | E13: 種類 | J13: =IF(基本情報入力シート!L66="","",基本情報入力シート!L66) -> 施設入所支援
E15: 内容
C17: 経営者 | E17: 氏名（法人の場合は名称） | J17: =IF(基本情報入力シート!L21="","",基本情報入力シート!L21)
E19: 住所 | J19: =IF(基本情報入力シート!L17&基本情報入力シート!L19="","",基本情報入力シート!L17&基本情報入力シート!L19)
E21: （法人の場合は主たる事務所の所在地）
C22: 条例、定款その他の基本約款 | J22: 別紙のとおり
C23: 職員の職種 | G23: 職務内容 | P23: 職員の定数
S24: 人
S26: 人
S28: 人
N30: 合計 | P30: =SUM(P24:R29) -> 0 | S30: 人
C32: 主な職員の氏名及び経歴 | J32: 別紙のとおり
C33: 事業を行おうとする区域 | J33: =IF(基本情報入力シート!L77="","",基本情報入力シート!L77)
C34: （区市町村の委託事業については区市町村名も含む）
C35: 事業の用に共する施設（短期入所を行おうとする場合） | E35: 名称
E37: 種類
E39: 所在地
E41: 定員
O42: 人
C43: 事業開始予定年月日 | J43: =IF(基本情報入力シート!L13="","",基本情報入力シート!L13)
C44: 収支予算書及び事業計画書 | J44: 別紙のとおり
C45: 事業所平面図及び部屋別面積表 | J45: 別紙のとおり
C47: この紙面は、事業開始の届出を行おうとする方に「参考例」として示すものであり、届出の様式を定めるものではありません。

Sheet 参考様式４実務証明
A1: （参考様式４）
A2: 実 務 経 験 証 明 書
J4: 番 号
J5: 年 月 日
E7: 施設又は事業所所在地及び名称
E9: 代表者氏名 | J9: 印
E10: 電話番号
A12: 下記の者の実務経験は、以下のとおりであることを証明します。
A14: 氏 名 | G14: （生年月日 年 月 日）
A15: 現 住 所
A16: 施設又は事業所名
D17: 施設・事業所の種別（ ）
A18: 業 務 期 間
D19: 年 月 日～ 年 月 日（ 年 月間）
A20: 業 務 内 容 | D20: 職名（ ）
A26: （注） | B26: １． | C26: 施設又は事業所名欄には、知的障害者更生施設等の種別も記入すること。
B27: ２． | C27: 業務期間欄は、受験申込者が要援護者に対する直接的な援助を行っていた期間を記入すること。（産休・育休・療養休暇や長期研修期間等は業務期間となりません）
C29: 現在、既に必要とする実務経験期間を満たしている場合は、実務経験証明書作成日までの期間または、退職した日までの期間を記入してください。
B31: ３． | C31: 業務内容欄は、看護師、生活指導員等の職名を記入し、受験申込者の本来業務について、老人デイサービス事業における○○業務、○○実施要綱の○○事業の○○業務等具体的に記入すること。
C34: また、療養病床の病棟等において介護業務を行った場合は明記し、当該病棟が療養病床として許可等を受けた年月日を記入すること。
B36: ４． | C36: 証明内容を訂正した場合は、証明権者の職印を押印してください。なお、修正液による訂正は認められません。

Sheet 差替確約
A1: （参考様式）
A6: 事業開始届に添付する書類差替確約書
A11: ○○○法人△△△会が設置する障害福祉サービス事業（×××）「☆☆☆園」の事業開始
A14: 届に添付する書類については、下記の理由により準備中であるため、整い次第、差し替える
A17: ことを確約します。
A20: 記
A23: １ 書類差替一覧
B24: 書類名 | D24: 不備の理由 | K24: 差替予定日
H40: 年 | J40: 月 | L40: 日
F43: 住所
F46: 氏名
M47: 印
A52: 東京都知事 殿

Sheet 別紙６-１視覚聴覚Ⅰ
B1: （別紙６－１）
AA2: 年 月 日
B4: 視覚・聴覚言語障害者支援体制加算（Ⅰ）に関する届出書
B6: 事業所の名称 | L6: =IF(基本情報入力シート!L70="","",基本情報入力シート!L70)
B7: サービスの種類 | L7: =IF(基本情報入力シート!L66="","",基本情報入力シート!L66) -> 施設入所支援 | Z7: 多機能型の実施※1 | AG7: 無
B8: 異動区分※2 | L8: １ 新規 ２ 変更 ３ 終了
B10: １ 利用者の状況
B11: 当該事業所の前年度の平均実利用者数 (A) | S11: =IF(基本情報入力シート!L47="","",基本情報入力シート!L47) | AC11: 人
C12: うち５０％ (B)＝ (A)×0.5 | S12: =ROUNDUP(S11*50%,1) -> #VALUE! | AC12: 人
B13: 加算要件に該当する利用者の数 (C)＝(E)／(D) | S13: =ROUNDUP(AE25/L25,1) -> #DIV/0! | AC13: 人 | AE13: (C)＞＝(B)
B14: 該当利用者の氏名 | L14: 手帳の種類 | Y14: 手帳の等級 | AE14: 前年度利用日数
B15: 1
B16: 2
B17: 3
B18: 4
B19: 5
B20: 6
B21: 7
B22: 8
B23: 9
B24: 10
B25: 前年度の開所日数 (D) | Q25: 日 | S25: 合 計 (E) | AE25: =SUM(AE15:AJ24) -> 0
B27: ２ 加配される従業者の状況
B28: 利用者数 (A) ÷ 40 ＝ (F) | S28: =ROUNDUP(S11/40,1) -> #VALUE! | AC28: 人
B29: 加配される従業者の数 (G) | AC29: 人 | AE29: (G)＞＝ (F)
B30: 加配される従業者の氏名 | S30: 資格・研修名等
B31: 1
B32: 2
B33: 3
B35: 添付書類 | H35: 身体障害者手帳の写し、従業者の勤務体制一覧表、組織体制図
B37: 注１ 本表は、次に該当する利用者を記載してください。 ① 身体障害者福祉法（昭和24年法律第283号）の第15条第４項の規定により交付を受けた身体障害者手帳 の障害程度が１級又は２級に該当し、日常生活におけるコミュニケーションや移動等に支障がある視覚障 害を有する者 ② 身体障害者手帳の障害の程度が２級に該当し、日常生活におけるコミュニケーションに支障がある聴覚 障害を有する者 ③ 身体障害者手帳の障害の程度が３級に該当し、日常生活におけるコミュニケーションに支障がある言語 機能障害を有する者 ④ 重度の視覚障害、聴覚障害、言語機能障害又は知的障害のうち２以上の障害を有する利用者については 、ダブルカウントするため、当該利用者の利用日数を２倍にして算定すること。この場合の「知的障害」 は「重度」の知的障害である必要はない。
B42: 注２ 「障害者の日常生活及び社会生活を総合的に支援するための法律に基づく指定障害福祉サービス等及び 基準該当障害福祉サービスに要する費用の額の算定に関する基準（平成18年９月29日厚生労働省告示第 523号）第５の４に規定する加配される「視覚障害者等との意思疎通に関し専門性を有する者として専ら 視覚障害者等の生活支援に従事する者」とは、次のいずれかに該当する者であること。 ① 視覚障害 点字の指導、点訳、歩行支援等を行うことができる者 ② 聴覚障害又は言語機能障害者 手話通訳等を行うことができる者
B47: ※１：多機能型事業所等については、当該多機能型事業所全体で、加算要件の利用者数や配置割合の計算を行 うこと。
B48: ※２：「異動区分」欄において「３ 終了」の場合は、１利用者の状況、２加配される従業者の状況の記載は 不要とする。

Sheet 別紙６-２視覚聴覚Ⅱ
B1: （別紙６－２）
AA2: 年 月 日
B4: 視覚・聴覚言語障害者支援体制加算（Ⅱ）に関する届出書
B6: 事業所の名称 | L6: =IF(基本情報入力シート!L70="","",基本情報入力シート!L70)
B7: サービスの種類 | L7: =IF(基本情報入力シート!L66="","",基本情報入力シート!L66) -> 施設入所支援 | Z7: 多機能型の実施※1 | AG7: 無
B8: 異動区分※2 | L8: １ 新規 ２ 変更 ３ 終了
B10: １ 利用者の状況
B11: 当該事業所の前年度の平均実利用者数 (A) | S11: =IF(基本情報入力シート!L47="","",基本情報入力シート!L47) | AC11: 人
C12: うち３０％ (B)＝ (A)×0.3 | S12: =ROUNDUP(S11*30%,1) -> #VALUE! | AC12: 人
B13: 加算要件に該当する利用者の数 (C)＝(E)／(D) | S13: =ROUNDUP(AE25/L25,1) -> #DIV/0! | AC13: 人 | AE13: (C)＞＝(B)
B14: 該当利用者の氏名 | L14: 手帳の種類 | Y14: 手帳の等級 | AE14: 前年度利用日数
B15: 1
B16: 2
B17: 3
B18: 4
B19: 5
B20: 6
B21: 7
B22: 8
B23: 9
B24: 10
B25: 前年度の開所日数 (D) | Q25: 日 | S25: 合 計 (E) | AE25: =SUM(AE15:AJ24) -> 0
B27: ２ 加配される従業者の状況
B28: 利用者数 (A) ÷ 50 ＝ (F) | S28: =ROUNDUP(S11/50,1) -> #VALUE! | AC28: 人
B29: 加配される従業者の数 (G) | AC29: 人 | AE29: (G)＞＝(F)
B30: 加配される従業者の氏名 | S30: 資格・研修名等
B31: 1
B32: 2
B33: 3
B35: 添付書類 | H35: 身体障害者手帳の写し、従業者の勤務体制一覧表、組織体制図
B37: 注１ 本表は、次に該当する利用者を記載してください。 ① 身体障害者福祉法（昭和24年法律第283号）の第15条第４項の規定により交付を受けた身体障害者手帳 の障害程度が１級又は２級に該当し、日常生活におけるコミュニケーションや移動等に支障がある視覚障 害を有する者 ② 身体障害者手帳の障害の程度が２級に該当し、日常生活におけるコミュニケーションに支障がある聴覚 障害を有する者 ③ 身体障害者手帳の障害の程度が３級に該当し、日常生活におけるコミュニケーションに支障がある言語 機能障害を有する者 ④ 重度の視覚障害、聴覚障害、言語機能障害又は知的障害のうち２以上の障害を有する利用者については 、ダブルカウントするため、当該利用者の利用日数を２倍にして算定すること。この場合の「知的障害」 は「重度」の知的障害である必要はない。
B42: 注２ 「障害者の日常生活及び社会生活を総合的に支援するための法律に基づく指定障害福祉サービス等及び 基準該当障害福祉サービスに要する費用の額の算定に関する基準（平成18年９月29日厚生労働省告示第 523号）第５の４に規定する加配される「視覚障害者等との意思疎通に関し専門性を有する者として専ら 視覚障害者等の生活支援に従事する者」とは、次のいずれかに該当する者であること。 ① 視覚障害 点字の指導、点訳、歩行支援等を行うことができる者 ② 聴覚障害又は言語機能障害者 手話通訳等を行うことができる者
B47: ※１：多機能型事業所等については、当該多機能型事業所全体で、加算要件の利用者数や配置割合の計算を行 うこと。
B48: ※２：「異動区分」欄において「３ 終了」の場合は、１利用者の状況、２加配される従業者の状況の記載は 不要とする。

Sheet 別紙７高次脳
B1: （別紙７）
AD2: 年 月 日
B4: 高次脳機能障害者支援体制加算に関する届出書
B6: 事業所の名称 | L6: =IF(基本情報入力シート!L70="","",基本情報入力シート!L70)
B7: サービスの種類 | L7: =IF(基本情報入力シート!L66="","",基本情報入力シート!L66) -> 施設入所支援 | AA7: 多機能型の実施 ※1 | AI7: 無
B8: 異 動 区 分 ※2 | L8: １ 新規 ２ 変更 ３ 終了
B10: １ 利用者の状況
B11: 当該事業所の前年度の平均実利用者数 (A) | S11: =IF(基本情報入力シート!L47="","",基本情報入力シート!L47) | AE11: 人
C12: うち３０％ (B)＝ (A)×0.3 | S12: =ROUNDUP(S11*30%,1) -> #VALUE! | AE12: 人
B13: 加算要件に該当する利用者の数 (C)＝(E)／(D) | S13: =ROUNDUP(AG14/AG15,1) -> #DIV/0! | AE13: 人 | AG13: (C)＞＝(B)
B14: 加算要件に該当する利用者の前年度利用日の合計 (E)
B15: 前年度の当該サービスの開所日数 の合計 (D)
B17: ２ 加配される従業者の配置状況
B18: 利用者数 (A) ÷ 50 ＝ (F) | S18: =ROUNDUP(S11/50,1) -> #VALUE! | AE18: 人
B19: 加配される従業者の数 (G) | AE19: 人 | AG19: (G)＞＝(F)
B21: ３ 加配される従業者の要件
B22: 加配される従業者の氏名 | S22: 加配される従業者の研修の受講状況
S23: 高次脳機能障害支援養成研修 （実践研修） 又は 上記に準ずるものとして、同研修における研修内容と同等のものとして都道府県知事が認める研修 | AF23: 受講 年度 | AI23: 研修の 実施主体
B24: 1 | AH24: 年
B25: 2 | AH25: 年
B26: 3 | AH26: 年
B27: 4 | AH27: 年
B28: 直上により配置した者のいずれかにより、当該指定共同生活援助事業所又は指定外部サービス利用型共同生活援助事業所の従業者に対し、障害者に対する配慮等に関する研修を年１回以上行っている。 | AI28: 確認
B31: 添付書類 | H31: 従業者の勤務体制一覧表、研修を修了したことを証明する書類等
B33: （※１） 多機能型事業所等については、当該多機能型事業所全体で、加算要件の利用者数や配置割合の計算を 行うこと。 （※２） 「異動区分」欄において「３ 終了」の場合は、１利用者の状況、２加配される従業者の状況の記載 は不要とする。

Sheet 別紙８-１重度
B1: （別紙８－１）
F2: 年 月 日
A4: 重度障害者支援加算に関する届出書（生活介護・施設入所支援）
B6: １ 事業所・施設の名称 | C6: =IF(基本情報入力シート!L70="","",基本情報入力シート!L70)
B7: ２ サービスの種類 | C7: =IF(基本情報入力シート!L66&"("&基本情報入力シート!L67&")"="","",基本情報入力シート!L66&"("&基本情報入力シート!L67&")") -> 施設入所支援(障害者支援施設)
B8: ３ 異動区分 | C8: １ 新規 ２ 変更 ３ 終了
B9: ４ 配置状況 | C9: １ 強度行動障害支援者養成研修（実践研修）修了者 配置 ２ 強度行動障害支援者養成研修（中核的人材養成研修）修了者 配置
B10: ５ 強度行動障害支援者 養成研修（基礎研修） 修了者配置人数
D11: 生活支援員の数（全体）（a) | E11: 研修修了者の人数(b) | F11: (b)/(a)
F12: =E12/D12 -> #DIV/0!
C13: ※ 生活支援員のうち20％以上が、強度行動障害支援者養成研修（基礎研修）修了者であ ること。
B16: 注１ 「異動区分」欄については、該当する番号に○を付してください。
B17: 注２ 基礎研修・実践研修・中核的人材養成研修共に、研修修了者については修了証の写しを添付すること。
B18: 注３ 「強度行動障害支援者養成研修（基礎研修）修了者配置人数」については、実人数を記載すること。
B19: 注４ 強度行動障害支援者養成研修（基礎研修）については、重度訪問介護従事者養成研修行動障害支援課程、 強度行動障害支援者養成研修（実践研修）については、行動援護従事者養成研修でも可。

Sheet 別紙16栄養マネ
B1: （別紙16）
F2: 年 月 日
A4: 栄養士配置加算・栄養マネジメント加算に関する届出書
B6: １ 事業所・施設の名称 | C6: =IF(基本情報入力シート!L70="","",基本情報入力シート!L70)
B7: ２ サービスの種類 | C7: =IF(基本情報入力シート!L66&"("&基本情報入力シート!L67&")"="","",基本情報入力シート!L66&"("&基本情報入力シート!L67&")") -> 施設入所支援(障害者支援施設)
B8: ３ 異動区分 | C8: １ 新規 ２ 変更 ３ 終了
B9: ４ 栄養士配置の状況
E10: 常勤 | F10: 非常勤
D11: 管理栄養士 | E11: 人 | F11: 人
D12: 栄養士 | E12: 人 | F12: 人
B14: ５ 栄養マネジメントの状況
D15: 常勤の管理栄養士 | E15: 人
D17: 栄養マネジメントに関わる者
D18: 職種 | E18: 氏名
D19: 医師
D20: 管理栄養士
D21: 看護師
B27: 注 「栄養マネジメントに関わる者」欄には、共同で栄養ケア計画を作成している者の職種及び氏名を記入して ください。

Sheet 別紙17夜勤職員
B1: （別紙17）
D2: 年 月 日
B4: 夜勤職員配置体制加算に関する届出書
B6: １ 事業所・施設の名称 | C6: =IF(基本情報入力シート!L70="","",基本情報入力シート!L70)
B7: ２ 異動区分 | C7: １ 新規 ２ 変更 ３ 終了
B8: ３ 申請する定員区分 | C8: 1 | D8: 定員21人以上40人以下
C9: 2 | D9: 定員41人以上60人以下
C10: 3 | D10: 定員61人以上
B11: ４ 夜勤職員配置の状況 | C11: 人
B12: ５ 見守り機器の配置数 | C12: 台
B14: 注１ 「申請する定員区分」には、該当する番号（１～３）に○を付してください。
B15: 注２ 「夜勤職員配置の状況」には、施設入所支援を提供する時間に配置している職 員の数を記載してください。

Sheet 別紙19夜間看護
B1: （別紙19）
E2: 年 月 日
A4: 夜間看護体制加算に関する届出書
B6: １ 事業所・施設の名称 | C6: =IF(基本情報入力シート!L70="","",基本情報入力シート!L70)
B7: ２ 異動区分 | C7: １ 新規 ２ 変更 ３ 終了
B8: ３ 看護職員の配置状況
D9: 看護職員の総数 | E9: うち夜勤体制
D10: 人 | E10: 人体制
B13: 注 「看護職員配置の状況」の「看護職員の総数」欄には、常勤換算方法により算定した当該施設におけ る看護職員総数（実数）を記載し、「うち夜勤体制」欄には、延べ人数ではなく施設入所支援を提供す る時間における看護体制を記載してください。

Sheet 別紙20地域移行
A1: （別紙20）
E2: 年 月 日
A4: 地域移行支援体制加算に関する届出書
A6: １ 施設の名称 | B6: =IF(基本情報入力シート!L70="","",基本情報入力シート!L70)
A7: ２ 異動区分 | B7: １ 新規 ２ 変更 ３ 終了
A8: ３ 算定要件 | B8: 項目
B9: 障害者支援施設を退所し、退所から６月以上、指定共同生活援助事業所等へ入居している者又は賃貸等により地域で生活している者（介護老人福祉施設等の介護保険施設へ入居するために退所した者及び病院への長期入院のために退所した者を除く。）の人数 | F9: 人
B10: 定員の見直し | E10: 人 | F10: 人

Sheet 別紙21通院支援
B1: （別紙21）
H2: 年 月 日
B4: 通院支援加算に関する届出書
B6: １ 施設の名称 | D6: =IF(基本情報入力シート!L70="","",基本情報入力シート!L70)
B7: ２ 異動区分 | D7: １ 新規 ２ 変更 ３ 終了
B8: ３ 入所定員 | D8: =IF(基本情報入力シート!L46="","",基本情報入力シート!L46)
B10: 算定要件 | D10: 通院支援を行える人員体制を （ 有している ・ 有していない ）

Sheet 別紙22感染対策
B1: （別紙22）
AB2: 年 | AE2: 月 | AH2: 日
B4: 障害者支援施設等感染対策向上加算に関する届出書
B6: 1 事 業 所 名 | G6: =IF(基本情報入力シート!L70="","",基本情報入力シート!L70)
B7: 2 異 動 区 分 | G7: １ 新規 ２ 変更 ３ 終了
B8: 3 サービスの種類 | G8: ■ | H8: １ 障害者支援施設 | V8: ２ 共同生活援助事業所
H9: ３ （福祉型）障害児入所施設
B10: 4 届 出 項 目 | H10: １ 障害者支援施設等感染対策向上加算（Ⅰ）
H11: ２ 障害者支援施設等感染対策向上加算（Ⅱ）
B13: 5 障害者支援施設等感染対策向上加算（Ⅰ）に係る届出
C14: 連携している第二種協定指定医療機関
C15: 医療機関名 | AA15: 医療機関コード
C18: 院内感染対策の研修または訓練を行った医療機関または地域の医師会
C19: 医療機関名（※１） | AA19: 医療機関コード
C21: 医療機関が届け出ている診療報酬 | N21: １ 感染対策向上加算１ | X21: ２ 感染対策向上加算２
N22: ３ 感染対策向上加算３ | X22: ４ 外来感染対策向上加算
C24: 地域の医師会の名称（※１）
C27: 院内感染対策に関する研修又は訓練に参加した日時 （※２） | R27: 年 | Z27: 月 | AG27: 日
B31: 6 障害者支援施設等感染対策向上加算（Ⅱ）に係る届出
C32: 施設内で感染者が発生した場合の対応に係る実地指導を行った医療機関の名称
C33: 医療機関名 | AA33: 医療機関コード
C36: 医療機関が届け出ている診療報酬 | N36: １ 感染対策向上加算１ | X36: ２ 感染対策向上加算２
N37: ３ 感染対策向上加算３
C39: 実地指導を受けた日時 | R39: 年 | Z39: 月 | AG39: 日
B42: 注１ | D42: 要件を満たすことが分かる根拠書類を準備し、指定権者からの求めがあった場合には、速やかに提出すること。
B43: 注２ | D43: 障害者支援施設等感染対策向上加算（Ⅱ）で実地指導を行う医療機関等は、診療報酬の感染対策向上加算に係る届出を行っている必要がある。
B44: 注３ | D44: 障害者支援施設等感染対策向上加算（Ⅰ）及び（Ⅱ）は併算定が可能である。
B45: 注４ | D45: 「院内感染対策の研修または訓練を行った医療機関または地域の医師会」については、医療機関名又は地域の医師会の名称のいずれかを記載して
D46: ください。医療機関名を記載する場合には、当該医療機関が届け出ている診療報酬の種類を併せて記載してください。
B47: （※１） | D47: 研修若しくは訓練を行った医療機関又は地域の医師会のいずれかを記載してください。
B48: （※２） | D48: 医療機関等に研修又は訓練の実施予定日を確認し、障害者支援施設等の職員の参加の可否を確認した上で年度内までに当該研修又は訓練に参加
D49: できる目処がある場合、その予定日を記載してください。

Sheet 別紙47地活拠点
B2: （別紙47） | T2: 年 月 日
A4: 地域生活支援拠点等に関連する加算の届出
B6: 地域生活支援拠点等に関連する加算の要件を満たす事業所として、以下のとおり届け出ます。
B8: １ 届出区分 | G8: １ 新規 ２ 変更 ３ 終了
B9: ２ 事業所の名称 | G9: =IF(基本情報入力シート!L70="","",基本情報入力シート!L70)
B10: ３ 地域生活支援拠点等 としての位置付け | G10: 市町村により地域生活支援拠点等として 位置付けられたことを証明する運営規程の有無 | U10: 有 ・ 無
G12: 市町村により地域生活支援拠点等として位置付けられた日付 | X12: 年 | Z12: 月 | AB12: 日
B13: ４ 市町村及び地域生活 支援拠点等との連携及 び調整に従事する者の 氏名 | G13: ※該当者が複数名いる場合は、各々の氏名を記載すること。
B14: ５ 当該届出により算定する加算 | D14: ≪緊急時対応加算 地域生活支援拠点等の場合≫ | Q14: 対象：訪問系サービス※、 重度障害者等包括支援（訪問系サービスのみ対象）
D15: ≪緊急時支援加算 地域生活支援拠点等の場合≫ | Q15: 対象：自立生活援助、地域定着支援、 重度障害者等包括支援（自立生活援助のみ対象）
D16: ≪地域生活支援拠点等として短期入所を行った場合の加算≫ | Q16: 対象：短期入所、重度障害者等包括支援
D17: ≪緊急時受入加算≫ | Q17: 対象：日中系サービス※
D18: ≪障害福祉サービスの体験支援加算≫ | Q18: 対象：日中系サービス※
D19: ≪障害福祉サービスの体験利用加算・体験宿泊加算≫ | Q19: 対象：地域移行支援
D20: ≪地域移行促進加算（Ⅰ）・（Ⅱ）≫ | Q20: 対象：施設入所支援
D21: ≪地域生活支援拠点等相談強化加算≫ | Q21: 対象：計画相談支援、障害児相談支援
B23: 添付書類：運営規定 運営規程は、当該事業所等が地域生活支援拠点等の機能を担う事業所であることが規定されているもの(規定の変更の手続中であるものを含む。) に限る。なお、事業所の運営規程が変更の手続中のものである場合は、当該変更の手続の完了後、速やかに変更後の運営規程を提出すること。 注１ 地域生活支援拠点等機能強化加算については別に定める様式にて届出を行うこと。 注２ 訪問系サービスとは、居宅介護、重度訪問介護、同行援護、行動援護をいう。 注３ 日中系サービスとは、生活介護、自立訓練（機能訓練）、自立訓練（生活訓練）、就労移行支援（養成含む）、就労 継続支援Ａ型、就労継続支援Ｂ型をいう。

Sheet 別紙50口腔衛生
A1: （別紙50） | E1: 年 月 日
A3: 口腔衛生管理体制加算に係る届出書
A5: 施設の名称 | B5: =IF(基本情報入力シート!L70="","",基本情報入力シート!L70)
A6: 異動区分 | B6: １ 新規 ２ 変更 ３ 終了
A8: 管理体制状況 | B8: 歯科医師又は歯科医師の指示を受けた歯科衛生士（※）の技術的助言及び指導に基づき、入所者の口腔ケア・マネジメントに係る計画が作成されている。 | F8: 有・ 無
A10: ※ 施設と雇用関係にある歯科衛生士（常勤、非常勤を問わない）又は協力歯科医療機関等に属する歯科衛生士のいずれも可。

Sheet 付表３－２
A1: 付表３－２ 一体的に実施する従たる事業所の指定に係る記載事項
L2: ※多機能型事業実施時は、各事業の付表と付表１３を併せて提出してください。
N4: 受付番号
B6: フリガナ
A7: 施 | B7: 名 称
B8: 所在地 | D8: （郵便番号 － ）
A9: 設 | F9: 県 | I9: 郡・市
B11: 連 絡 先 | D11: 電話番号 | K11: ＦＡＸ番号
A12: 実施主体が地方公共団体である場合は、当該事業の実施について定めてある条例等 | J12: 第 条第 項第 号
A13: サービス | C13: フリガナ | J13: 住 所 | L13: （郵便番号 － ）
A14: 管理責任者 | C14: 氏 名
A15: 従業者の職種・員数 | F15: 医 師 | I15: サービス管理責任者 | L15: 看護職員 | O15: 理学療法士 | R15: 作業療法士
F16: 専従 | G16: ※兼務 | I16: 専従 | J16: ※兼務 | L16: 専従 | M16: ※兼務 | O16: 専従 | P16: ※兼務 | R16: 専従 | S16: ※兼務
B17: 従業者数 | D17: 常勤（人）
D18: 非常勤（人）
B19: 常勤換算後の人数（人）
B20: 基準上の必要人数（人）
F21: 機能訓練指導員 | I21: 生活支援員 | L21: 精神保健福祉士 | O21: その他の従業者
F22: 専従 | G22: ※兼務 | I22: 専従 | J22: ※兼務 | L22: 専従 | M22: ※兼務 | O22: 専従 | P22: ※兼務
B23: 従業者数 | D23: 常勤（人）
D24: 非常勤（人）
B25: 常勤換算後の人数（人）
B26: 基準上の必要人数（人）
B27: 前年度の平均 実利用者数（人） | F27: 施設が申告する障害程度区分の平均値
F28: サービス単位 | I28: ４未満 | M28: ４以上５未満 | Q28: ５以上
F29: サービス単位１
F30: サービス単位２
F31: サービス単位３
A32: 主な掲示事項
B33: 営業日 | F33: 単位ごとの営業日
B34: 営業時間 | F34: 単位ごとのサービス提供時間（送迎時間を除く）（① ： ～ ： ② ： ～ ： ）
B35: 主たる対象者 | F35: 特定無し | H35: 身体障害者
H36: 細分無し | J36: 肢体不自由 | L36: 視覚障害 | N36: 聴覚・言語 | P36: 内部障害
F38: 知的障害者 | H38: 精神障害者 | J38: 難病等対象者
B41: 利用定員 | F41: 人（単位ごとの定員）（① ② ）
B42: 基準上の必要定員
B43: 多機能型実施の有無 | F43: 有 ・ 無
B44: 利用料
B46: その他の費用
B47: その他参考となる事項 | F47: 第三者評価の実施状況 | J47: している ・ していない
F48: 苦情解決の措置概要 | J48: 窓口（連絡先） | N48: 担当者
F49: その他
A50: 協力医療機関 | F50: 名 称 | L50: 主な診療科名
A51: 一体的に管理運営する 他の事業所
A52: 添付書類 | F52: 別添のとおり（登記簿謄本又は条例等、事業所平面図、経歴書、運営規程、利用者からの苦情を解決するために講ずる措置の概要、勤務体制・形態一覧表、設備・備品等一覧表、協力医療機関との契約内容がわかるもの）、事業計画書
A53: （備考）
A54: １．「受付番号」「基準上の必要人数」「基準上の必要値」「基準上の必要定員」欄には、記載しないでください。
A55: ２．記入欄が不足する場合は、適宜欄を設けて記載するか又は別葉に記載した書類を添付してください。
A56: ３．「看護職員」とは保健師、看護師、准看護師のことを言います。
A57: ４．新設の場合には、「前年度の平均利用者数」欄は推定数を記入してください。
A58: ５．「主な掲示事項」欄には、その内容を簡潔に記載してください。
A59: ６．「※兼務」欄は、施設入所支援事業以外との兼務を行う職員について記載してください。
A60: ７．「その他の費用」欄には、入所者に直接金銭の負担を求める場合のサービス内容について記載してください。
